Workbook

Sheet Cover
B4: Company: | C4: Maxis
B5: Ticker (BBG): | C5: ISAT
B7: Rating | C7: Buy
B8: Target price | C8: MYR 5.1
B10: Lead analyst | C10: Chris Hoare
B11: email | C11: chris@newstreetresearch.com
B12: Phone | C12: +44 207375 9130
B14: Analyst | C14: David Lopes
B15: email | C15: david@newstreetresearch.com
B16: Phone | C16: +44 207375 9147
B18: Associate | C18: Jake Ng
B19: email | C19: jake@newstreetresearch.com
B20: Phone | C20: +65 6016 5451

Sheet Colour code
B2: Font colour code
B4: Blue font | C4: Company reported/Hardcoded
B5: Blue font | C5: Assumption
B6: Black | C6: Formula
B7: Green | C7: Link from another tab
B8: Dark Red | C8: Data providers
B9: Red | C9: Numbers no longer reported/restated
B11: Tabs colour code
C13: Summary tabs
C14: Tabs linked to other spreadsheets
C15: Input tabs
C16: Divisional tabs
C17: Working tabs
C18: TBC

Sheet DCF
B1: Valuation
B2: RM m | M2: Forecast
C3: 2016 | D3: =C3+1 -> 2017 | E3: =D3+1 -> 2018 | F3: =E3+1 -> 2019 | G3: =F3+1 -> 2020 | H3: =G3+1 -> 2021 | I3: =H3+1 -> 2022 | J3: =I3+1 -> 2023 | K3: =J3+1 -> 2024 | ... S3: =R3+1 -> 2032
B5: EBIT | C5: ='Income Statement'!AU471 -> 3109 | D5: ='Income Statement'!AZ471 -> 2775 | E5: ='Income Statement'!BE471 -> 2685 | F5: ='Income Statement'!BJ471 -> 2512 | G5: ='Income Statement'!BO471 -> 2284 | H5: ='Income Statement'!BT471 -> 2082 | I5: ='Income Statement'!BY471 -> 2209 | J5: ='Income Statement'!CD471 -> 1890 | K5: ='Income Statement'!CI471 -> 2324 | L5: ='Income Statement'!CN471 -> 2521 | M5: ='Income Statement'!CQ471 -> 2808.9733 | N5: ='Income Statement'!CR471 -> 2936.5606 | O5: ='Income Statement'!CS471 -> 3056.385 | P5: ='Income Statement'!CT471 -> 3189.1619 | Q5: ='Income Statement'!CU471 -> 3336.7783 | R5: ='Income Statement'!CV471 -> 3476.2521 | S5: ='Income Statement'!CW471 -> 3647.3441
B6: Tax Rate | C6: 0.25 | D6: =C6 -> 0.25 | E6: =D6 -> 0.25 | F6: =E6 -> 0.25 | G6: =F6 -> 0.25 | H6: =G6 -> 0.25 | I6: =H6 -> 0.25 | J6: =I6 -> 0.25 | K6: =J6 -> 0.25 | ... S6: =R6 -> 0.25
B7: Adjusted tax | C7: =-C6*C5 -> -777.25 | D7: =-D6*D5 -> -693.75 | E7: =-E6*E5 -> -671.25 | F7: =-F6*F5 -> -628 | G7: =-G6*G5 -> -571 | H7: =-H6*H5 -> -520.5 | I7: =-I6*I5 -> -552.25 | J7: =-J6*J5 -> -472.5 | ... S7: =-S6*S5 -> -911.83602
A10: x | B10: DCF | C10: =C3 -> 2016 | D10: =D3 -> 2017 | E10: =E3 -> 2018 | F10: =F3 -> 2019 | G10: =G3 -> 2020 | H10: =H3 -> 2021 | I10: =I3 -> 2022 | J10: =J3 -> 2023 | ... S10: =S3 -> 2032
B11: EBITDA | C11: ='Income Statement'!AU453 -> 4502 | D11: ='Income Statement'!AZ453 -> 4195 | E11: ='Income Statement'!BE453 -> 3843 | F11: ='Income Statement'!BJ453 -> 3926 | G11: ='Income Statement'!BO453 -> 3814 | H11: ='Income Statement'!BT453 -> 3876 | I11: ='Income Statement'!BY453 -> 3929 | J11: ='Income Statement'!CD453 -> 3960 | K11: ='Income Statement'!CI453 -> 4122 | L11: ='Income Statement'!CN453 -> 4329 | M11: ='Income Statement'!CQ453 -> 4521.5933 | N11: ='Income Statement'!CR453 -> 4652.7746 | O11: ='Income Statement'!CS453 -> 4782.7278 | P11: ='Income Statement'!CT453 -> 4920.6127 | Q11: ='Income Statement'!CU453 -> 5055.0552 | R11: ='Income Statement'!CV453 -> 5192.1233 | S11: ='Income Statement'!CW453 -> 5332.0711
B12: (-) Adjusted tax | C12: =C7 -> -777.25 | D12: =D7 -> -693.75 | E12: =E7 -> -671.25 | F12: =F7 -> -628 | G12: =G7 -> -571 | H12: =H7 -> -520.5 | I12: =I7 -> -552.25 | J12: =J7 -> -472.5 | ... S12: =S7 -> -911.83602
B13: (-) Capex | C13: =-'Income Statement'!AU508 -> -1189 | D13: =-'Income Statement'!AZ508 -> -1028 | E13: =-'Income Statement'!BE508 -> -1038 | F13: =-'Income Statement'!BJ508 -> -1213 | G13: =-'Income Statement'!BO508 -> -1245 | H13: =-'Income Statement'!BT508 -> -1187 | I13: =-'Income Statement'!BY508 -> -1114 | J13: =-'Income Statement'!CD508 -> -813 | K13: =-'Income Statement'!CI508 -> -674 | L13: =-'Income Statement'!CN508 -> -986 | M13: =-'Income Statement'!CQ508 -> -1094.5589 | N13: =-'Income Statement'!CR508 -> -1009.5345 | O13: =-'Income Statement'!CS508 -> -1034.2471 | P13: =-'Income Statement'!CT508 -> -1060.3356 | Q13: =-'Income Statement'!CU508 -> -1085.6165 | R13: =-'Income Statement'!CV508 -> -1111.2607 | S13: =-'Income Statement'!CW508 -> -1516.4251
B14: (-) Changes in Working capital | C14: ='Balance Sheet and Cflow'!K169 -> -220 | D14: ='Balance Sheet and Cflow'!L169 -> -333 | E14: ='Balance Sheet and Cflow'!M169 -> 357 | F14: ='Balance Sheet and Cflow'!N169 -> 13 | G14: ='Balance Sheet and Cflow'!O169 -> -14 | H14: ='Balance Sheet and Cflow'!P169 -> 332 | I14: ='Balance Sheet and Cflow'!Q169 -> -561 | J14: ='Balance Sheet and Cflow'!R169 -> 1 | ... S14: ='Balance Sheet and Cflow'!AA169 -> -62.189827
B15: Free cash flow | C15: =SUM(C11:C14) -> 2315.75 | D15: =SUM(D11:D14) -> 2140.25 | E15: =SUM(E11:E14) -> 2490.75 | F15: =SUM(F11:F14) -> 2098 | G15: =SUM(G11:G14) -> 1984 | H15: =SUM(H11:H14) -> 2500.5 | I15: =SUM(I11:I14) -> 1701.75 | J15: =SUM(J11:J14) -> 2675.5 | ... S15: =SUM(S11:S14) -> 2841.6201
B16: Growth | D16: =D15/C15-1 -> -0.075785383 | E16: =E15/D15-1 -> 0.16376592 | F16: =F15/E15-1 -> -0.15768343 | G16: =G15/F15-1 -> -0.054337464 | H16: =H15/G15-1 -> 0.26033266 | I16: =I15/H15-1 -> -0.31943611 | J16: =J15/I15-1 -> 0.57220508 | K16: =K15/J15-1 -> 0.10147636 | ... S16: =S15/R15-1 -> -0.09789894
B18: Year | C18: 0 | D18: 0 | E18: 0 | F18: 0 | G18: 0 | H18: 0 | I18: 0 | J18: 0 | K18: 0 | L18: 0 | M18: 0 | N18: =M18+1 -> 1 | O18: =N18+1 -> 2 | P18: =O18+1 -> 3 | Q18: =P18+1 -> 4 | R18: =Q18+1 -> 5 | S18: =R18+1 -> 6
B19: Discount factor | C19: 0 | D19: 0 | E19: 0 | F19: 0 | G19: 0 | H19: 0 | I19: 0 | J19: 0 | K19: 0 | L19: 0 | M19: 0 | N19: =(1/(1+$C$53)^N18) -> 0.93385941 | O19: =(1/(1+$C$53)^O18) -> 0.87209339 | P19: =(1/(1+$C$53)^P18) -> 0.81441262 | Q19: =(1/(1+$C$53)^Q18) -> 0.76054689 | R19: =(1/(1+$C$53)^R18) -> 0.71024386 | S19: =(1/(1+$C$53)^S18) -> 0.66326791
B20: PV cash flows | C20: =C15*C19 -> 0 | D20: =D15*D19 -> 0 | E20: =E15*E19 -> 0 | F20: =F15*F19 -> 0 | G20: =G15*G19 -> 0 | H20: =H15*H19 -> 0 | I20: =I15*I19 -> 0 | J20: =J15*J19 -> 0 | ... S20: =S15*S19 -> 1884.7555
A23: x | B23: Valuation | D23: NSR target
B24: NPV | C24: =SUM(N20:S20) -> 14118.647
B25: Terminal value | C25: =(S15*(1+C54)/(C53-C54))*S19 -> 37824.9
B26: Future licence payments | C26: -200
B27: EV (MYR m) | C27: =C25+C24+C26 -> 51743.547 | D27: =D30-D29 -> 46571.898 | E27: MYR/USD
B28: EV (US$ m) | C28: =C27/E28 -> 12935.887 | E28: 4
B29: (-) Net debt | C29: =-'Balance Sheet and Cflow'!U135 -> -7994.3729 | D29: =C29 -> -7994.3729
B30: Market cap (MYR m) | C30: =C27+C29 -> 43749.174 | D30: =D32*D31 -> 38577.525
B31: / Shares outstanding | C31: ='Balance Sheet and Cflow'!T214 -> 7833 | D31: =C31 -> 7833
C32: =C30/C31 -> 5.5852387 | D32: =D34-D33 -> 4.925
B33: Add dividend | C33: ='Income Statement'!CN501 -> 0.175 | D33: =C33 -> 0.175
B34: Target price | C34: =C32+C33 -> 5.7602387 | D34: 5.1 | E34: 4.2
B35: Current price | C35: 3.68 | D35: {=_xll.FDS("6012-MY","FG_PRICE(0)")} -> 3.68
B36: Upside/downside | C36: =D34/C35-1 -> 0.38586957
B38: Current market cap
B39: Ticker | C39: 6012-MY
B40: Current price | C40: 3.68 | D40: {=_xll.FDS(C39,"FG_PRICE(0)")} -> 3.68
B41: Shares outstanding, m | C41: 7841.9 | D41: {=_xll.FDS(C39,"FF_COM_SHS_OUT(CURR,0)")} -> 7841.9
B42: Market Cap, MYR bn | C42: =C40*C41/1000 -> 28.858192 | D42: =C42/D43 -> 7.0609719
B43: MYR/USD | D43: {=_xll.FDS("","P_EXCH_RATE(USD,MYR,0)")} -> 4.087
B45: WACC
B46: Rf | C46: 0.039
B47: Tax rate | C47: 0.25
B48: Equity premium | C48: 0.04
B49: Debt Premium | C49: 0.03
B50: Cost of Equity | C50: =C46+C48 -> 0.079
B51: Cost of Debt | C51: =(C46+C49)*(1-C47) -> 0.05175
B52: Debt/Capital | C52: 0.3
B53: WACC | C53: =(C52*C51)+((1-C52)*C50) -> 0.070825
B54: Terminal growth | C54: 0.02
B58: Multiples | C58: 2016 | D58: =C58+1 -> 2017 | E58: =D58+1 -> 2018 | F58: =E58+1 -> 2019 | G58: =F58+1 -> 2020 | H58: =G58+1 -> 2021 | I58: =H58+1 -> 2022 | J58: =I58+1 -> 2023 | K58: =J58+1 -> 2024 | ... S58: =R58+1 -> 2032
B59: Share Capital | C59: 7750 | D59: ='Balance Sheet and Cflow'!L214 -> 7800 | E59: ='Balance Sheet and Cflow'!M214 -> 7810 | F59: ='Balance Sheet and Cflow'!N214 -> 7820 | G59: ='Balance Sheet and Cflow'!O214 -> 7825 | H59: ='Balance Sheet and Cflow'!P214 -> 7825 | I59: ='Balance Sheet and Cflow'!Q214 -> 7828 | J59: ='Balance Sheet and Cflow'!R214 -> 7832 | K59: ='Balance Sheet and Cflow'!S214 -> 7832 | ... S59: ='Balance Sheet and Cflow'!AA214 -> 7835
B60: Share Price | C60: =C35 -> 3.68 | D60: =C60 -> 3.68 | E60: =D60 -> 3.68 | F60: =E60 -> 3.68 | G60: =F60 -> 3.68 | H60: =G60 -> 3.68 | I60: =H60 -> 3.68 | J60: =I60 -> 3.68 | K60: =J60 -> 3.68 | ... S60: =R60 -> 3.68
B61: Market capitalisation | C61: =C59*C60 -> 28520 | D61: =D59*D60 -> 28704 | E61: =E59*E60 -> 28740.8 | F61: =F59*F60 -> 28777.6 | G61: =G59*G60 -> 28796 | H61: =H59*H60 -> 28796 | I61: =I59*I60 -> 28807.04 | J61: =J59*J60 -> 28821.76 | ... S61: =S59*S60 -> 28832.8
B62: Cumulative Divs | D62: 0 | E62: 0 | F62: 0 | G62: 0 | H62: 0 | I62: 0 | J62: 0 | K62: 0 | L62: 0 | M62: =L62+'Balance Sheet and Cflow'!U61 -> -1614.9853 | N62: =M62+'Balance Sheet and Cflow'!V61 -> -3347.0997 | O62: =N62+'Balance Sheet and Cflow'!W61 -> -5183.7119 | P62: =O62+'Balance Sheet and Cflow'!X61 -> -7133.6223 | Q62: =P62+'Balance Sheet and Cflow'!Y61 -> -9206.8187 | R62: =Q62+'Balance Sheet and Cflow'!Z61 -> -11396.845 | S62: =R62+'Balance Sheet and Cflow'!AA61 -> -13724.912
B63: Net debt | C63: ='Balance Sheet and Cflow'!K66 -> 9182.1881 | D63: ='Balance Sheet and Cflow'!L66 -> 7044.1881 | E63: ='Balance Sheet and Cflow'!M66 -> 7079.9491 | F63: ='Balance Sheet and Cflow'!N66 -> 8365.1881 | G63: ='Balance Sheet and Cflow'!O66 -> 9028.1881 | H63: ='Balance Sheet and Cflow'!P66 -> 8899.1881 | I63: ='Balance Sheet and Cflow'!Q66 -> 9237.1881 | J63: ='Balance Sheet and Cflow'!R66 -> 9203.1881 | ... S63: ='Balance Sheet and Cflow'!AA66 -> 4805.1775
B64: EV | C64: =C61+C62+C63 -> 37702.188 | D64: =D61+D62+D63 -> 35748.188 | E64: =E61+E62+E63 -> 35820.749 | F64: =F61+F62+F63 -> 37142.788 | G64: =G61+G62+G63 -> 37824.188 | H64: =H61+H62+H63 -> 37695.188 | I64: =I61+I62+I63 -> 38044.228 | J64: =J61+J62+J63 -> 38024.948 | ... S64: =S61+S62+S63 -> 19913.065
B66: Implied based on current price
B67: Implied EV/EBITDA | C67: =C64/C11 -> 8.374542 | D67: =D64/D11 -> 8.5216181 | E67: =E64/E11 -> 9.321038 | F67: =F64/F11 -> 9.4607204 | G67: =G64/G11 -> 9.9171967 | H67: =H64/H11 -> 9.7252807 | I67: =I64/I11 -> 9.682929 | J67: =J64/J11 -> 9.6022596 | ... S67: =S64/S11 -> 3.7345837
B68: Implied FCF Yield | C68: =C15/C64 -> 0.061422164 | D68: =D15/D64 -> 0.059870167 | E68: =E15/E64 -> 0.069533722 | F68: =F15/F64 -> 0.05648472 | G68: =G15/G64 -> 0.052453208 | H68: =H15/H64 -> 0.066334727 | I68: =I15/I64 -> 0.044730833 | J68: =J15/J64 -> 0.0703617 | ... S68: =S15/S64 -> 0.14270129
B69: Implied P/E | C69: =$C35/'Income Statement'!AU498 -> 14.003044 | D69: =$C35/'Income Statement'!AZ498 -> 13.971858 | E69: =$C35/'Income Statement'!BE498 -> 15.637394 | F69: =$C35/'Income Statement'!BJ498 -> 19.275017 | G69: =$C35/'Income Statement'!BO498 -> 20.883599 | H69: =$C35/'Income Statement'!BT498 -> 22.001223 | I69: =$C35/'Income Statement'!BY498 -> 25.007073 | J69: =$C35/'Income Statement'!CD498 -> 29.009677 | K69: =$C35/'Income Statement'!CI498 -> 20.622197 | L69: =$C35/'Income Statement'!CN498 -> 18.443958 | M69: =$C35/'Income Statement'!CQ498 -> 16.06796 | N69: =$C35/'Income Statement'!CR498 -> 14.981412 | O69: =$C35/'Income Statement'!CS498 -> 14.129015 | P69: =$C35/'Income Statement'!CT498 -> 13.308057 | Q69: =$C35/'Income Statement'!CU498 -> 12.516673 | R69: =$C35/'Income Statement'!CV498 -> 11.848955 | S69: =$C35/'Income Statement'!CW498 -> 11.146379

Sheet Valuation
BH1: 4.34
B2: Share price | C2: =DCF!$C$35 -> 3.68
D4: 2008 | E4: =D4+1 -> 2009 | F4: =E4+1 -> 2010 | G4: =F4+1 -> 2011 | H4: =G4+1 -> 2012 | I4: =H4+1 -> 2013 | J4: =I4+1 -> 2014 | K4: =J4+1 -> 2015 | L4: =K4+1 -> 2016 | ... AB4: =AA4+1 -> 2032 | BH4: New Opco 2014 EV/EBITDA | BI4: 3.98 | BJ4: 3.78 | BK4: 3.58 | BL4: 3.4 | BM4: 3.2 | BN4: 2.99 | BO4: 2.8 | BP4: 2.6 | BQ4: 2.4
B5: Share price | D5: =$C$2 -> 3.68 | E5: =$C$2 -> 3.68 | F5: =$C$2 -> 3.68 | G5: =$C$2 -> 3.68 | H5: =$C$2 -> 3.68 | I5: =$C$2 -> 3.68 | J5: =$C$2 -> 3.68 | K5: =$C$2 -> 3.68 | ... AB5: =$C$2 -> 3.68 | BH5: Premium/(discount) to MTS | BI5: =BI4/$BH$1-1 -> -0.082949309 | BJ5: =BJ4/$BH$1-1 -> -0.12903226 | BK5: =BK4/$BH$1-1 -> -0.17511521 | BL5: =BL4/$BH$1-1 -> -0.21658986 | BM5: =BM4/$BH$1-1 -> -0.26267281 | BN5: =BN4/$BH$1-1 -> -0.31105991 | BO5: =BO4/$BH$1-1 -> -0.35483871 | BP5: =BP4/$BH$1-1 -> -0.40092166 | BQ5: =BQ4/$BH$1-1 -> -0.44700461
B6: Number of shares | D6: ='Income Statement'!G504 -> 0 | E6: ='Income Statement'!L504 -> 7500 | F6: ='Income Statement'!Q504 -> 7500 | G6: ='Income Statement'!V504 -> 7500 | H6: ='Income Statement'!AA504 -> 7500 | I6: ='Income Statement'!AF504 -> 7500 | J6: ='Income Statement'!AK504 -> 7500 | K6: ='Income Statement'!AP504 -> 7500 | L6: ='Income Statement'!AU504 -> 7500 | M6: ='Income Statement'!AZ504 -> 7800 | N6: ='Income Statement'!BE504 -> 7810 | O6: ='Income Statement'!BJ504 -> 7820 | P6: ='Income Statement'!BO504 -> 7825 | Q6: ='Income Statement'!BT504 -> 7825 | R6: ='Income Statement'!BY504 -> 7828 | S6: ='Income Statement'!CD504 -> 7832 | T6: ='Income Statement'!CI504 -> 7832 | U6: ='Income Statement'!CN504 -> 7835 | V6: ='Income Statement'!CQ504 -> 7835 | W6: ='Income Statement'!CR504 -> 7835 | X6: ='Income Statement'!CS504 -> 7835 | Y6: ='Income Statement'!CT504 -> 7835 | Z6: ='Income Statement'!CU504 -> 7835 | AA6: ='Income Statement'!CV504 -> 7835 | AB6: ='Income Statement'!CW504 -> 7835
B7: Market capitalisation | D7: =D5*D6 -> 0 | E7: =E5*E6 -> 27600 | F7: =F5*F6 -> 27600 | G7: =G5*G6 -> 27600 | H7: =H5*H6 -> 27600 | I7: =I5*I6 -> 27600 | J7: =J5*J6 -> 27600 | K7: =K5*K6 -> 27600 | ... AB7: =AB5*AB6 -> 28832.8 | BH7: Sale of just fixed asset
B8: Less: treasury shares | AY8: Wind Multiple | AZ8: 5x | BA8: 5.5x | BB8: 6x | BC8: 6.5x | BD8: 7x | BE8: 7.5x | BF8: 8x | BH8: New Opco 2014 EV/EBITDA
B9: Equity value | D9: =D7+D8 -> 0 | E9: =E7+E8 -> 27600 | F9: =F7+F8 -> 27600 | G9: =G7+G8 -> 27600 | H9: =H7+H8 -> 27600 | I9: =I7+I8 -> 27600 | J9: =J7+J8 -> 27600 | K9: =K7+K8 -> 27600 | ... AB9: =AB7+AB8 -> 28832.8 | AY9: New Opco EV/EBITDA | AZ9: 4.38 | BA9: 4.18 | BB9: 3.98 | BC9: 3.78 | BD9: 3.58 | BE9: 3.4 | BF9: 3.2 | BH9: Premium/(discount) to MTS
B10: + Net debt | D10: ='Balance Sheet and Cflow'!C66 -> 0 | E10: ='Balance Sheet and Cflow'!D66 -> 3874 | F10: ='Balance Sheet and Cflow'!E66 -> 4557 | G10: ='Balance Sheet and Cflow'!F66 -> 5437 | H10: ='Balance Sheet and Cflow'!G66 -> 6035.4877 | I10: ='Balance Sheet and Cflow'!H66 -> 6715 | J10: ='Balance Sheet and Cflow'!I66 -> 7467.4381 | K10: ='Balance Sheet and Cflow'!J66 -> 8582.4381 | ... AB10: ='Balance Sheet and Cflow'!AA66 -> 4805.1775
B11: (-) Other financial liabilities
B12: (-) Associates | AZ12: Wind
B13: + Minorities | AD13: NCI | AY13: EBITDA | AZ13: ='[6]VIP Summary'!N539 -> 0 | BA13: 508
B14: (-) Tax credit | AY14: Multiple | AZ14: 10 | BA14: 8.4
B15: (-) Cumulative dividend payments | T15: 0 | U15: ='Balance Sheet and Cflow'!T61 -> -1332 | V15: ='Balance Sheet and Cflow'!U61 -> -1614.9853 | W15: ='Balance Sheet and Cflow'!V61 -> -1732.1144 | X15: ='Balance Sheet and Cflow'!W61 -> -1836.6121 | Y15: ='Balance Sheet and Cflow'!X61 -> -1949.9105 | Z15: ='Balance Sheet and Cflow'!Y61 -> -2073.1963 | AA15: ='Balance Sheet and Cflow'!Z61 -> -2190.026 | AB15: ='Balance Sheet and Cflow'!AA61 -> -2328.0673 | AY15: EV of transaction | AZ15: =AZ13*AZ14 -> 0 | BA15: =BA13*BA14 -> 4267.2
B16: EV | D16: =D7+D10+D11-D12+D13-D15-D14 -> 0 | E16: =E7+E10+E11-E12+E13-E15-E14 -> 31474 | F16: =F7+F10+F11-F12+F13-F15-F14 -> 32157 | G16: =G7+G10+G11-G12+G13-G15-G14 -> 33037 | H16: =H7+H10+H11-H12+H13-H15-H14 -> 33635.488 | I16: =I7+I10+I11-I12+I13-I15-I14 -> 34315 | J16: =J7+J10+J11-J12+J13-J15-J14 -> 35067.438 | K16: =K7+K10+K11-K12+K13-K15-K14 -> 36182.438 | ... AB16: =AB7+AB10+AB11-AB12+AB13-AB15-AB14 -> 35966.045
AY17: Current market EV | AZ17: =J16 -> 35067.438 | BA17: =AZ17 -> 35067.438
B18: Equity value | D18: =D9 -> 0 | E18: =E9 -> 27600 | F18: =F9 -> 27600 | G18: =G9 -> 27600 | H18: =H9 -> 27600 | I18: =I9 -> 27600 | J18: =J9 -> 27600 | K18: =K9 -> 27600 | ... AB18: =AB9 -> 28832.8
B19: Less: tax credit NPV
B20: Add: restructuring NPV | AY20: New Opco EV | AZ20: =AZ17-AZ15 -> 35067.438 | BA20: =BA17-BA15 -> 30800.238
B21: EFCF market cap. | D21: =SUM(D18:D20) -> 0 | E21: =SUM(E18:E20) -> 27600 | F21: =SUM(F18:F20) -> 27600 | G21: =SUM(G18:G20) -> 27600 | H21: =SUM(H18:H20) -> 27600 | I21: =SUM(I18:I20) -> 27600 | J21: =SUM(J18:J20) -> 27600 | K21: =SUM(K18:K20) -> 27600 | ... AB21: =SUM(AB18:AB20) -> 28832.8 | AY21: New Opco EBITDA | AZ21: =[6]Master!S30-[6]Master!S23 -> 5438.0502 | BA21: =[6]Master!S30-508 -> 5316.1672
AY22: Opco EV/EBITDA | AZ22: =AZ20/AZ21 -> 6.4485315 | BA22: =BA20/BA21 -> 5.7936925
B23: Financials | D23: =D$4 -> 2008 | E23: =E$4 -> 2009 | F23: =F$4 -> 2010 | G23: =G$4 -> 2011 | H23: =H$4 -> 2012 | I23: =I$4 -> 2013 | J23: =J$4 -> 2014 | K23: =K$4 -> 2015 | ... AB23: =AB$4 -> 2032
B24: Revenue | D24: ='Income Statement'!G432 -> 8449.9 | E24: ='Income Statement'!L432 -> 8612 | F24: ='Income Statement'!Q432 -> 8869 | G24: ='Income Statement'!V432 -> 8783 | H24: ='Income Statement'!AA432 -> 8880 | I24: ='Income Statement'!AF432 -> 9028.372 | J24: ='Income Statement'!AK432 -> 8404 | K24: ='Income Statement'!AP432 -> 8601 | L24: ='Income Statement'!AU432 -> 8612 | M24: ='Income Statement'!AZ432 -> 9419 | N24: ='Income Statement'!BE432 -> 9192 | O24: ='Income Statement'!BJ432 -> 9313 | P24: ='Income Statement'!BO432 -> 8966 | Q24: ='Income Statement'!BT432 -> 9241 | R24: ='Income Statement'!BY432 -> 9789 | S24: ='Income Statement'!CD432 -> 10180 | T24: ='Income Statement'!CI432 -> 10536 | U24: ='Income Statement'!CN432 -> 10635 | V24: ='Income Statement'!CQ432 -> 10945.589 | W24: ='Income Statement'!CR432 -> 11217.05 | X24: ='Income Statement'!CS432 -> 11491.634 | Y24: ='Income Statement'!CT432 -> 11781.507 | Z24: ='Income Statement'!CU432 -> 12062.406 | AA24: ='Income Statement'!CV432 -> 12347.341 | AB24: ='Income Statement'!CW432 -> 12636.876
B25: EBITDA | D25: ='Income Statement'!G453 -> 4402.2 | E25: ='Income Statement'!L453 -> 4220 | F25: ='Income Statement'!Q453 -> 4416 | G25: ='Income Statement'!V453 -> 4423 | H25: ='Income Statement'!AA453 -> 4359 | I25: ='Income Statement'!AF453 -> 4522 | J25: ='Income Statement'!AK453 -> 4112.3305 | K25: ='Income Statement'!AP453 -> 4426 | L25: ='Income Statement'!AU453 -> 4502 | M25: ='Income Statement'!AZ453 -> 4195 | N25: ='Income Statement'!BE453 -> 3843 | O25: ='Income Statement'!BJ453 -> 3926 | P25: ='Income Statement'!BO453 -> 3814 | Q25: ='Income Statement'!BT453 -> 3876 | R25: ='Income Statement'!BY453 -> 3929 | S25: ='Income Statement'!CD453 -> 3960 | T25: ='Income Statement'!CI453 -> 4122 | U25: ='Income Statement'!CN453 -> 4329 | V25: ='Income Statement'!CQ453 -> 4521.5933 | W25: ='Income Statement'!CR453 -> 4652.7746 | X25: ='Income Statement'!CS453 -> 4782.7278 | Y25: ='Income Statement'!CT453 -> 4920.6127 | Z25: ='Income Statement'!CU453 -> 5055.0552 | AA25: ='Income Statement'!CV453 -> 5192.1233 | AB25: ='Income Statement'!CW453 -> 5332.0711
B26: EBIT | D26: ='Income Statement'!G471 -> 3210 | E26: ='Income Statement'!L471 -> 3055 | F26: ='Income Statement'!Q471 -> 3343 | G26: ='Income Statement'!V471 -> 3232 | H26: ='Income Statement'!AA471 -> 2997 | I26: ='Income Statement'!AF471 -> 3156 | J26: ='Income Statement'!AK471 -> 2685.3305 | K26: ='Income Statement'!AP471 -> 3156 | L26: ='Income Statement'!AU471 -> 3109 | M26: ='Income Statement'!AZ471 -> 2775 | N26: ='Income Statement'!BE471 -> 2685 | O26: ='Income Statement'!BJ471 -> 2512 | P26: ='Income Statement'!BO471 -> 2284 | Q26: ='Income Statement'!BT471 -> 2082 | R26: ='Income Statement'!BY471 -> 2209 | S26: ='Income Statement'!CD471 -> 1890 | T26: ='Income Statement'!CI471 -> 2324 | U26: ='Income Statement'!CN471 -> 2521 | V26: ='Income Statement'!CQ471 -> 2808.9733 | W26: ='Income Statement'!CR471 -> 2936.5606 | X26: ='Income Statement'!CS471 -> 3056.385 | Y26: ='Income Statement'!CT471 -> 3189.1619 | Z26: ='Income Statement'!CU471 -> 3336.7783 | AA26: ='Income Statement'!CV471 -> 3476.2521 | AB26: ='Income Statement'!CW471 -> 3647.3441
B27: Net income to equityholders | D27: ='Income Statement'!G484 -> 2400.6 | E27: ='Income Statement'!L484 -> 2232 | F27: ='Income Statement'!Q484 -> 2295 | G27: ='Income Statement'!V484 -> 2531 | H27: ='Income Statement'!AA484 -> 1993 | I27: ='Income Statement'!AF484 -> 2103 | J27: ='Income Statement'!AK484 -> 1607.5619 | K27: ='Income Statement'!AP484 -> 2064.1792 | L27: ='Income Statement'!AU484 -> 1971 | M27: ='Income Statement'!AZ484 -> 2061 | N27: ='Income Statement'!BE484 -> 1765 | O27: ='Income Statement'!BJ484 -> 1527 | P27: ='Income Statement'!BO484 -> 1410 | Q27: ='Income Statement'!BT484 -> 1216 | R27: ='Income Statement'!BY484 -> 1151 | S27: ='Income Statement'!CD484 -> 992 | T27: ='Income Statement'!CI484 -> 1396 | U27: ='Income Statement'!CN484 -> 1583 | V27: ='Income Statement'!CQ484 -> 1794.4281 | W27: ='Income Statement'!CR484 -> 1924.5716 | X27: ='Income Statement'!CS484 -> 2040.6801 | Y27: ='Income Statement'!CT484 -> 2166.5672 | Z27: ='Income Statement'!CU484 -> 2303.5515 | AA27: ='Income Statement'!CV484 -> 2433.3623 | AB27: ='Income Statement'!CW484 -> 2586.7414
B28: OpFCF | D28: ='Income Statement'!G511 -> 3599.4 | E28: ='Income Statement'!L511 -> 3630 | F28: ='Income Statement'!Q511 -> 2972 | G28: ='Income Statement'!V511 -> 3434 | H28: ='Income Statement'!AA511 -> 3369 | I28: ='Income Statement'!AF511 -> 3707 | J28: ='Income Statement'!AK511 -> 2972.3305 | K28: ='Income Statement'!AP511 -> 3122 | L28: ='Income Statement'!AU511 -> 3313 | M28: ='Income Statement'!AZ511 -> 3167 | N28: ='Income Statement'!BE511 -> 2805 | O28: ='Income Statement'!BJ511 -> 2713 | P28: ='Income Statement'!BO511 -> 2569 | Q28: ='Income Statement'!BT511 -> 2689 | R28: ='Income Statement'!BY511 -> 2815 | S28: ='Income Statement'!CD511 -> 3147 | T28: ='Income Statement'!CI511 -> 3448 | U28: ='Income Statement'!CN511 -> 3343 | V28: ='Income Statement'!CQ511 -> 3427.0344 | W28: ='Income Statement'!CR511 -> 3643.2401 | X28: ='Income Statement'!CS511 -> 3748.4807 | Y28: ='Income Statement'!CT511 -> 3860.2771 | Z28: ='Income Statement'!CU511 -> 3969.4387 | AA28: ='Income Statement'!CV511 -> 4080.8626 | AB28: ='Income Statement'!CW511 -> 3815.646
B29: FCF | D29: =D28*(1-0.25) -> 2699.55 | E29: =E28*(1-0.25) -> 2722.5 | F29: =F28*(1-0.25) -> 2229 | G29: =G28*(1-0.25) -> 2575.5 | H29: =H28*(1-0.25) -> 2526.75 | I29: =I28*(1-0.25) -> 2780.25 | J29: =J28*(1-0.25) -> 2229.2479 | K29: =K28*(1-0.25) -> 2341.5 | ... AB29: =AB28*(1-0.25) -> 2861.7345 | AD29: OpFCF(1-tax)
B30: EFCF | D30: ='Balance Sheet and Cflow'!C303 -> 2906.8 | E30: ='Balance Sheet and Cflow'!D303 -> 2975 | F30: ='Balance Sheet and Cflow'!E303 -> 1699 | G30: ='Balance Sheet and Cflow'!F303 -> 2564 | H30: ='Balance Sheet and Cflow'!G303 -> 2401.5123 | I30: ='Balance Sheet and Cflow'!H303 -> 2400.4877 | J30: ='Balance Sheet and Cflow'!I303 -> 2442.5619 | K30: ='Balance Sheet and Cflow'!J303 -> 2007 | ... AB30: ='Balance Sheet and Cflow'!AA303 -> 2338.121
B31: EPS | D31: ='Income Statement'!G499 -> 0 | E31: ='Income Statement'!L499 -> 0.2976 | F31: ='Income Statement'!Q499 -> 0.306 | G31: ='Income Statement'!V499 -> 0.33693333 | H31: ='Income Statement'!AA499 -> 0.248 | I31: ='Income Statement'!AF499 -> 0.26453333 | J31: ='Income Statement'!AK499 -> 0.23 | K31: ='Income Statement'!AP499 -> 0.23293333 | L31: ='Income Statement'!AU499 -> 0.2684 | M31: ='Income Statement'!AZ499 -> 0.28 | N31: ='Income Statement'!BE499 -> 0.23533333 | O31: ='Income Statement'!BJ499 -> 0.19424552 | P31: ='Income Statement'!BO499 -> 0.17699681 | Q31: ='Income Statement'!BT499 -> 0.15539936 | R31: ='Income Statement'!BY499 -> 0.14715837 | S31: ='Income Statement'!CD499 -> 0.12685422 | T31: ='Income Statement'!CI499 -> 0.1784485 | U31: ='Income Statement'!CN499 -> 0.19952334 | V31: ='Income Statement'!CQ499 -> 0.2290272 | W31: ='Income Statement'!CR499 -> 0.24563773 | X31: ='Income Statement'!CS499 -> 0.26045694 | Y31: ='Income Statement'!CT499 -> 0.27652421 | Z31: ='Income Statement'!CU499 -> 0.29400785 | AA31: ='Income Statement'!CV499 -> 0.31057591 | AB31: ='Income Statement'!CW499 -> 0.33015206
B32: EFCFPS | D32: =IFERROR(D30/D6,"") | E32: =IFERROR(E30/E6,"") -> 0.39666667 | F32: =IFERROR(F30/F6,"") -> 0.22653333 | G32: =IFERROR(G30/G6,"") -> 0.34186667 | H32: =IFERROR(H30/H6,"") -> 0.32020164 | I32: =IFERROR(I30/I6,"") -> 0.32006503 | J32: =IFERROR(J30/J6,"") -> 0.32567492 | K32: =IFERROR(K30/K6,"") -> 0.2676 | ... AB32: =IFERROR(AB30/AB6,"") -> 0.29842003 | AD32: After licenses and lease payments
B33: DPS | D33: ='Income Statement'!G501 -> 0 | E33: ='Income Statement'!L501 -> 0.09 | F33: ='Income Statement'!Q501 -> 0.4 | G33: ='Income Statement'!V501 -> 0.4 | H33: ='Income Statement'!AA501 -> 0.4 | I33: ='Income Statement'!AF501 -> 0.4 | J33: ='Income Statement'!AK501 -> 0.4 | K33: ='Income Statement'!AP501 -> 0.2 | L33: ='Income Statement'!AU501 -> 0.2 | M33: ='Income Statement'!AZ501 -> 0.2 | N33: ='Income Statement'!BE501 -> 0.2 | O33: ='Income Statement'!BJ501 -> 0.2 | P33: ='Income Statement'!BO501 -> 0.17 | Q33: ='Income Statement'!BT501 -> 0.17 | R33: ='Income Statement'!BY501 -> 0.2 | S33: ='Income Statement'!CD501 -> 0.16 | T33: ='Income Statement'!CI501 -> 0.17 | U33: ='Income Statement'!CN501 -> 0.175 | V33: ='Income Statement'!CQ501 -> 0.20612448 | W33: ='Income Statement'!CR501 -> 0.22107396 | X33: ='Income Statement'!CS501 -> 0.23441125 | Y33: ='Income Statement'!CT501 -> 0.24887179 | Z33: ='Income Statement'!CU501 -> 0.26460706 | AA33: ='Income Statement'!CV501 -> 0.27951832 | AB33: ='Income Statement'!CW501 -> 0.29713686
B35: Multiples | D35: =D$4 -> 2008 | E35: =E$4 -> 2009 | F35: =F$4 -> 2010 | G35: =G$4 -> 2011 | H35: =H$4 -> 2012 | I35: =I$4 -> 2013 | J35: =J$4 -> 2014 | K35: =K$4 -> 2015 | ... AB35: =AB$4 -> 2032
B36: EV/ Revenue | E36: =E$16/E24 -> 3.6546679 | F36: =F$16/F24 -> 3.6257752 | G36: =G$16/G24 -> 3.761471 | H36: =H$16/H24 -> 3.7877801 | I36: =I$16/I24 -> 3.800796 | J36: =J$16/J24 -> 4.172708 | K36: =K$16/K24 -> 4.2067711 | L36: =L$16/L24 -> 4.271039 | ... AB36: =AB$16/AB24 -> 2.8461184
B37: EV/ EBITDA | E37: =E$16/E25 -> 7.4582938 | F37: =F$16/F25 -> 7.2819293 | G37: =G$16/G25 -> 7.4693647 | H37: =H$16/H25 -> 7.7163312 | I37: =I$16/I25 -> 7.5884564 | J37: =J$16/J25 -> 8.527388 | K37: =K$16/K25 -> 8.1749747 | L37: =L$16/L25 -> 8.1701884 | ... AB37: =AB$16/AB25 -> 6.7452298
B38: EV/ OpFCF | E38: =E$16/E28 -> 8.6705234 | F38: =F$16/F28 -> 10.819987 | G38: =G$16/G28 -> 9.6205591 | H38: =H$16/H28 -> 9.9838195 | I38: =I$16/I28 -> 9.2568114 | J38: =J$16/J28 -> 11.797961 | K38: =K$16/K28 -> 11.589506 | L38: =L$16/L28 -> 11.102381 | ... AB38: =AB$16/AB28 -> 9.4259386
B39: EV/ FCF | E39: =E$16/E29 -> 11.560698 | F39: =F$16/F29 -> 14.426649 | G39: =G$16/G29 -> 12.827412 | H39: =H$16/H29 -> 13.311759 | I39: =I$16/I29 -> 12.342415 | J39: =J$16/J29 -> 15.730614 | K39: =K$16/K29 -> 15.452675 | L39: =L$16/L29 -> 14.803175 | ... AB39: =AB$16/AB29 -> 12.567918
B40: P/E | E40: =IF(E9/E27<0,"nm",E9/E27) -> 12.365591 | F40: =IF(F9/F27<0,"nm",F9/F27) -> 12.026144 | G40: =IF(G9/G27<0,"nm",G9/G27) -> 10.904781 | H40: =IF(H9/H27<0,"nm",H9/H27) -> 13.84847 | I40: =IF(I9/I27<0,"nm",I9/I27) -> 13.124108 | J40: =IF(J9/J27<0,"nm",J9/J27) -> 17.168857 | K40: =IF(K9/K27<0,"nm",K9/K27) -> 13.370932 | L40: =IF(L9/L27<0,"nm",L9/L27) -> 14.003044 | ... AB40: =IF(AB9/AB27<0,"nm",AB9/AB27) -> 11.146379
B41: P/ EFCF | E41: =IFERROR(IF(E9/E30<0,"nm",E9/E30),"nm") -> 9.2773109 | F41: =IFERROR(IF(F9/F30<0,"nm",F9/F30),"nm") -> 16.24485 | G41: =IFERROR(IF(G9/G30<0,"nm",G9/G30),"nm") -> 10.764431 | H41: =IFERROR(IF(H9/H30<0,"nm",H9/H30),"nm") -> 11.492758 | I41: =IFERROR(IF(I9/I30<0,"nm",I9/I30),"nm") -> 11.497663 | J41: =IFERROR(IF(J9/J30<0,"nm",J9/J30),"nm") -> 11.299611 | K41: =IFERROR(IF(K9/K30<0,"nm",K9/K30),"nm") -> 13.751868 | L41: =IFERROR(IF(L9/L30<0,"nm",L9/L30),"nm") -> 16.093294 | ... AB41: =IFERROR(IF(AB9/AB30<0,"nm",AB9/AB30),"nm") -> 12.331612
B42: EFCF yield | E42: =IFERROR(IF(E32/$C$2<0,"nm",E32/$C$2),"nm") -> 0.10778986 | F42: =IFERROR(IF(F32/$C$2<0,"nm",F32/$C$2),"nm") -> 0.061557971 | G42: =IFERROR(IF(G32/$C$2<0,"nm",G32/$C$2),"nm") -> 0.092898551 | H42: =IFERROR(IF(H32/$C$2<0,"nm",H32/$C$2),"nm") -> 0.087011314 | I42: =IFERROR(IF(I32/$C$2<0,"nm",I32/$C$2),"nm") -> 0.086974193 | J42: =IFERROR(IF(J32/$C$2<0,"nm",J32/$C$2),"nm") -> 0.088498619 | K42: =IFERROR(IF(K32/$C$2<0,"nm",K32/$C$2),"nm") -> 0.072717391 | L42: =IFERROR(IF(L32/$C$2<0,"nm",L32/$C$2),"nm") -> 0.062137681 | ... AB42: =IFERROR(IF(AB32/$C$2<0,"nm",AB32/$C$2),"nm") -> 0.0810924
B43: Div yield | E43: =E33/$C$2 -> 0.024456522 | F43: =F33/$C$2 -> 0.10869565 | G43: =G33/$C$2 -> 0.10869565 | H43: =H33/$C$2 -> 0.10869565 | I43: =I33/$C$2 -> 0.10869565 | J43: =J33/$C$2 -> 0.10869565 | K43: =K33/$C$2 -> 0.054347826 | L43: =L33/$C$2 -> 0.054347826 | ... AB43: =AB33/$C$2 -> 0.080743711
B44: Payout ratio | E44: =IFERROR(E33/E31,"") -> 0.30241935 | F44: =IFERROR(F33/F31,"") -> 1.3071895 | G44: =IFERROR(G33/G31,"") -> 1.1871785 | H44: =IFERROR(H33/H31,"") -> 1.6129032 | I44: =IFERROR(I33/I31,"") -> 1.5120968 | J44: =IFERROR(J33/J31,"") -> 1.7391304 | K44: =IFERROR(K33/K31,"") -> 0.85861477 | L44: =IFERROR(L33/L31,"") -> 0.74515648 | ... AB44: =IFERROR(AB33/AB31,"") -> 0.9
B45: Net debt/EBITDA | E45: =E10/E25 -> 0.91800948 | F45: =F10/F25 -> 1.0319293 | G45: =G10/G25 -> 1.2292562 | H45: =H10/H25 -> 1.3846037 | I45: =I10/I25 -> 1.4849624 | J45: =J10/J25 -> 1.8158653 | K45: =K10/K25 -> 1.9390958 | L45: =L10/L25 -> 2.0395798 | ... AB45: =AB10/AB25 -> 0.90118406
B46: Interest coverage ratio
B47: ROIC | E47: ='Balance Sheet and Cflow'!D52 -> 0.15758253 | F47: ='Balance Sheet and Cflow'!E52 -> 0.16810258 | G47: ='Balance Sheet and Cflow'!F52 -> 0.16086004 | H47: ='Balance Sheet and Cflow'!G52 -> 0.1549052 | I47: ='Balance Sheet and Cflow'!H52 -> 0.16235681 | J47: ='Balance Sheet and Cflow'!I52 -> 0.13601661 | K47: ='Balance Sheet and Cflow'!J52 -> 0.15605222 | L47: ='Balance Sheet and Cflow'!K52 -> 0.14807582 | ... AB47: ='Balance Sheet and Cflow'!AA52 -> 0.17399351
B49: Target multiple | D49: =D$4 -> 2008 | E49: =E$4 -> 2009 | F49: =F$4 -> 2010 | G49: =G$4 -> 2011 | H49: =H$4 -> 2012 | I49: =I$4 -> 2013 | J49: =J$4 -> 2014 | K49: =K$4 -> 2015 | ... AB49: =AB$4 -> 2032
B50: P/E | E50: =DCF!$D$34/E31 -> 17.137097 | F50: =DCF!$D$34/F31 -> 16.666667 | G50: =DCF!$D$34/G31 -> 15.136526 | H50: =DCF!$D$34/H31 -> 20.564516 | I50: =DCF!$D$34/I31 -> 19.279234 | J50: =DCF!$D$34/J31 -> 22.173913 | K50: =DCF!$D$34/K31 -> 21.894677 | L50: =DCF!$D$34/L31 -> 19.00149 | ... AB50: =DCF!$D$34/AB31 -> 15.447427

Sheet Income Statement
A1: =DCF!C34 -> 5.7602387 | CQ1: ='Balance Sheet and Cflow'!U3 -> -0.18812593 | CR1: ='Balance Sheet and Cflow'!V3 -> -0.18812593 | CS1: ='Balance Sheet and Cflow'!W3 -> -0.18812593 | CT1: ='Balance Sheet and Cflow'!X3 -> -0.19339857 | CU1: ='Balance Sheet and Cflow'!Y3 -> -0.22226877 | CV1: ='Balance Sheet and Cflow'!Z3 -> -0.30540666 | CW1: ='Balance Sheet and Cflow'!AA3 -> -0.48240211
A2: Figures in MYR m, except subscribers in '000 | B2: 2007 | C2: Q1 | D2: Q2 | E2: Q3 | F2: Q4 | G2: =B2+1 -> 2008 | H2: Q1 | I2: Q2 | J2: Q3 | K2: Q4 | L2: =G2+1 -> 2009 | M2: Q1 | N2: Q2 | O2: Q3 | P2: Q4 | Q2: =L2+1 -> 2010 | R2: Q1 | S2: Q2 | T2: Q3 | U2: Q4 | V2: =Q2+1 -> 2011 | W2: Q1 | X2: Q2 | Y2: Q3 | Z2: Q4 | AA2: =V2+1 -> 2012 | AB2: Q1 | AC2: Q2 | AD2: Q3 | AE2: Q4 | AF2: =AA2+1 -> 2013 | AG2: Q1 | AH2: Q2 | AI2: Q3 | AJ2: Q4 | AK2: =AF2+1 -> 2014 | AL2: Q1 | AM2: Q2 | AN2: Q3 | AO2: Q4 | AP2: =AK2+1 -> 2015 | AQ2: Q1 | AR2: Q2 | AS2: Q3 | AT2: Q4 | AU2: =AP2+1 -> 2016 | AV2: Q1 | AW2: Q2 | AX2: Q3 | AY2: Q4 | AZ2: =AU2+1 -> 2017 | BA2: Q1 | BB2: Q2 | BC2: Q3 | BD2: Q4 | BE2: =AZ2+1 -> 2018 | BF2: Q1 | BG2: Q2 | BH2: Q3 | BI2: Q4 | BJ2: =BE2+1 -> 2019 | BK2: =BF2 -> Q1 | BL2: =BG2 -> Q2 | BM2: =BH2 -> Q3 | BN2: =BI2 -> Q4 | BO2: =BJ2+1 -> 2020 | BP2: =BK2 -> Q1 | BQ2: =BL2 -> Q2 | BR2: =BM2 -> Q3 | BS2: =BN2 -> Q4 | BT2: =BO2+1 -> 2021 | BU2: =BP2 -> Q1 | BV2: =BQ2 -> Q2 | BW2: =BR2 -> Q3 | BX2: =BS2 -> Q4 | BY2: =BT2+1 -> 2022 | BZ2: =BU2 -> Q1 | CA2: =BV2 -> Q2 | CB2: =BW2 -> Q3 | CC2: =BX2 -> Q4 | CD2: =BY2+1 -> 2023 | CE2: =BZ2 -> Q1 | CF2: =CA2 -> Q2 | CG2: =CB2 -> Q3 | CH2: =CC2 -> Q4 | CI2: =CD2+1 -> 2024 | CJ2: =CE2 -> Q1 | CK2: =CF2 -> Q2 | CL2: =CG2 -> Q3 | CM2: =CH2 -> Q4 | CN2: =CI2+1 -> 2025 | CO2: =CJ2 -> Q1 | CP2: =CK2 -> Q2 | CQ2: =CN2+1 -> 2026 | CR2: =CQ2+1 -> 2027 | CS2: =CR2+1 -> 2028 | CT2: =CS2+1 -> 2029 | CU2: =CT2+1 -> 2030 | CV2: =CU2+1 -> 2031 | CW2: =CV2+1 -> 2032 | CY2: Comments
A4: Summary
A6: Consumer | B6: =SUM(B7:B9) -> 0 | C6: =SUM(C7:C9) -> 0 | D6: =SUM(D7:D9) -> 0 | E6: =SUM(E7:E9) -> 0 | F6: =SUM(F7:F9) -> 0 | G6: =SUM(G7:G9) -> 0 | H6: =SUM(H7:H9) -> 0 | I6: =SUM(I7:I9) -> 0 | ... CW6: =SUM(CW7:CW9) -> 8157.238
A7: Postpaid | B7: =B408 -> 0 | C7: =C408 -> 0 | D7: =D408 -> 0 | E7: =E408 -> 0 | F7: =F408 -> 0 | G7: =G408 -> 0 | H7: =H408 -> 0 | I7: =I408 -> 0 | ... CW7: =CW408 -> 4418.627
A8: Prepaid | B8: =B409 -> 0 | C8: =C409 -> 0 | D8: =D409 -> 0 | E8: =E409 -> 0 | F8: =F409 -> 0 | G8: =G409 -> 0 | H8: =H409 -> 0 | I8: =I409 -> 0 | ... CW8: =CW409 -> 2537.2808
A9: Home Connectivity | B9: =B411 -> 0 | C9: =C411 -> 0 | D9: =D411 -> 0 | E9: =E411 -> 0 | F9: =F411 -> 0 | G9: =G411 -> 0 | H9: =H411 -> 0 | I9: =I411 -> 0 | ... CW9: =CW411 -> 1201.3302
A10: Enterprise | B10: =B426 -> 0 | C10: =C426 -> 0 | D10: =D426 -> 0 | E10: =E426 -> 0 | F10: =F426 -> 0 | G10: =G426 -> 0 | H10: =H426 -> 0 | I10: =I426 -> 0 | ... CW10: =CW426 -> 2236.8374
A11: Mobile | B11: =B424 -> 0 | C11: =C424 -> 0 | D11: =D424 -> 0 | E11: =E424 -> 0 | F11: =F424 -> 0 | G11: =G424 -> 0 | H11: =H424 -> 0 | I11: =I424 -> 0 | ... CW11: =CW424 -> 0
A12: Fixed & Solutions | B12: =B425 -> 0 | C12: =C425 -> 0 | D12: =D425 -> 0 | E12: =E425 -> 0 | F12: =F425 -> 0 | G12: =G425 -> 0 | H12: =H425 -> 0 | I12: =I425 -> 0 | ... CW12: =CW425 -> 0
A13: Service revenue | B13: =B429 -> 0 | C13: =C429 -> 0 | D13: =D429 -> 0 | E13: =E429 -> 0 | F13: =F429 -> 0 | G13: =G429 -> 0 | H13: =H429 -> 0 | I13: =I429 -> 0 | ... CW13: =CW429 -> 10394.075
A14: % change | G14: =G13/B13-1 -> #DIV/0! | K14: =K13/F13-1 -> #DIV/0! | L14: =L13/G13-1 -> #DIV/0! | M14: =M13/H13-1 -> #DIV/0! | N14: =N13/I13-1 -> #DIV/0! | O14: =O13/J13-1 -> #DIV/0! | P14: =P13/K13-1 -> #DIV/0! | Q14: =Q13/L13-1 -> #DIV/0! | R14: =R13/M13-1 -> #DIV/0! | ... CP14: =CP13/CK13-1 -> 0.021778584 | CQ14: =CQ13/CN13-1 -> 0.015980582 | CR14: =CR13/CQ13-1 -> 0.02266218 | CS14: =CS13/CR13-1 -> 0.023701696 | CT14: =CT13/CS13-1 -> 0.02466879 | CU14: =CU13/CT13-1 -> 0.023050133 | CV14: =CV13/CU13-1 -> 0.022832622 | CW14: =CW13/CV13-1 -> 0.022667997
A15: Check | BP15: =ROUND(BP13-BP10-BP6,0) -> 0 | BQ15: =ROUND(BQ13-BQ10-BQ6,0) -> 0 | BR15: =ROUND(BR13-BR10-BR6,0) -> 0 | BS15: =ROUND(BS13-BS10-BS6,0) -> 0 | BT15: =ROUND(BT13-BT10-BT6,0) -> 0 | BU15: =ROUND(BU13-BU10-BU6,0) -> 0 | BV15: =ROUND(BV13-BV10-BV6,0) -> 0 | BW15: =ROUND(BW13-BW10-BW6,0) -> 0 | ... CW15: =ROUND(CW13-CW10-CW6,0) -> 0
A16: Guidance | CD16: Flat to LSD increase | CI16: LSD | CN16: LSD | CQ16: LSD
A17: Consensus | CD17: =CD13 -> 8572 | CI17: =CI13 -> 8868 | CN17: =CN13 -> 8912 | CQ17: {=_xll.VAData("MXSC_MY", "FY-"&CQ$2, "Service revenue", "Consensus", "CD", "IMPL","","")} -> 9151.2201 | CR17: {=_xll.VAData("MXSC_MY", "FY-"&CR$2, "Service revenue", "Consensus", "CD", "IMPL","","")} -> 9376.3744 | CS17: {=_xll.VAData("MXSC_MY", "FY-"&CS$2, "Service revenue", "Consensus", "CD", "IMPL","","")} -> 9603.7866 | CT17: {=_xll.VAData("MXSC_MY", "FY-"&CT$2, "Service revenue", "Consensus", "CD", "IMPL","","")} -> 9707.7286 | CU17: {=_xll.VAData("MXSC_MY", "FY-"&CU$2, "Service revenue", "Consensus", "CD", "IMPL","","")} -> 9915.0175 | CV17: {=_xll.VAData("MXSC_MY", "FY-"&CV$2, "Service revenue", "Consensus", "CD", "IMPL","","")} -> 10131.996 | CW17: {=_xll.VAData("MXSC_MY", "FY-"&CW$2, "Service revenue", "Consensus", "CD", "IMPL","","")} -> 10210.502
A18: Implied % YoY | CI18: =CI17/CD17-1 -> 0.034531031 | CN18: =CN17/CI17-1 -> 0.0049616599 | CQ18: =CQ17/CN17-1 -> 0.026842475
A19: Diff. | CD19: =CD13/CD17-1 -> 0 | CI19: =CI13/CI17-1 -> 0 | CN19: =CN13/CN17-1 -> 0 | CQ19: =CQ13/CQ17-1 -> -0.010577955 | CR19: =CR13/CR17-1 -> -0.012452846 | CS19: =CS13/CS17-1 -> -0.012985117 | CT19: =CT13/CT17-1 -> 0.00053453434 | CU19: =CU13/CU17-1 -> 0.0021970973 | CV19: =CV13/CV17-1 -> 0.0031276077 | CW19: =CW13/CW17-1 -> 0.017978846
A21: % change
A22: Consumer | G22: =G6/B6-1 -> #DIV/0! | K22: =K6/F6-1 -> #DIV/0! | L22: =L6/G6-1 -> #DIV/0! | M22: =M6/H6-1 -> #DIV/0! | N22: =N6/I6-1 -> #DIV/0! | O22: =O6/J6-1 -> #DIV/0! | P22: =P6/K6-1 -> #DIV/0! | Q22: =Q6/L6-1 -> #DIV/0! | R22: =R6/M6-1 -> #DIV/0! | ... CP22: =CP6/CK6-1 -> 0.021702838 | CQ22: =CQ6/CN6-1 -> 0.019077748 | CR22: =CR6/CQ6-1 -> 0.016483483 | CS22: =CS6/CR6-1 -> 0.017561959 | CT22: =CT6/CS6-1 -> 0.018566309 | CU22: =CU6/CT6-1 -> 0.016357345 | CV22: =CV6/CU6-1 -> 0.015862489 | CW22: =CW6/CV6-1 -> 0.015419982
A23: Postpaid | G23: =G7/B7-1 -> #DIV/0! | K23: =K7/F7-1 -> #DIV/0! | L23: =L7/G7-1 -> #DIV/0! | M23: =M7/H7-1 -> #DIV/0! | N23: =N7/I7-1 -> #DIV/0! | O23: =O7/J7-1 -> #DIV/0! | P23: =P7/K7-1 -> #DIV/0! | Q23: =Q7/L7-1 -> #DIV/0! | R23: =R7/M7-1 -> #DIV/0! | ... CP23: =CP7/CK7-1 -> 0.041800643 | CQ23: =CQ7/CN7-1 -> 0.030700986 | CR23: =CR7/CQ7-1 -> 0.015925897 | CS23: =CS7/CR7-1 -> 0.023295193 | CT23: =CT7/CS7-1 -> 0.022569811 | CU23: =CU7/CT7-1 -> 0.021920262 | CV23: =CV7/CU7-1 -> 0.02133753 | CW23: =CW7/CV7-1 -> 0.020813811
A24: Prepaid | G24: =G8/B8-1 -> #DIV/0! | K24: =K8/F8-1 -> #DIV/0! | L24: =L8/G8-1 -> #DIV/0! | M24: =M8/H8-1 -> #DIV/0! | N24: =N8/I8-1 -> #DIV/0! | O24: =O8/J8-1 -> #DIV/0! | P24: =P8/K8-1 -> #DIV/0! | Q24: =Q8/L8-1 -> #DIV/0! | R24: =R8/M8-1 -> #DIV/0! | ... CP24: =CP8/CK8-1 -> 0.0032786885 | CQ24: =CQ8/CN8-1 -> 0.010272187 | CR24: =CR8/CQ8-1 -> 0.0036231447 | CS24: =CS8/CR8-1 -> 0.0059092843 | CT24: =CT8/CS8-1 -> 0.0052120433 | CU24: =CU8/CT8-1 -> 0.0045884291 | CV24: =CV8/CU8-1 -> 0.0040295871 | CW24: =CW8/CV8-1 -> 0.0035278518
A25: Home Connectivity | G25: =G9/B9-1 -> #DIV/0! | K25: =K9/F9-1 -> #DIV/0! | L25: =L9/G9-1 -> #DIV/0! | M25: =M9/H9-1 -> #DIV/0! | N25: =N9/I9-1 -> #DIV/0! | O25: =O9/J9-1 -> #DIV/0! | P25: =P9/K9-1 -> #DIV/0! | Q25: =Q9/L9-1 -> #DIV/0! | R25: =R9/M9-1 -> #DIV/0! | ... CP25: =CP9/CK9-1 -> -0.0078740157 | CQ25: =CQ9/CN9-1 -> -0.0030110955 | CR25: =CR9/CQ9-1 -> 0.049958694 | CS25: =CS9/CR9-1 -> 0.023352923 | CT25: =CT9/CS9-1 -> 0.034230014 | CU25: =CU9/CT9-1 -> 0.022064733 | CV25: =CV9/CU9-1 -> 0.021588391 | CW25: =CW9/CV9-1 -> 0.021132181
A26: Enterprise | G26: =G10/B10-1 -> #DIV/0! | K26: =K10/F10-1 -> #DIV/0! | L26: =L10/G10-1 -> #DIV/0! | M26: =M10/H10-1 -> #DIV/0! | N26: =N10/I10-1 -> #DIV/0! | O26: =O10/J10-1 -> #DIV/0! | P26: =P10/K10-1 -> #DIV/0! | Q26: =Q10/L10-1 -> #DIV/0! | R26: =R10/M10-1 -> #DIV/0! | ... CP26: =CP10/CK10-1 -> 0.022113022 | CQ26: =CQ10/CN10-1 -> 0.0025 | CR26: =CR10/CQ10-1 -> 0.05 | CS26: =CS10/CR10-1 -> 0.05 | CT26: =CT10/CS10-1 -> 0.05 | CU26: =CU10/CT10-1 -> 0.05 | CV26: =CV10/CU10-1 -> 0.05 | CW26: =CW10/CV10-1 -> 0.05
A27: Mobile | G27: =G11/B11-1 -> #DIV/0! | K27: =K11/F11-1 -> #DIV/0! | L27: =L11/G11-1 -> #DIV/0! | M27: =M11/H11-1 -> #DIV/0! | N27: =N11/I11-1 -> #DIV/0! | O27: =O11/J11-1 -> #DIV/0! | P27: =P11/K11-1 -> #DIV/0! | Q27: =Q11/L11-1 -> #DIV/0! | R27: =R11/M11-1 -> #DIV/0! | ... CH27: =CH11/CC11-1 -> 0.048780488 | CJ27: =CJ11/CE11-1 -> 0.065 | CK27: =CK11/CF11-1 -> 0.024752475 | CL27: =CL11/CG11-1 -> -0.009569378 | CM27: =CM11/CH11-1 -> -0.0046511628 | CO27: =CO11/CJ11-1 -> -0.0093896714 | CP27: =CP11/CK11-1 -> 0.0096618357
A28: Fixed & Solutions | G28: =G12/B12-1 -> #DIV/0! | K28: =K12/F12-1 -> #DIV/0! | L28: =L12/G12-1 -> #DIV/0! | M28: =M12/H12-1 -> #DIV/0! | N28: =N12/I12-1 -> #DIV/0! | O28: =O12/J12-1 -> #DIV/0! | P28: =P12/K12-1 -> #DIV/0! | Q28: =Q12/L12-1 -> #DIV/0! | R28: =R12/M12-1 -> #DIV/0! | ... CH28: =CH12/CC12-1 -> 0.076530612 | CJ28: =CJ12/CE12-1 -> -0.010695187 | CK28: =CK12/CF12-1 -> 0.0050251256 | CL28: =CL12/CG12-1 -> 0.12834225 | CM28: =CM12/CH12-1 -> 0.08056872 | CO28: =CO12/CJ12-1 -> 0.12432432 | CP28: =CP12/CK12-1 -> 0.035
A30: Malaysia Revenues | B30: =B515 -> 7690 | C30: =C515 -> 0 | D30: =D515 -> 0 | E30: =E515 -> 0 | F30: =F515 -> 2204 | G30: =G515 -> 8449.9 | H30: =H515 -> 2129 | I30: =I515 -> 2116 | ... CW30: =CW515 -> 12636.876
A31: Revenues | B31: =B515 -> 7690 | C31: =C515 -> 0 | D31: =D515 -> 0 | E31: =E515 -> 0 | F31: =F515 -> 2204 | G31: =G515 -> 8449.9 | H31: =H515 -> 2129 | I31: =I515 -> 2116 | ... BI31: =BI515 -> 2590 | BJ31: =BJ432 -> 9313 | BK31: =BK515 -> 2341 | BL31: =BL515 -> 2151 | BM31: =BM515 -> 2213 | BN31: =BN515 -> 2261 | BO31: =BO432 -> 8966 | BP31: =BP515 -> 2240 | BQ31: =BQ515 -> 2274 | BR31: =BR515 -> 2271 | BS31: =BS515 -> 2456 | BT31: =BT432 -> 9241 | BU31: =BU515 -> 2406 | BV31: =BV515 -> 2424 | BW31: =BW515 -> 2405 | BX31: =BX515 -> 2554 | BY31: =BY432 -> 9789 | BZ31: =BZ515 -> 2526 | CA31: =CA515 -> 2470 | CB31: =CB515 -> 2442 | CC31: =CC515 -> 2742 | CD31: =CD432 -> 10180 | CE31: =CE515 -> 2603 | CF31: =CF515 -> 2586 | CG31: =CG515 -> 2576 | CH31: =CH515 -> 2771 | CI31: =CI432 -> 10536 | CJ31: =CJ515 -> 2608 | CK31: =CK515 -> 2562 | CL31: =CL515 -> 2589 | CM31: =CM515 -> 2876 | CN31: =CN432 -> 10635 | CO31: =CO515 -> 2731 | CP31: =CP515 -> 2656 | CQ31: =CQ432 -> 10945.589 | CR31: =CR432 -> 11217.05 | CS31: =CS432 -> 11491.634 | CT31: =CT432 -> 11781.507 | CU31: =CU432 -> 12062.406 | CV31: =CV432 -> 12347.341 | CW31: =CW432 -> 12636.876
A32: % change | G32: =G31/B31-1 -> 0.098816645 | K32: =K31/F31-1 -> 0.0031760436 | L32: =L31/G31-1 -> 0.019183659 | M32: =M31/H31-1 -> 0.010803194 | N32: =N31/I31-1 -> 0.035444234 | O32: =O31/J31-1 -> 0.027829314 | P32: =P31/K31-1 -> 0.044776119 | Q32: =Q31/L31-1 -> 0.029842081 | R32: =R31/M31-1 -> -0.0088289963 | ... CP32: =CP31/CK31-1 -> 0.036690086 | CQ32: =CQ31/CN31-1 -> 0.02920438 | CR32: =CR31/CQ31-1 -> 0.024801022 | CS32: =CS31/CR31-1 -> 0.024479147 | CT32: =CT31/CS31-1 -> 0.025224695 | CU32: =CU31/CT31-1 -> 0.023842342 | CV32: =CV31/CU31-1 -> 0.023621717 | CW32: =CW31/CV31-1 -> 0.023449198
A33: Consensus | CD33: {=_xll.VAData("MXSC_MY", "FY-"&CD$2, "Revenue", "Consensus", "CD", "IMPL","","")} -> 10180.25 | CI33: {=_xll.VAData("MXSC_MY", "FY-"&CI$2, "Revenue", "Consensus", "CD", "IMPL","","")} -> 10543.155 | CN33: {=_xll.VAData("MXSC_MY", "FY-"&CN$2, "Revenue", "Consensus", "CD", "IMPL","","")} -> 10635 | CQ33: {=_xll.VAData("MXSC_MY", "FY-"&CQ$2, "Revenue", "Consensus", "CD", "IMPL","","")} -> 10911.649 | CR33: {=_xll.VAData("MXSC_MY", "FY-"&CR$2, "Revenue", "Consensus", "CD", "IMPL","","")} -> 11162.806 | CS33: {=_xll.VAData("MXSC_MY", "FY-"&CS$2, "Revenue", "Consensus", "CD", "IMPL","","")} -> 11418.101 | CT33: {=_xll.VAData("MXSC_MY", "FY-"&CT$2, "Revenue", "Consensus", "CD", "IMPL","","")} -> 11633.103 | CU33: {=_xll.VAData("MXSC_MY", "FY-"&CU$2, "Revenue", "Consensus", "CD", "IMPL","","")} -> 11887.752 | CV33: {=_xll.VAData("MXSC_MY", "FY-"&CV$2, "Revenue", "Consensus", "CD", "IMPL","","")} -> 12154.088 | CW33: {=_xll.VAData("MXSC_MY", "FY-"&CW$2, "Revenue", "Consensus", "CD", "IMPL","","")} -> 12215.869
A34: Diff. | CD34: =CD31/CD33-1 -> -2.4557354e-05 | CI34: =CI31/CI33-1 -> -0.00067860287 | CN34: =CN31/CN33-1 -> 0 | CQ34: =CQ31/CQ33-1 -> 0.0031103868 | CR34: =CR31/CR33-1 -> 0.004859349 | CS34: =CS31/CS33-1 -> 0.0064400795 | CT34: =CT31/CT33-1 -> 0.012757075 | CU34: =CU31/CU33-1 -> 0.014691945 | CV34: =CV31/CV33-1 -> 0.015900193 | CW34: =CW31/CW33-1 -> 0.034463928
A37: EBITDA | B37: =B451 -> 0 | C37: =C451 -> 0 | D37: =D451 -> 0 | E37: =E451 -> 1185 | F37: =F451 -> 1144 | G37: =G451 -> 4402.2 | H37: =H451 -> 1071 | I37: =I451 -> 1075.2475 | ... CW37: =CW451 -> 5332.0711
A38: EBITDA | B38: =B451 -> 0 | C38: =C451 -> 0 | D38: =D451 -> 0 | E38: =E451 -> 1185 | F38: =F451 -> 1144 | G38: =G451 -> 4402.2 | H38: =H451 -> 1071 | I38: =I451 -> 1075.2475 | ... CW38: =CW451 -> 5332.0711
A39: % change | J39: =J38/E38-1 -> -0.083544304 | K39: =K38/F38-1 -> -0.033216783 | L39: =L38/G38-1 -> -0.041388397 | M39: =M38/H38-1 -> 0.010270775 | N39: =N38/I38-1 -> -0.043941068 | O39: =O38/J38-1 -> 0.049723757 | P39: =P38/K38-1 -> 0.054249548 | Q39: =Q38/L38-1 -> 0.046445498 | ... CP39: =CP38/CK38-1 -> 0.027422303 | CQ39: =CQ38/CN38-1 -> 0.04448909 | CR39: =CR38/CQ38-1 -> 0.029012201 | CS39: =CS38/CR38-1 -> 0.027930245 | CT39: =CT38/CS38-1 -> 0.028829769 | CU39: =CU38/CT38-1 -> 0.027322311 | CV39: =CV38/CU38-1 -> 0.02711504 | CW39: =CW38/CV38-1 -> 0.026953871
A40: EBITDA margin | B40: =B38/B31 -> 0 | F40: =F38/F31 -> 0.51905626 | G40: =G38/G31 -> 0.52097658 | H40: =H38/H31 -> 0.50305308 | I40: =I38/I31 -> 0.508151 | J40: =J38/J31 -> 0.50371058 | K40: =K38/K31 -> 0.50022614 | L40: =L38/L31 -> 0.49001393 | M40: =M38/M31 -> 0.5027881 | ... CW40: =CW38/CW31 -> 0.42194536
A41: Guidance | CD41: RM3.9bn | CI41: Upgraded to LSD from "marginal to LSD" | CN41: Upgraded to LSD from "marginal to LSD" | CQ41: LSD
A42: Consensus | CD42: =CD38 -> 3960 | CI42: =CI38 -> 4122 | CN42: =CN38 -> 4329 | CQ42: {=_xll.VAData("MXSC_MY", "FY-"&CQ$2, "EBITDA", "Consensus", "CD", "IMPL","","")} -> 4437.0576 | CR42: {=_xll.VAData("MXSC_MY", "FY-"&CR$2, "EBITDA", "Consensus", "CD", "IMPL","","")} -> 4493.3138 | CS42: {=_xll.VAData("MXSC_MY", "FY-"&CS$2, "EBITDA", "Consensus", "CD", "IMPL","","")} -> 4570.148 | CT42: {=_xll.VAData("MXSC_MY", "FY-"&CT$2, "EBITDA", "Consensus", "CD", "IMPL","","")} -> 4636.4906 | CU42: {=_xll.VAData("MXSC_MY", "FY-"&CU$2, "EBITDA", "Consensus", "CD", "IMPL","","")} -> 4723.2378 | CV42: {=_xll.VAData("MXSC_MY", "FY-"&CV$2, "EBITDA", "Consensus", "CD", "IMPL","","")} -> 4818.6239 | CW42: {=_xll.VAData("MXSC_MY", "FY-"&CW$2, "EBITDA", "Consensus", "CD", "IMPL","","")} -> 4880.9812
A43: Implied % change | CI43: =CI42/CD42-1 -> 0.040909091 | CN43: =CN42/CI42-1 -> 0.050218341 | CQ43: =CQ42/CN42-1 -> 0.024961325 | CR43: =CR42/CQ42-1 -> 0.012678733 | CS43: =CS42/CR42-1 -> 0.017099673 | CT43: =CT42/CS42-1 -> 0.014516507 | CU43: =CU42/CT42-1 -> 0.018709667
A44: Implied margin | CD44: =IFERROR(CD42/CD33,"") -> 0.38898848 | CI44: =IFERROR(CI42/CI33,"") -> 0.39096458 | CN44: =IFERROR(CN42/CN33,"") -> 0.40705219 | CQ44: =IFERROR(CQ42/CQ33,"") -> 0.40663492 | CR44: =IFERROR(CR42/CR33,"") -> 0.40252547 | CS44: =IFERROR(CS42/CS33,"") -> 0.40025466 | CT44: =IFERROR(CT42/CT33,"") -> 0.3985601 | CU44: =IFERROR(CU42/CU33,"") -> 0.39731969
A45: Diff. | CD45: =CD38/CD42-1 -> 0 | CI45: =CI38/CI42-1 -> 0 | CN45: =CN38/CN42-1 -> 0 | CQ45: =CQ38/CQ42-1 -> 0.019052197 | CR45: =CR38/CR42-1 -> 0.035488462 | CS45: =CS38/CS42-1 -> 0.046514847 | CT45: =CT38/CT42-1 -> 0.061279557 | CU45: =CU38/CU42-1 -> 0.070252107 | CV45: =CV38/CV42-1 -> 0.077511631 | CW45: =CW38/CW42-1 -> 0.092417878
A49: Capex | B49: =B508 -> 1124 | C49: =C508 -> 129.8 | D49: =D508 -> 171 | E49: =E508 -> 195 | F49: =F508 -> 401 | G49: =G508 -> 802.8 | H49: =H508 -> 158 | I49: =I508 -> 199 | ... CW49: =CW508 -> 1516.4251
A50: % change | G50: =G49/B49-1 -> -0.28576512 | H50: =H49/C49-1 -> 0.21725732 | I50: =I49/D49-1 -> 0.16374269 | J50: =J49/E49-1 -> 0.49230769 | K50: =K49/F49-1 -> 0.48628429 | L50: =L49/G49-1 -> -0.26507225 | M50: =M49/H49-1 -> -0.14556962 | N50: =N49/I49-1 -> 0.54271357 | ... CP50: =CP49/CK49-1 -> 0.036363636 | CQ50: =CQ49/CN49-1 -> 0.11010026 | CR50: =CR49/CQ49-1 -> -0.077679081 | CS50: =CS49/CR49-1 -> 0.024479147 | CT50: =CT49/CS49-1 -> 0.025224695 | CU50: =CU49/CT49-1 -> 0.023842342 | CV50: =CV49/CU49-1 -> 0.023621717 | CW50: =CW49/CV49-1 -> 0.36459893
A51: Capex/sales | B51: =B49/B31 -> 0.14616385 | F51: =F49/F31 -> 0.18194192 | G51: =G49/G31 -> 0.095007042 | H51: =H49/H31 -> 0.074213246 | I51: =I49/I31 -> 0.094045369 | J51: =J49/J31 -> 0.13497217 | K51: =K49/K31 -> 0.26956128 | L51: =L49/L31 -> 0.068509057 | M51: =M49/M31 -> 0.062732342 | ... CW51: =CW49/CW31 -> 0.12
A52: Capex/depn | B52: =B508/B463 -> 1.2572707 | C52: =C508/C463 -> #DIV/0! | D52: =D508/D463 -> #DIV/0! | E52: =E508/E463 -> #DIV/0! | F52: =F508/F463 -> #DIV/0! | G52: =G508/G463 -> 0.67337695 | H52: =H508/H463 -> #DIV/0! | I52: =I508/I463 -> #DIV/0! | ... CW52: =CW508/CW463 -> 1.2362819
A53: Guidance | CD53: RM1.1bn | CI53: <RM 1bn | CN53: <RM 1bn | CQ53: Capex intensity between 10% - 12%
A54: Consensus | CQ54: {=_xll.VAData("MXSC_MY", "FY-"&CQ$2, "Capex", "Consensus", "CD", "","","")} -> 1334.4857 | CR54: {=_xll.VAData("MXSC_MY", "FY-"&CR$2, "Capex", "Consensus", "CD", "","","")} -> 1422.9957 | CS54: {=_xll.VAData("MXSC_MY", "FY-"&CS$2, "Capex", "Consensus", "CD", "","","")} -> 1448.9143 | CT54: {=_xll.VAData("MXSC_MY", "FY-"&CT$2, "Capex", "Consensus", "CD", "","","")} -> 1443.9678 | CU54: {=_xll.VAData("MXSC_MY", "FY-"&CU$2, "Capex", "Consensus", "CD", "","","")} -> 1469.804 | CV54: {=_xll.VAData("MXSC_MY", "FY-"&CV$2, "Capex", "Consensus", "CD", "","","")} -> 1496.9581 | CW54: {=_xll.VAData("MXSC_MY", "FY-"&CW$2, "Capex", "Consensus", "CD", "","","")} -> 1462.4119
A55: Diff. | CQ55: =IFERROR(CQ49/CQ54-1,"") -> -0.17978976 | CR55: =IFERROR(CR49/CR54-1,"") -> -0.29055689 | CS55: =IFERROR(CS49/CS54-1,"") -> -0.28619171 | CT55: =IFERROR(CT49/CT54-1,"") -> -0.26567918 | CU55: =IFERROR(CU49/CU54-1,"") -> -0.26138689 | CV55: =IFERROR(CV49/CV54-1,"") -> -0.25765413 | CW55: =IFERROR(CW49/CW54-1,"") -> 0.036934342
A59: KPIs
A61: Mobile Market share | B61: =B2 -> 2007 | C61: =C2 -> Q1 | D61: =D2 -> Q2 | E61: =E2 -> Q3 | F61: =F2 -> Q4 | G61: =G2 -> 2008 | H61: =H2 -> Q1 | I61: =I2 -> Q2 | ... CW61: =CW2 -> 2032
A62: Maxis | B62: 0.41774112 | G62: 0.41519971 | L62: 0.40407066 | Q62: 0.41162242 | V62: 0.34700272 | AA62: 0.34118644 | AF62: 0.29983721 | AK62: 0.28759465 | AP62: 0.2878458 | AU62: =AU73/AU$77 -> 0.26571429 | AZ62: =AZ73/AZ$77 -> 0.25567956 | BE62: =BE73/BE$77 -> 0.25371938 | BJ62: =BJ73/BJ$77 -> 0.24954597 | BO62: =BO73/BO$77 -> 0.25459935 | BT62: =BT73/BT$77 -> 0.24589921 | BY62: =BY73/BY$77 -> 0.24736576 | CD62: =CD73/CD$77 -> 0.25710679 | CI62: =CI73/CI$77 -> 0.81543645 | CN62: =CN73/CN$77 -> 0.27711968 | CQ62: =CQ73/CQ$77 -> 0.86398459 | CR62: =CR73/CR$77 -> 0.28362594 | CS62: =CS73/CS$77 -> 0.28674588 | CT62: =CT73/CT$77 -> 0.28820373 | CU62: =CU73/CU$77 -> 0.28766084 | CV62: =CV73/CV$77 -> 0.28717836 | CW62: =CW73/CW$77 -> 0.286749
A63: Celcom | B63: 0.30809114 | G63: 0.32379671 | L63: 0.33273178 | Q63: 0.33017699 | V63: 0.32643052 | AA63: 0.307046 | AF63: 0.30551163 | AK63: 0.2888196 | AP63: 0.27777778 | AU63: =AU74/AU$77 -> 0.23936508 | AZ63: =AZ74/AZ$77 -> 0.22334527 | BE63: =BE74/BE$77 -> 0.21399099 | BJ63: =BJ74/BJ$77 -> 0.1877088 | BO63: =BO74/BO$77 -> 0.19847405 | BT63: =BT74/BT$77 -> 0.20308168 | BY63: =BY74/BY$77 -> 0 | CD63: =CD74/CD$77 -> 0 | CI63: =CI74/CI$77 -> 0 | CN63: =CN74/CN$77 -> 0 | CQ63: =CQ74/CQ$77 -> 0 | CR63: =CR74/CR$77 -> 0 | CS63: =CS74/CS$77 -> 0 | CT63: =CT74/CT$77 -> 0 | CU63: =CU74/CU$77 -> 0 | CV63: =CV74/CV$77 -> 0 | CW63: =CW74/CW$77 -> 0
A64: Digi | B64: 0.27416774 | G64: 0.26100358 | L64: 0.25319757 | Q64: 0.25855457 | V64: 0.26466302 | AA64: 0.25409201 | AF64: 0.25569767 | AK64: 0.25436526 | AP64: 0.27494331 | AU64: =AU75/AU$77 -> 0.27888889 | AZ64: =AZ75/AZ$77 -> 0.27484149 | BE64: =BE75/BE$77 -> 0.27491571 | BJ64: =BJ75/BJ$77 -> 0.25293155 | BO64: =BO75/BO$77 -> 0.23879552 | BT64: =BT75/BT$77 -> 0.21810909 | BY64: =BY75/BY$77 -> 0.42116244 | CD64: =CD75/CD$77 -> 0.41965504 | CI64: =CI75/CI$77 -> 1.1860258 | CN64: =CN75/CN$77 -> 0.39487092 | CQ64: =CQ75/CQ$77 -> 0 | CR64: =CR75/CR$77 -> 0 | CS64: =CS75/CS$77 -> 0.39694688 | CT64: =CT75/CT$77 -> 0.39487092 | CU64: =CU75/CU$77 -> 0.37505446 | CV64: =CV75/CV$77 -> 0.3753183 | CW64: =CW75/CW$77 -> 0.37555309
B65: =B76/B77 -> 0 | C65: =C76/C77 -> #DIV/0! | D65: =D76/D77 -> #DIV/0! | E65: =E76/E77 -> #DIV/0! | F65: =F76/F77 -> #DIV/0! | G65: =G76/G77 -> 0 | H65: =H76/H77 -> #DIV/0! | I65: =I76/I77 -> #DIV/0! | ... BE65: =BE76/BE77 -> 0.25737392
A66: Total | B66: =SUM(B62:B65) -> 1 | C66: =SUM(C62:C65) -> #DIV/0! | D66: =SUM(D62:D65) -> #DIV/0! | E66: =SUM(E62:E65) -> #DIV/0! | F66: =SUM(F62:F65) -> #DIV/0! | G66: =SUM(G62:G65) -> 1 | H66: =SUM(H62:H65) -> #DIV/0! | I66: =SUM(I62:I65) -> #DIV/0! | ... BE66: =SUM(BE62:BE65) -> 1 | BJ66: =SUM(BJ62:BJ64) -> 0.69018632 | BO66: =SUM(BO62:BO64) -> 0.69186892 | BT66: =SUM(BT62:BT64) -> 0.66708997 | BY66: =SUM(BY62:BY64) -> 0.6685282 | CD66: =SUM(CD62:CD64) -> 0.67676183 | CI66: =SUM(CI62:CI64) -> 2.0014623 | CN66: =SUM(CN62:CN64) -> 0.67199061 | CQ66: =SUM(CQ62:CQ64) -> 0.86398459 | CR66: =SUM(CR62:CR64) -> 0.28362594 | CS66: =SUM(CS62:CS64) -> 0.68369276 | CT66: =SUM(CT62:CT64) -> 0.68307465 | CU66: =SUM(CU62:CU64) -> 0.6627153 | CV66: =SUM(CV62:CV64) -> 0.66249666 | CW66: =SUM(CW62:CW64) -> 0.66230209
A68: Mobile Subscribers, 000s | B68: =B2 -> 2007 | C68: =C2 -> Q1 | D68: =D2 -> Q2 | E68: =E2 -> Q3 | F68: =F2 -> Q4 | G68: =G2 -> 2008 | H68: =H2 -> Q1 | I68: =I2 -> Q2 | ... CW68: =CW2 -> 2032
A69: Population | B69: 27174 | G69: 27728 | L69: 28231.504 | Q69: 28725.555 | V69: 29228.253 | AA69: 29739.747 | AF69: 30260.193 | AK69: 30789.746 | AP69: 31328.567 | AU69: ='[1]Malaysian mobile model'!BK5 -> 31876.816 | AZ69: ='[1]Malaysian mobile model'!BP5 -> 32022.6 | BE69: ='[1]Malaysian mobile model'!BU5 -> 32382.3 | BJ69: ='[1]Malaysian mobile model'!BZ5 -> 32523 | BO69: ='[1]Malaysian mobile model'!CE5 -> 32657 | BT69: ='[1]Malaysian mobile model'!CJ5 -> 33573.874 | BY69: ='[1]Malaysian mobile model'!CO5 -> 33938.22 | CD69: ='[1]Malaysian mobile model'!CT5 -> 34306.52 | CI69: ='[2]Malaysian mobile model'!CY5 -> 35557.673 | CN69: ='[2]Malaysian mobile model'!DD5 -> 35977.838 | CQ69: ='[2]Malaysian mobile model'!DA5 -> 0 | CR69: ='[2]Malaysian mobile model'!DB5 -> 0 | CS69: ='[2]Malaysian mobile model'!DC5 -> 0 | CT69: ='[2]Malaysian mobile model'!DD5 -> 35977.838 | CU69: ='[2]Malaysian mobile model'!DE5 -> 36157.727 | CV69: ='[2]Malaysian mobile model'!DF5 -> 36338.516 | CW69: ='[2]Malaysian mobile model'!DG5 -> 36520.208
A71: Penetration | B71: 0.86024141 | G71: 0.97580424 | L71: 1.08 | Q71: 1.1801338 | V71: 1.2556344 | AA71: 1.3887139 | AF71: 1.4210088 | AK71: 1.4582777 | AP71: 1.407661 | AU71: ='[1]Malaysian mobile model'!BK7 -> 1.399 | AZ71: ='[1]Malaysian mobile model'!BP7 -> 1.312 | BE71: ='[1]Malaysian mobile model'!BU7 -> 1.302 | BJ71: ='[1]Malaysian mobile model'!BZ7 -> 1.354 | BO71: ='[1]Malaysian mobile model'!CE7 -> 1.336 | BT71: ='[1]Malaysian mobile model'!CJ7 -> 1.4072549 | BY71: ='[1]Malaysian mobile model'!CO7 -> 1.3981876 | CD71: ='[1]Malaysian mobile model'!CT7 -> 1.4181876 | CI71: ='[2]Malaysian mobile model'!CY7 -> 1.3277022 | CN71: ='[2]Malaysian mobile model'!DD7 -> 1.3377022 | CQ71: ='[2]Malaysian mobile model'!DA7 -> 0 | CR71: ='[2]Malaysian mobile model'!DB7 -> 0 | CS71: ='[2]Malaysian mobile model'!DC7 -> 0 | CT71: ='[2]Malaysian mobile model'!DD7 -> 1.3377022 | CU71: ='[2]Malaysian mobile model'!DE7 -> 1.3477022 | CV71: ='[2]Malaysian mobile model'!DF7 -> 1.3567022 | CW71: ='[2]Malaysian mobile model'!DG7 -> 1.3648022
A73: Maxis | B73: =B62*B$77 -> 9765.2 | G73: =G62*G$77 -> 11234.1 | L73: =L62*L$77 -> 12320.124 | Q73: =Q62*Q$77 -> 13954 | V73: =V62*V$77 -> 12735 | AA73: =AA62*AA$77 -> 14091 | AF73: =AF62*AF$77 -> 12893 | AK73: =AK62*AK$77 -> 12913 | AP73: =AP62*AP$77 -> 12694 | AU73: ='[1]Malaysian mobile model'!BK15 -> 11718 | AZ73: ='[1]Malaysian mobile model'!BP15 -> 10928 | BE73: ='[1]Malaysian mobile model'!BU15 -> 10761 | BJ73: ='[1]Malaysian mobile model'!BZ15 -> 11130 | BO73: ='[1]Malaysian mobile model'!CE15 -> 11132 | BT73: ='[1]Malaysian mobile model'!CJ15 -> 11618 | BY73: ='[1]Malaysian mobile model'!CO15 -> 11738 | CD73: ='[1]Malaysian mobile model'!CT15 -> 12511 | CI73: ='[2]Malaysian mobile model'!CY15 -> 12826 | CN73: ='[2]Malaysian mobile model'!DD15 -> 13504 | CQ73: ='[2]Malaysian mobile model'!DE15 -> 13589.614 | CR73: ='[2]Malaysian mobile model'!DF15 -> 13748.767 | CS73: ='[2]Malaysian mobile model'!DG15 -> 13900.007 | CT73: ='[2]Malaysian mobile model'!DH15 -> 14044.124 | CU73: ='[2]Malaysian mobile model'!DI15 -> 14181.836 | CV73: ='[2]Malaysian mobile model'!DJ15 -> 14313.791 | CW73: ='[2]Malaysian mobile model'!DK15 -> 14440.576
A74: Celcom | B74: =B63*B$77 -> 7202 | G74: =G63*G$77 -> 8761 | L74: =L63*L$77 -> 10145 | Q74: =Q63*Q$77 -> 11193 | V74: =V63*V$77 -> 11980 | AA74: =AA63*AA$77 -> 12681 | AF74: =AF63*AF$77 -> 13137 | AK74: =AK63*AK$77 -> 12968 | AP74: =AP63*AP$77 -> 12250 | AU74: ='[1]Malaysian mobile model'!BK16 -> 10556 | AZ74: ='[1]Malaysian mobile model'!BP16 -> 9546 | BE74: ='[1]Malaysian mobile model'!BU16 -> 9076 | BJ74: ='[1]Malaysian mobile model'!BZ16 -> 8372 | BO74: ='[1]Malaysian mobile model'!CE16 -> 8678 | BT74: ='[1]Malaysian mobile model'!CJ16 -> 9595 | BY74: ='[1]Malaysian mobile model'!CO16 -> 0 | CD74: ='[1]Malaysian mobile model'!CT16 -> 0 | CI74: ='[2]Malaysian mobile model'!CY16 -> 0 | CN74: ='[2]Malaysian mobile model'!DD16 -> 0 | CQ74: ='[2]Malaysian mobile model'!DA16 -> 0 | CR74: ='[2]Malaysian mobile model'!DB16 -> 0 | CS74: ='[2]Malaysian mobile model'!DC16 -> 0 | CT74: ='[2]Malaysian mobile model'!DD16 -> 0 | CU74: ='[2]Malaysian mobile model'!DE16 -> 0 | CV74: ='[2]Malaysian mobile model'!DF16 -> 0 | CW74: ='[2]Malaysian mobile model'!DG16 -> 0
A75: Digi | B75: =B64*B$77 -> 6409 | G75: =G64*G$77 -> 7062 | L75: =L64*L$77 -> 7720 | Q75: =Q64*Q$77 -> 8765 | V75: =V64*V$77 -> 9713.1329 | AA75: =AA64*AA$77 -> 10494 | AF75: =AF64*AF$77 -> 10995 | AK75: =AK64*AK$77 -> 11421 | AP75: =AP64*AP$77 -> 12125 | AU75: ='[1]Malaysian mobile model'!BK17 -> 12299 | AZ75: ='[1]Malaysian mobile model'!BP17 -> 11747 | BE75: ='[1]Malaysian mobile model'!BU17 -> 11660 | BJ75: ='[1]Malaysian mobile model'!BZ17 -> 11281 | BO75: ='[1]Malaysian mobile model'!CE17 -> 10441 | BT75: ='[1]Malaysian mobile model'!CJ17 -> 10305 | BY75: ='[1]Malaysian mobile model'!CO17 -> 19985 | CD75: ='[1]Malaysian mobile model'!CT17 -> 20420.714 | CI75: ='[2]Malaysian mobile model'!CY17 -> 18655 | CN75: ='[2]Malaysian mobile model'!DD17 -> 19242 | CQ75: ='[2]Malaysian mobile model'!DA17 -> 0 | CR75: ='[2]Malaysian mobile model'!DB17 -> 0 | CS75: ='[2]Malaysian mobile model'!DC17 -> 19242 | CT75: ='[2]Malaysian mobile model'!DD17 -> 19242 | CU75: ='[2]Malaysian mobile model'!DE17 -> 18490.389 | CV75: ='[2]Malaysian mobile model'!DF17 -> 18706.937 | CW75: ='[2]Malaysian mobile model'!DG17 -> 18912.718
A76: Other | B76: =B77-SUM(B73:B75) -> 0 | G76: =G77-SUM(G73:G75) -> 0 | L76: =L77-SUM(L73:L75) -> 304.90024 | Q76: =Q77-SUM(Q73:Q75) -> -12 | V76: =V77-SUM(V73:V75) -> 2271.8671 | AA76: =AA77-SUM(AA73:AA75) -> 4034 | AF76: =AF77-SUM(AF73:AF75) -> 5975 | AK76: =AK77-SUM(AK73:AK75) -> 7598 | AP76: =AP77-SUM(AP73:AP75) -> 7031 | AU76: =AU77-SUM(AU73:AU75) -> 9527 | AZ76: =AZ77-SUM(AZ73:AZ75) -> 10520 | BE76: =BE77-SUM(BE73:BE75) -> 10916 | BJ76: =BJ77-SUM(BJ73:BJ75) -> 13818 | BO76: =BO77-SUM(BO73:BO75) -> 13472.6 | BT76: =BT77-SUM(BT73:BT75) -> 15729 | BY76: =BY77-SUM(BY73:BY75) -> 15729 | CD76: =CD77-SUM(CD73:CD75) -> 15729 | CI76: =CI77-SUM(CI73:CI75) -> -15752 | CN76: =CN77-SUM(CN73:CN75) -> 15983.848 | CQ76: =CQ77-SUM(CQ73:CQ75) -> 2139.3864 | CR76: =CR77-SUM(CR73:CR75) -> 34726.233 | CS76: =CS77-SUM(CS73:CS75) -> 15332.993 | CT76: =CT77-SUM(CT73:CT75) -> 15443.724 | CU76: =CU77-SUM(CU73:CU75) -> 16628.319 | CV76: =CV77-SUM(CV73:CV75) -> 16822.132 | CW76: =CW77-SUM(CW73:CW75) -> 17006.344
A77: Total | B77: =B69*B71 -> 23376.2 | G77: =G69*G71 -> 27057.1 | L77: =L69*L71 -> 30490.024 | Q77: =Q69*Q71 -> 33900 | V77: =V69*V71 -> 36700 | AA77: =AA69*AA71 -> 41300 | AF77: =AF69*AF71 -> 43000 | AK77: =AK69*AK71 -> 44900 | AP77: =AP69*AP71 -> 44100 | AU77: ='[1]Malaysian mobile model'!BK21 -> 44100 | AZ77: ='[1]Malaysian mobile model'!BP21 -> 42741 | BE77: ='[1]Malaysian mobile model'!BU21 -> 42413 | BJ77: ='[1]Malaysian mobile model'!BZ21 -> 44601 | BO77: ='[1]Malaysian mobile model'!CE21 -> 43723.6 | BT77: ='[1]Malaysian mobile model'!CJ21 -> 47247 | BY77: ='[1]Malaysian mobile model'!CO21 -> 47452 | CD77: ='[1]Malaysian mobile model'!CT21 -> 48660.714 | CI77: ='[2]Malaysian mobile model'!CZ21 -> 15729 | CN77: ='[2]Malaysian mobile model'!DE21 -> 48729.848 | CQ77: ='[2]Malaysian mobile model'!DB21 -> 15729 | CR77: ='[2]Malaysian mobile model'!DC21 -> 48475 | CS77: ='[2]Malaysian mobile model'!DD21 -> 48475 | CT77: ='[2]Malaysian mobile model'!DE21 -> 48729.848 | CU77: ='[2]Malaysian mobile model'!DF21 -> 49300.544 | CV77: ='[2]Malaysian mobile model'!DG21 -> 49842.86 | CW77: ='[2]Malaysian mobile model'!DH21 -> 50359.638
A78: % growth | G78: =G77/B77-1 -> 0.15746357 | L78: =L77/G77-1 -> 0.12687703 | Q78: =Q77/L77-1 -> 0.11183906 | V78: =V77/Q77-1 -> 0.08259587 | AA78: =AA77/V77-1 -> 0.1253406 | AF78: =AF77/AA77-1 -> 0.041162228 | AK78: =AK77/AF77-1 -> 0.044186047 | AP78: =AP77/AK77-1 -> -0.017817372 | AU78: =AU77/AP77-1 -> 0 | AZ78: =AZ77/AU77-1 -> -0.030816327 | BE78: =BE77/AZ77-1 -> -0.0076741302 | BJ78: =BJ77/BE77-1 -> 0.051587957 | BO78: =BO77/BJ77-1 -> -0.019672205 | BT78: =BT77/BO77-1 -> 0.080583484 | BY78: =BY77/BT77-1 -> 0.0043388998 | CD78: =CD77/BY77-1 -> 0.025472351 | CI78: =CI77/CD77-1 -> -0.67676183 | CN78: =CN77/CI77-1 -> 2.0980894 | CQ78: =CQ77/CN77-1 -> -0.67722042 | CR78: =CR77/CQ77-1 -> 2.081887 | CS78: =CS77/CR77-1 -> 0 | CT78: =CT77/CS77-1 -> 0.0052573038 | CU78: =CU77/CT77-1 -> 0.011711423 | CV78: =CV77/CU77-1 -> 0.011000211 | CW78: =CW77/CV77-1 -> 0.010368141
CI79: =CI73/CD73-1 -> 0.025177843 | CN79: =CN73/CI73-1 -> 0.052861375 | CQ79: =CQ73/CN73-1 -> 0.0063398685 | CR79: =CR73/CQ73-1 -> 0.011711423 | CS79: =CS73/CR73-1 -> 0.011000211 | CT79: =CT73/CS73-1 -> 0.010368141 | CU79: =CU73/CT73-1 -> 0.0098056574 | CV79: =CV73/CU73-1 -> 0.0093045086 | CW79: =CW73/CV73-1 -> 0.0088575356
A80: Mobile net additions, 000s | B80: =B68 -> 2007 | G80: =B80+1 -> 2008 | L80: =G80+1 -> 2009 | Q80: =L80+1 -> 2010 | V80: =Q80+1 -> 2011 | AA80: =V80+1 -> 2012 | AF80: =AA80+1 -> 2013 | AK80: =AF80+1 -> 2014 | AP80: =AK80+1 -> 2015 | AU80: =AP80+1 -> 2016 | AZ80: =AU80+1 -> 2017 | BE80: =AZ80+1 -> 2018 | BJ80: =BE80+1 -> 2019 | BO80: =BJ80+1 -> 2020 | BT80: =BO80+1 -> 2021 | BY80: =BT80+1 -> 2022 | CD80: =BY80+1 -> 2023 | CI80: =CD80+1 -> 2024 | CN80: =CI80+1 -> 2025 | CQ80: =CN80+1 -> 2026 | CR80: =CQ80+1 -> 2027 | CS80: =CR80+1 -> 2028 | CT80: =CS80+1 -> 2029 | CU80: =CT80+1 -> 2030 | CV80: =CU80+1 -> 2031 | CW80: =CV80+1 -> 2032
A81: Maxis | G81: =G73-B73 -> 1468.9 | L81: =L73-G73 -> 1086.0242 | Q81: =Q73-L73 -> 1633.8758 | V81: =V73-Q73 -> -1219 | AA81: =AA73-V73 -> 1356 | AF81: =AF73-AA73 -> -1198 | AK81: =AK73-AF73 -> 20 | AP81: =AP73-AK73 -> -219 | AU81: =AU73-AP73 -> -976 | AZ81: =AZ73-AU73 -> -790 | BE81: =BE73-AZ73 -> -167 | BJ81: =BJ73-BE73 -> 369 | BO81: =BO73-BJ73 -> 2 | BT81: =BT73-BO73 -> 486 | BY81: =BY73-BT73 -> 120 | CD81: =CD73-BY73 -> 773 | CI81: =CI73-CD73 -> 315 | CN81: =CN73-CI73 -> 678 | CQ81: =CQ73-CN73 -> 85.613585 | CR81: =CR73-CQ73 -> 159.15372 | CS81: =CS73-CR73 -> 151.23935 | CT81: =CT73-CS73 -> 144.11722 | CU81: =CU73-CT73 -> 137.71187 | CV81: =CV73-CU73 -> 131.95501 | CW81: =CW73-CV73 -> 126.78491
A82: Celcom | G82: =G74-B74 -> 1559 | L82: =L74-G74 -> 1384 | Q82: =Q74-L74 -> 1048 | V82: =V74-Q74 -> 787 | AA82: =AA74-V74 -> 701 | AF82: =AF74-AA74 -> 456 | AK82: =AK74-AF74 -> -169 | AP82: =AP74-AK74 -> -718 | AU82: =AU74-AP74 -> -1694 | AZ82: =AZ74-AU74 -> -1010 | BE82: =BE74-AZ74 -> -470 | BJ82: =BJ74-BE74 -> -704 | BO82: =BO74-BJ74 -> 306 | BT82: =BT74-BO74 -> 917 | BY82: =BY74-BT74 -> -9595 | CD82: =CD74-BY74 -> 0 | CI82: =CI74-CD74 -> 0 | CN82: =CN74-CI74 -> 0 | CQ82: =CQ74-CN74 -> 0 | CR82: =CR74-CQ74 -> 0 | CS82: =CS74-CR74 -> 0 | CT82: =CT74-CS74 -> 0 | CU82: =CU74-CT74 -> 0 | CV82: =CV74-CU74 -> 0 | CW82: =CW74-CV74 -> 0
A83: Digi | G83: =G75-B75 -> 653 | L83: =L75-G75 -> 658 | Q83: =Q75-L75 -> 1045 | V83: =V75-Q75 -> 948.13292 | AA83: =AA75-V75 -> 780.86708 | AF83: =AF75-AA75 -> 501 | AK83: =AK75-AF75 -> 426 | AP83: =AP75-AK75 -> 704 | AU83: =AU75-AP75 -> 174 | AZ83: =AZ75-AU75 -> -552 | BE83: =BE75-AZ75 -> -87 | BJ83: =BJ75-BE75 -> -379 | BO83: =BO75-BJ75 -> -840 | BT83: =BT75-BO75 -> -136 | BY83: =BY75-BT75 -> 9680 | CD83: =CD75-BY75 -> 435.714 | CI83: =CI75-CD75 -> -1765.714 | CN83: =CN75-CI75 -> 587 | CQ83: =CQ75-CN75 -> -19242 | CR83: =CR75-CQ75 -> 0 | CS83: =CS75-CR75 -> 19242 | CT83: =CT75-CS75 -> 0 | CU83: =CU75-CT75 -> -751.6113 | CV83: =CV75-CU75 -> 216.54877 | CW83: =CW75-CV75 -> 205.78027
A84: Other | G84: =G76-B76 -> 0 | L84: =L76-G76 -> 304.90024 | Q84: =Q76-L76 -> -316.90024 | V84: =V76-Q76 -> 2283.8671 | AA84: =AA76-V76 -> 1762.1329 | AF84: =AF76-AA76 -> 1941 | AK84: =AK76-AF76 -> 1623 | AP84: =AP76-AK76 -> -567 | AU84: =AU76-AP76 -> 2496 | AZ84: =AZ76-AU76 -> 993 | BE84: =BE76-AZ76 -> 396 | BJ84: =BJ76-BE76 -> 2902 | BO84: =BO76-BJ76 -> -345.4 | BT84: =BT76-BO76 -> 2256.4 | BY84: =BY76-BT76 -> 0 | CD84: =CD76-BY76 -> 0 | CI84: =CI76-CD76 -> -31481 | CN84: =CN76-CI76 -> 31735.848 | CQ84: =CQ76-CN76 -> -13844.461 | CR84: =CR76-CQ76 -> 32586.846 | CS84: =CS76-CR76 -> -19393.239 | CT84: =CT76-CS76 -> 110.73058 | CU84: =CU76-CT76 -> 1184.5953 | CV84: =CV76-CU76 -> 193.81262 | CW84: =CW76-CV76 -> 184.2126
A85: Total | G85: =SUM(G81:G83) -> 3680.9 | L85: =SUM(L81:L83) -> 3128.0242 | Q85: =SUM(Q81:Q83) -> 3726.8758 | V85: =V77-Q77 -> 2800 | AA85: =AA77-V77 -> 4600 | AF85: =AF77-AA77 -> 1700 | AK85: =AK77-AF77 -> 1900 | AP85: =AP77-AK77 -> -800 | AU85: =AU77-AP77 -> 0 | AZ85: =AZ77-AU77 -> -1359 | BE85: =BE77-AZ77 -> -328 | BJ85: =BJ77-BE77 -> 2188 | BO85: =BO77-BJ77 -> -877.4 | BT85: =BT77-BO77 -> 3523.4 | BY85: =BY77-BT77 -> 205 | CD85: =CD77-BY77 -> 1208.714 | CI85: =CI77-CD77 -> -32931.714 | CN85: =CN77-CI77 -> 33000.848 | CQ85: =CQ77-CN77 -> -33000.848 | CR85: =CR77-CQ77 -> 32746 | CS85: =CS77-CR77 -> 0 | CT85: =CT77-CS77 -> 254.8478 | CU85: =CU77-CT77 -> 570.69588 | CV85: =CV77-CU77 -> 542.31641 | CW85: =CW77-CV77 -> 516.77778
A87: Share of Net additions | B87: =B80 -> 2007 | G87: =B87+1 -> 2008 | L87: =G87+1 -> 2009 | Q87: =L87+1 -> 2010 | V87: =Q87+1 -> 2011 | AA87: =V87+1 -> 2012 | AF87: =AA87+1 -> 2013 | AK87: =AF87+1 -> 2014 | AP87: =AK87+1 -> 2015 | AU87: =AP87+1 -> 2016 | AZ87: =AU87+1 -> 2017 | BE87: =AZ87+1 -> 2018 | BJ87: =BE87+1 -> 2019 | BO87: =BJ87+1 -> 2020 | BT87: =BO87+1 -> 2021 | BY87: =BT87+1 -> 2022 | CD87: =BY87+1 -> 2023 | CI87: =CD87+1 -> 2024 | CN87: =CI87+1 -> 2025 | CQ87: =CN87+1 -> 2026 | CR87: =CQ87+1 -> 2027 | CS87: =CR87+1 -> 2028 | CT87: =CS87+1 -> 2029 | CU87: =CT87+1 -> 2030 | CV87: =CU87+1 -> 2031 | CW87: =CV87+1 -> 2032
A88: Maxis | G88: =G81/$G$85 -> 0.39906001 | L88: =L81/$L$85 -> 0.34719175 | Q88: =Q81/$Q$85 -> 0.43840361 | V88: =V81/$V$85 -> -0.43535714 | AA88: =AA81/$AA$85 -> 0.29478261 | AF88: =AF81/$AF$85 -> -0.70470588 | AK88: =AK81/$AK$85 -> 0.010526316 | AP88: =AP81/$AK$85 -> -0.11526316 | AU88: =AU81/$AK$85 -> -0.51368421 | AZ88: =AZ81/$AK$85 -> -0.41578947 | BE88: =BE81/$AK$85 -> -0.087894737 | BJ88: =BJ81/$AK$85 -> 0.19421053 | BO88: =BO81/$AK$85 -> 0.0010526316 | BT88: =BT81/$AK$85 -> 0.25578947 | BY88: =BY81/$AK$85 -> 0.063157895 | CD88: =CD81/$AK$85 -> 0.40684211 | CI88: =CI81/$AK$85 -> 0.16578947 | CN88: =CN81/$AK$85 -> 0.35684211 | CQ88: =CQ81/$AK$85 -> 0.045059781 | CR88: =CR81/$AK$85 -> 0.083765115 | CS88: =CS81/$AK$85 -> 0.079599657 | CT88: =CT81/$AK$85 -> 0.07585117 | CU88: =CU81/$AK$85 -> 0.07247993 | CV88: =CV81/$AK$85 -> 0.069450007 | CW88: =CW81/$AK$85 -> 0.0667289
A89: Celcom | G89: =G82/$G$85 -> 0.42353772 | L89: =L82/$L$85 -> 0.44245182 | Q89: =Q82/$Q$85 -> 0.28120068 | V89: =V82/$V$85 -> 0.28107143 | AA89: =AA82/$AA$85 -> 0.1523913 | AF89: =AF82/$AF$85 -> 0.26823529 | AK89: =AK82/$AK$85 -> -0.088947368 | AP89: =AP82/$AK$85 -> -0.37789474 | AU89: =AU82/$AK$85 -> -0.89157895 | AZ89: =AZ82/$AK$85 -> -0.53157895 | BE89: =BE82/$AK$85 -> -0.24736842 | BJ89: =BJ82/$AK$85 -> -0.37052632 | BO89: =BO82/$AK$85 -> 0.16105263 | BT89: =BT82/$AK$85 -> 0.48263158 | BY89: =BY82/$AK$85 -> -5.05 | CD89: =CD82/$AK$85 -> 0 | CI89: =CI82/$AK$85 -> 0 | CN89: =CN82/$AK$85 -> 0 | CQ89: =CQ82/$AK$85 -> 0 | CR89: =CR82/$AK$85 -> 0 | CS89: =CS82/$AK$85 -> 0 | CT89: =CT82/$AK$85 -> 0 | CU89: =CU82/$AK$85 -> 0 | CV89: =CV82/$AK$85 -> 0 | CW89: =CW82/$AK$85 -> 0
A90: Digi | G90: =G83/$G$85 -> 0.17740227 | L90: =L83/$L$85 -> 0.21035643 | Q90: =Q83/$Q$85 -> 0.28039571 | V90: =V83/$V$85 -> 0.3386189 | AA90: =AA83/$AA$85 -> 0.16975371 | AF90: =AF83/$AF$85 -> 0.29470588 | AK90: =AK83/$AK$85 -> 0.22421053 | AP90: =AP83/$AK$85 -> 0.37052632 | AU90: =AU83/$AK$85 -> 0.091578947 | AZ90: =AZ83/$AK$85 -> -0.29052632 | BE90: =BE83/$AK$85 -> -0.045789474 | BJ90: =BJ83/$AK$85 -> -0.19947368 | BO90: =BO83/$AK$85 -> -0.44210526 | BT90: =BT83/$AK$85 -> -0.071578947 | BY90: =BY83/$AK$85 -> 5.0947368 | CD90: =CD83/$AK$85 -> 0.22932316 | CI90: =CI83/$AK$85 -> -0.92932316 | CN90: =CN83/$AK$85 -> 0.30894737 | CQ90: =CQ83/$AK$85 -> -10.127368 | CR90: =CR83/$AK$85 -> 0 | CS90: =CS83/$AK$85 -> 10.127368 | CT90: =CT83/$AK$85 -> 0 | CU90: =CU83/$AK$85 -> -0.39558489 | CV90: =CV83/$AK$85 -> 0.11397304 | CW90: =CW83/$AK$85 -> 0.1083054
G91: =G84/$G$85 -> 0 | L91: =L84/$L$85 -> 0.097473749 | Q91: =Q84/$Q$85 -> -0.085031072 | V91: =V84/$V$85 -> 0.81566681 | AA91: =AA84/$AA$85 -> 0.38307237 | AF91: =AF84/$AF$85 -> 1.1417647 | AK91: =AK84/$AK$85 -> 0.85421053 | AP91: =AP84/$AK$85 -> -0.29842105 | AU91: =AU84/$AK$85 -> 1.3136842 | AZ91: =AZ84/$AK$85 -> 0.52263158 | BE91: =BE84/$AK$85 -> 0.20842105 | BJ91: =BJ84/$AK$85 -> 1.5273684 | BO91: =BO84/$AK$85 -> -0.18178947 | BT91: =BT84/$AK$85 -> 1.1875789 | BY91: =BY84/$AK$85 -> 0 | CD91: =CD84/$AK$85 -> 0 | CI91: =CI84/$AK$85 -> -16.568947 | CN91: =CN84/$AK$85 -> 16.703078 | CQ91: =CQ84/$AK$85 -> -7.2865586 | CR91: =CR84/$AK$85 -> 17.150972 | CS91: =CS84/$AK$85 -> -10.206968 | CT91: =CT84/$AK$85 -> 0.058279251 | CU91: =CU84/$AK$85 -> 0.62347122 | CV91: =CV84/$AK$85 -> 0.10200664 | CW91: =CW84/$AK$85 -> 0.096954001
A92: Total | G92: =G85/$G$85 -> 1 | L92: =L85/$L$85 -> 1 | Q92: =Q85/$Q$85 -> 1 | V92: =V85/$V$85 -> 1 | AA92: =AA85/$AA$85 -> 1 | AF92: =AF85/$AF$85 -> 1 | AK92: =AK85/$AK$85 -> 1 | AP92: =AP85/$AK$85 -> -0.42105263 | AU92: =AU85/$AK$85 -> 0 | AZ92: =AZ85/$AK$85 -> -0.71526316 | BE92: =BE85/$AK$85 -> -0.17263158 | BJ92: =BJ85/$AK$85 -> 1.1515789 | BO92: =BO85/$AK$85 -> -0.46178947 | BT92: =BT85/$AK$85 -> 1.8544211 | BY92: =BY85/$AK$85 -> 0.10789474 | CD92: =CD85/$AK$85 -> 0.63616526 | CI92: =CI85/$AK$85 -> -17.332481 | CN92: =CN85/$AK$85 -> 17.368867 | CQ92: =CQ85/$AK$85 -> -17.368867 | CR92: =CR85/$AK$85 -> 17.234737 | CS92: =CS85/$AK$85 -> 0 | CT92: =CT85/$AK$85 -> 0.13413042 | CU92: =CU85/$AK$85 -> 0.30036625 | CV92: =CV85/$AK$85 -> 0.28542969 | CW92: =CW85/$AK$85 -> 0.27198831
A95: Split pre-pay/post-pay | B95: =B2 -> 2007 | C95: =C2 -> Q1 | D95: =D2 -> Q2 | E95: =E2 -> Q3 | F95: =F2 -> Q4 | G95: =G2 -> 2008 | H95: =H2 -> Q1 | I95: =I2 -> Q2 | ... CW95: =CW2 -> 2032
A96: Postpay | AU96: =AU98*AU75 -> 0 | AV96: =AV104 -> 2800 | AW96: =AW104 -> 2842 | AX96: =AX104 -> 2849 | AY96: =AY104 -> 2894 | AZ96: =AZ104 -> 2894 | BA96: =BA104 -> 2958 | BB96: =BB104 -> 3019 | BC96: =BC104 -> 3105 | ... CP96: =CP104 -> 6156 | CQ96: =CQ98*CQ73 -> 5997.2945 | CR96: =CR98*CR73 -> 6108.7777 | CS96: =CS98*CS73 -> 6217.6755 | CT96: =CT98*CT73 -> 6324.2737 | CU96: =CU98*CU73 -> 6428.8328 | CV96: =CV98*CV73 -> 6531.5913 | CW96: =CW98*CW73 -> 6632.7669
A97: Prepay | AU97: =AU99*AU75 -> 12299 | AV97: =AV110 -> 8820 | AW97: =AW110 -> 8653 | AX97: =AX110 -> 8255 | AY97: =AY110 -> 8034 | AZ97: =AZ110 -> 8034 | BA97: =BA110 -> 7756 | BB97: =BB110 -> 7716 | BC97: =BC110 -> 7703 | ... CP97: =CP110 -> 7391 | CQ97: =CQ99*CQ73 -> 7592.3191 | CR97: =CR99*CR73 -> 7639.9896 | CS97: =CS99*CS73 -> 7682.3311 | CT97: =CT99*CT73 -> 7719.8502 | CU97: =CU99*CU73 -> 7753.0029 | CV97: =CV99*CV73 -> 7782.1994 | CW97: =CW99*CW73 -> 7807.8088
A98: Postpay % | B98: =B96/(B97+B96) -> #DIV/0! | G98: =G96/(G97+G96) -> #DIV/0! | L98: =L96/(L97+L96) -> #DIV/0! | Q98: =Q96/(Q97+Q96) -> #DIV/0! | V98: =V96/(V97+V96) -> #DIV/0! | AA98: =AA96/(AA97+AA96) -> #DIV/0! | AF98: =AF96/(AF97+AF96) -> #DIV/0! | AK98: =AK96/(AK97+AK96) -> #DIV/0! | AP98: =AP96/(AP97+AP96) -> #DIV/0! | AV98: =AV96/(AV96+AV97) -> 0.24096386 | AW98: =AW96/(AW96+AW97) -> 0.24723793 | AX98: =AX96/(AX96+AX97) -> 0.25657421 | AY98: =AY96/(AY96+AY97) -> 0.2648243 | AZ98: =AZ96/(AZ96+AZ97) -> 0.2648243 | BA98: =BA96/(BA96+BA97) -> 0.27608736 | BB98: =BB96/(BB96+BB97) -> 0.28122962 | BC98: =BC96/(BC96+BC97) -> 0.28728719 | ... CP98: =CP96/(CP96+CP97) -> 0.45441795 | CQ98: =CN98+0.3% -> 0.44131457 | CR98: =CQ98+0.3% -> 0.44431457 | CS98: =CR98+0.3% -> 0.44731457 | CT98: =CS98+0.3% -> 0.45031457 | CU98: =CT98+0.3% -> 0.45331457 | CV98: =CU98+0.3% -> 0.45631457 | CW98: =CV98+0.3% -> 0.45931457
A99: Prepay % | B99: =100%-B98 -> #DIV/0! | G99: =100%-G98 -> #DIV/0! | L99: =100%-L98 -> #DIV/0! | Q99: =100%-Q98 -> #DIV/0! | V99: =100%-V98 -> #DIV/0! | AA99: =100%-AA98 -> #DIV/0! | AF99: =100%-AF98 -> #DIV/0! | AK99: =100%-AK98 -> #DIV/0! | AP99: =100%-AP98 -> #DIV/0! | AU99: =100%-AU98 -> 1 | AV99: =1-AV98 -> 0.75903614 | AW99: =1-AW98 -> 0.75276207 | AX99: =1-AX98 -> 0.74342579 | AY99: =1-AY98 -> 0.7351757 | AZ99: =1-AZ98 -> 0.7351757 | BA99: =1-BA98 -> 0.72391264 | BB99: =1-BB98 -> 0.71877038 | BC99: =1-BC98 -> 0.71271281 | ... CP99: =1-CP98 -> 0.54558205 | CQ99: =100%-CQ98 -> 0.55868543 | CR99: =100%-CR98 -> 0.55568543 | CS99: =100%-CS98 -> 0.55268543 | CT99: =100%-CT98 -> 0.54968543 | CU99: =100%-CU98 -> 0.54668543 | CV99: =100%-CV98 -> 0.54368543 | CW99: =100%-CW98 -> 0.54068543
A101: Postpay Subscribers, 000s | B101: =B95 -> 2007 | G101: =B101+1 -> 2008 | L101: =G101+1 -> 2009 | Q101: =L101+1 -> 2010 | V101: =Q101+1 -> 2011 | AA101: =V101+1 -> 2012 | AF101: =AA101+1 -> 2013 | AK101: =AF101+1 -> 2014 | AP101: =AK101+1 -> 2015 | AU101: =AP101+1 -> 2016 | AZ101: =AU101+1 -> 2017 | BE101: =AZ101+1 -> 2018 | BJ101: =BE101+1 -> 2019 | BO101: =BJ101+1 -> 2020 | BT101: =BO101+1 -> 2021 | BY101: =BT101+1 -> 2022 | CD101: =BY101+1 -> 2023 | CI101: =CD101+1 -> 2024 | CN101: =CI101+1 -> 2025 | CQ101: =CN101+1 -> 2026 | CR101: =CQ101+1 -> 2027 | CS101: =CR101+1 -> 2028 | CT101: =CS101+1 -> 2029 | CU101: =CT101+1 -> 2030 | CV101: =CU101+1 -> 2031 | CW101: =CV101+1 -> 2032
A102: Subscribers - Jan 1st | G102: =B96 -> 0 | L102: =G96 -> 0 | Q102: =L96 -> 0 | V102: =Q96 -> 0 | AA102: =V96 -> 0 | AF102: =AA96 -> 0 | AK102: =AF96 -> 0 | AP102: =AK96 -> 0 | AU102: =AP96 -> 0 | AW102: =AV104 -> 2800 | AX102: =AW104 -> 2842 | AY102: =AX104 -> 2849 | AZ102: =AU96 -> 0 | BA102: =AZ104 -> 2894 | BB102: =BA104 -> 2958 | BC102: =BB104 -> 3019 | BD102: =BC104 -> 3105 | BE102: =AZ96 -> 2894 | BF102: =BE104 -> 3190 | BG102: =BF104 -> 3321 | BH102: =BG104 -> 3438 | BI102: =BH104 -> 3581 | BJ102: =BE96 -> 3190 | BK102: =BJ104 -> 3755 | BL102: =BK104 -> 3833 | BM102: =BL104 -> 3801 | BN102: =BM104 -> 3855 | BO102: =BJ96 -> 3755 | BP102: =BO104 -> 3939 | BQ102: =BP104 -> 4006 | BR102: =BQ104 -> 4133 | BS102: =BR104 -> 4107 | BT102: =BO96 -> 3939 | BU102: =BT104 -> 4259 | BV102: =BU104 -> 4324 | BW102: =BV104 -> 4398 | BX102: =BW104 -> 4478 | BY102: =BT96 -> 4259 | BZ102: =BY104 -> 4591 | CA102: =BZ104 -> 4663 | CB102: =CA104 -> 4721 | CC102: =CB104 -> 4825 | CD102: =BY96 -> 4591 | CE102: =CD104 -> 4922 | CF102: =CE104 -> 5033 | CG102: =CF104 -> 5129 | CH102: =CG104 -> 5243 | CI102: =CD96 -> 4922 | CJ102: =CI104 -> 5388 | CK102: =CJ104 -> 5549 | CL102: =CK104 -> 5647 | CM102: =CL104 -> 5794 | CN102: =CI96 -> 5388 | CO102: =CN104 -> 5919 | CP102: =CO104 -> 6018 | CQ102: =CN96 -> 5919 | CR102: =CQ96 -> 5997.2945 | CS102: =CR96 -> 6108.7777 | CT102: =CS96 -> 6217.6755 | CU102: =CT96 -> 6324.2737 | CV102: =CU96 -> 6428.8328 | CW102: =CV96 -> 6531.5913
A103: Net adds | G103: =G104-G102 -> 0 | L103: =L104-L102 -> 0 | Q103: =Q104-Q102 -> 0 | V103: =V104-V102 -> 0 | AA103: =AA104-AA102 -> 0 | AF103: =AF104-AF102 -> 0 | AK103: =AK104-AK102 -> 0 | AP103: =AP104-AP102 -> 0 | AU103: =AU104-AU102 -> 0 | AW103: =AW104-AW102 -> 42 | AX103: =AX104-AX102 -> 7 | AY103: =AY104-AY102 -> 45 | AZ103: =AZ104-AZ102 -> 2894 | BA103: =BA104-BA102 -> 64 | BB103: =BB104-BB102 -> 61 | BC103: =BC104-BC102 -> 86 | BD103: =BD104-BD102 -> 85 | ... CW103: =CW104-CW102 -> 101.17553
A104: Subscribers - Dec 31st | G104: =G96 -> 0 | L104: =L96 -> 0 | Q104: =Q96 -> 0 | V104: =V96 -> 0 | AA104: =AA96 -> 0 | AF104: =AF96 -> 0 | AK104: =AK96 -> 0 | AP104: =AP96 -> 0 | AU104: =AU96 -> 0 | AV104: ='[3]Domestic Mobile Operations'!W$13 -> 2800 | AW104: ='[3]Domestic Mobile Operations'!X$13 -> 2842 | AX104: ='[3]Domestic Mobile Operations'!Y$13 -> 2849 | AY104: ='[3]Domestic Mobile Operations'!Z$13 -> 2894 | AZ104: =AY104 -> 2894 | BA104: ='[3]Domestic Mobile Operations'!AA$13 -> 2958 | BB104: ='[3]Domestic Mobile Operations'!AB$13 -> 3019 | BC104: ='[3]Domestic Mobile Operations'!AC$13 -> 3105 | BD104: ='[3]Domestic Mobile Operations'!AD$13 -> 3190 | BE104: =BD104 -> 3190 | BF104: ='[3]Domestic Mobile Operations'!AE$13 -> 3321 | BG104: ='[3]Domestic Mobile Operations'!AF$13 -> 3438 | BH104: ='[3]Domestic Mobile Operations'!AG$13 -> 3581 | BI104: ='[3]Domestic Mobile Operations'!AH$13 -> 3755 | BJ104: =BI104 -> 3755 | BK104: ='[3]Domestic Mobile Operations'!AI$13 -> 3833 | BL104: ='[3]Domestic Mobile Operations'!AJ$13 -> 3801 | BM104: ='[3]Domestic Mobile Operations'!AK$13 -> 3855 | BN104: ='[3]Domestic Mobile Operations'!AL$13 -> 3939 | BO104: =BN104 -> 3939 | BP104: ='[3]Domestic Mobile Operations'!AM$13 -> 4006 | BQ104: ='[3]Domestic Mobile Operations'!AN$13 -> 4133 | BR104: ='[3]Domestic Mobile Operations'!AO$13 -> 4107 | BS104: ='[3]Domestic Mobile Operations'!AP$13 -> 4259 | BT104: =BS104 -> 4259 | BU104: ='[3]Domestic Mobile Operations'!AQ$13 -> 4324 | BV104: ='[3]Domestic Mobile Operations'!AR$13 -> 4398 | BW104: ='[3]Domestic Mobile Operations'!AS$13 -> 4478 | BX104: ='[3]Domestic Mobile Operations'!AT$13 -> 4591 | BY104: =BX104 -> 4591 | BZ104: ='[3]Domestic Mobile Operations'!AU$13 -> 4663 | CA104: ='[3]Domestic Mobile Operations'!AV$13 -> 4721 | CB104: ='[3]Domestic Mobile Operations'!AW$13 -> 4825 | CC104: ='[3]Domestic Mobile Operations'!AX$13 -> 4922 | CD104: =CC104 -> 4922 | CE104: ='[3]Domestic Mobile Operations'!AY$13 -> 5033 | CF104: ='[3]Domestic Mobile Operations'!AZ$13 -> 5129 | CG104: ='[3]Domestic Mobile Operations'!BA$13 -> 5243 | CH104: ='[3]Domestic Mobile Operations'!BB$13 -> 5388 | CI104: =CH104 -> 5388 | CJ104: ='[3]Domestic Mobile Operations'!BC$13 -> 5549 | CK104: ='[3]Domestic Mobile Operations'!BD$13 -> 5647 | CL104: ='[3]Domestic Mobile Operations'!BE$13 -> 5794 | CM104: ='[3]Domestic Mobile Operations'!BF$13 -> 5919 | CN104: =CM104 -> 5919 | CO104: ='[3]Domestic Mobile Operations'!BG$13 -> 6018 | CP104: ='[3]Domestic Mobile Operations'!BH$13 -> 6156 | CQ104: =CQ96 -> 5997.2945 | CR104: =CR96 -> 6108.7777 | CS104: =CS96 -> 6217.6755 | CT104: =CT96 -> 6324.2737 | CU104: =CU96 -> 6428.8328 | CV104: =CV96 -> 6531.5913 | CW104: =CW96 -> 6632.7669
A105: Average subscribers | G105: =(G102+G104)/2 -> 0 | L105: =(L102+L104)/2 -> 0 | Q105: =(Q102+Q104)/2 -> 0 | V105: =(V102+V104)/2 -> 0 | AA105: =(AA102+AA104)/2 -> 0 | AF105: =(AF102+AF104)/2 -> 0 | AK105: =(AK102+AK104)/2 -> 0 | AP105: =(AP102+AP104)/2 -> 0 | AU105: =(AU102+AU104)/2 -> 0 | AW105: =(AW102+AW104)/2 -> 2821 | AX105: =(AX102+AX104)/2 -> 2845.5 | AY105: =(AY102+AY104)/2 -> 2871.5 | AZ105: =(AZ102+AZ104)/2 -> 1447 | BA105: =(BA102+BA104)/2 -> 2926 | BB105: =(BB102+BB104)/2 -> 2988.5 | BC105: =(BC102+BC104)/2 -> 3062 | BD105: =(BD102+BD104)/2 -> 3147.5 | ... CW105: =(CW102+CW104)/2 -> 6582.1791 | ED105: 2004 | EE105: 2005 | EF105: 2006 | EG105: 2007 | EH105: 2008 | EI105: 2009 | EJ105: 2010E | EK105: 2011E | EL105: 2012E | EM105: 2013E | EN105: 2014E | EO105: 2015E
CQ106: =CQ105/CN105-1 -> 0.053886488 | CR106: =CR105/CQ105-1 -> 0.015925897 | CS106: =CS105/CR105-1 -> 0.018204172 | CT106: =CT105/CS105-1 -> 0.017482399 | CU106: =CU105/CT105-1 -> 0.016836081 | CV106: =CV105/CU105-1 -> 0.016256249 | CW106: =CW105/CV105-1 -> 0.015735136 | ED106: 0.87357631 | EE106: 0.97242152 | EF106: 1.0263274 | EG106: 1.2275109 | EH106: 1.3656526 | EI106: 1.4436526 | EJ106: 1.4736526 | EK106: 1.4936526 | EL106: 1.5036526 | EM106: 1.5136526 | EN106: 1.5136526 | EO106: 1.5136526
A107: Prepay Subscribers, mn | B107: =B101 -> 2007 | G107: =B107+1 -> 2008 | L107: =G107+1 -> 2009 | Q107: =L107+1 -> 2010 | V107: =Q107+1 -> 2011 | AA107: =V107+1 -> 2012 | AF107: =AA107+1 -> 2013 | AK107: =AF107+1 -> 2014 | AP107: =AK107+1 -> 2015 | AU107: =AP107+1 -> 2016 | AZ107: =AU107+1 -> 2017 | BE107: =AZ107+1 -> 2018 | BJ107: =BE107+1 -> 2019 | BO107: =BJ107+1 -> 2020 | BT107: =BO107+1 -> 2021 | BY107: =BT107+1 -> 2022 | CD107: =BY107+1 -> 2023 | CI107: =CD107+1 -> 2024 | CN107: =CI107+1 -> 2025 | CQ107: =CN107+1 -> 2026 | CR107: =CQ107+1 -> 2027 | CS107: =CR107+1 -> 2028 | CT107: =CS107+1 -> 2029 | CU107: =CT107+1 -> 2030 | CV107: =CU107+1 -> 2031 | CW107: =CV107+1 -> 2032
A108: Subscribers - Jan 1st | G108: =B97 -> 0 | L108: =G97 -> 0 | Q108: =L97 -> 0 | V108: =Q97 -> 0 | AA108: =V97 -> 0 | AF108: =AA97 -> 0 | AK108: =AF97 -> 0 | AP108: =AK97 -> 0 | AU108: =AP97 -> 0 | AV108: =AU110 -> 12299 | AW108: =AV110 -> 8820 | AX108: =AW110 -> 8653 | AY108: =AX110 -> 8255 | AZ108: =AU97 -> 12299 | BA108: =AZ110 -> 8034 | BB108: =BA110 -> 7756 | BC108: =BB110 -> 7716 | BD108: =BC110 -> 7703 | BE108: =AZ97 -> 8034 | BF108: =BE110 -> 7571 | BG108: =BF110 -> 7444 | BH108: =BG110 -> 7463 | BI108: =BH110 -> 7461 | BJ108: =BE97 -> 7571 | BK108: =BJ110 -> 7375 | BL108: =BK110 -> 7388 | BM108: =BL110 -> 7830 | BN108: =BM110 -> 7147 | BO108: =BJ97 -> 7375 | BP108: =BO110 -> 7193 | BQ108: =BP110 -> 7365 | BR108: =BQ110 -> 7360 | BS108: =BR110 -> 7334 | BT108: =BO97 -> 7193 | BU108: =BT110 -> 7359 | BV108: =BU110 -> 7092 | BW108: =BV110 -> 7149 | BX108: =BW110 -> 7188 | BY108: =BT97 -> 7359 | BZ108: =BY110 -> 7147 | CA108: =BZ110 -> 7126 | CB108: =CA110 -> 7032 | CC108: =CB110 -> 7185 | CD108: =BY97 -> 7147 | CE108: =CD110 -> 7589 | CF108: =CE110 -> 7397 | CG108: =CF110 -> 7497 | CH108: =CG110 -> 7494 | CI108: =CD97 -> 7589 | CJ108: =CI110 -> 7438 | CK108: =CJ110 -> 7566 | CL108: =CK110 -> 7601 | CM108: =CL110 -> 7573 | CN108: =CI97 -> 7438 | CO108: =CN110 -> 7585 | CP108: =CO110 -> 7613 | CQ108: =CN97 -> 7585 | CR108: =CQ97 -> 7592.3191 | CS108: =CR97 -> 7639.9896 | CT108: =CS97 -> 7682.3311 | CU108: =CT97 -> 7719.8502 | CV108: =CU97 -> 7753.0029 | CW108: =CV97 -> 7782.1994
A109: Net adds | G109: =G110-G108 -> 0 | L109: =L110-L108 -> 0 | Q109: =Q110-Q108 -> 0 | V109: =V110-V108 -> 0 | AA109: =AA110-AA108 -> 0 | AF109: =AF110-AF108 -> 0 | AK109: =AK110-AK108 -> 0 | AP109: =AP110-AP108 -> 0 | AU109: =AU110-AU108 -> 12299 | AV109: =AV110-AV108 -> -3479 | AW109: =AW110-AW108 -> -167 | AX109: =AX110-AX108 -> -398 | AY109: =AY110-AY108 -> -221 | AZ109: =AZ110-AZ108 -> -4265 | BA109: =BA110-BA108 -> -278 | BB109: =BB110-BB108 -> -40 | ... CW109: =CW110-CW108 -> 25.609381
A110: Subscribers - Dec 31st | G110: =G97 -> 0 | L110: =L97 -> 0 | Q110: =Q97 -> 0 | V110: =V97 -> 0 | AA110: =AA97 -> 0 | AF110: =AF97 -> 0 | AK110: =AK97 -> 0 | AP110: =AP97 -> 0 | AU110: =AU97 -> 12299 | AV110: ='[3]Domestic Mobile Operations'!W$12 -> 8820 | AW110: ='[3]Domestic Mobile Operations'!X$12 -> 8653 | AX110: ='[3]Domestic Mobile Operations'!Y$12 -> 8255 | AY110: ='[3]Domestic Mobile Operations'!Z$12 -> 8034 | AZ110: =AY110 -> 8034 | BA110: ='[3]Domestic Mobile Operations'!AA$12 -> 7756 | BB110: ='[3]Domestic Mobile Operations'!AB$12 -> 7716 | BC110: ='[3]Domestic Mobile Operations'!AC$12 -> 7703 | BD110: ='[3]Domestic Mobile Operations'!AD$12 -> 7571 | BE110: =BD110 -> 7571 | BF110: ='[3]Domestic Mobile Operations'!AE$12 -> 7444 | BG110: ='[3]Domestic Mobile Operations'!AF$12 -> 7463 | BH110: ='[3]Domestic Mobile Operations'!AG$12 -> 7461 | BI110: ='[3]Domestic Mobile Operations'!AH$12 -> 7375 | BJ110: =BI110 -> 7375 | BK110: ='[3]Domestic Mobile Operations'!AI$12 -> 7388 | BL110: ='[3]Domestic Mobile Operations'!AJ$12 -> 7830 | BM110: ='[3]Domestic Mobile Operations'!AK$12 -> 7147 | BN110: ='[3]Domestic Mobile Operations'!AL$12 -> 7193 | BO110: =BN110 -> 7193 | BP110: ='[3]Domestic Mobile Operations'!AM$12 -> 7365 | BQ110: ='[3]Domestic Mobile Operations'!AN$12 -> 7360 | BR110: ='[3]Domestic Mobile Operations'!AO$12 -> 7334 | BS110: ='[3]Domestic Mobile Operations'!AP$12 -> 7359 | BT110: =BS110 -> 7359 | BU110: ='[3]Domestic Mobile Operations'!AQ$12 -> 7092 | BV110: ='[3]Domestic Mobile Operations'!AR$12 -> 7149 | BW110: ='[3]Domestic Mobile Operations'!AS$12 -> 7188 | BX110: ='[3]Domestic Mobile Operations'!AT$12 -> 7147 | BY110: =BX110 -> 7147 | BZ110: ='[3]Domestic Mobile Operations'!AU$12 -> 7126 | CA110: ='[3]Domestic Mobile Operations'!AV$12 -> 7032 | CB110: ='[3]Domestic Mobile Operations'!AW$12 -> 7185 | CC110: ='[3]Domestic Mobile Operations'!AX$12 -> 7589 | CD110: =CC110 -> 7589 | CE110: ='[3]Domestic Mobile Operations'!AY$12 -> 7397 | CF110: ='[3]Domestic Mobile Operations'!AZ$12 -> 7497 | CG110: ='[3]Domestic Mobile Operations'!BA$12 -> 7494 | CH110: ='[3]Domestic Mobile Operations'!BB$12 -> 7438 | CI110: =CH110 -> 7438 | CJ110: ='[3]Domestic Mobile Operations'!BC$12 -> 7566 | CK110: ='[3]Domestic Mobile Operations'!BD$12 -> 7601 | CL110: ='[3]Domestic Mobile Operations'!BE$12 -> 7573 | CM110: ='[3]Domestic Mobile Operations'!BF$12 -> 7585 | CN110: =CM110 -> 7585 | CO110: ='[3]Domestic Mobile Operations'!BG$12 -> 7613 | CP110: ='[3]Domestic Mobile Operations'!BH$12 -> 7391 | CQ110: =CQ97 -> 7592.3191 | CR110: =CR97 -> 7639.9896 | CS110: =CS97 -> 7682.3311 | CT110: =CT97 -> 7719.8502 | CU110: =CU97 -> 7753.0029 | CV110: =CV97 -> 7782.1994 | CW110: =CW97 -> 7807.8088
A111: Average subscribers | G111: =(B110+G110)/2 -> 0 | L111: =(G110+L110)/2 -> 0 | Q111: =(L110+Q110)/2 -> 0 | V111: =(Q110+V110)/2 -> 0 | AA111: =(V110+AA110)/2 -> 0 | AF111: =(AA110+AF110)/2 -> 0 | AK111: =(AF110+AK110)/2 -> 0 | AP111: =(AK110+AP110)/2 -> 0 | AU111: =(AP110+AU110)/2 -> 6149.5 | AV111: =(AQ110+AV110)/2 -> 4410 | AW111: =(AR110+AW110)/2 -> 4326.5 | AX111: =(AS110+AX110)/2 -> 4127.5 | AY111: =(AT110+AY110)/2 -> 4017 | AZ111: =(AU110+AZ110)/2 -> 10166.5 | BA111: =(AV110+BA110)/2 -> 8288 | BB111: =(AW110+BB110)/2 -> 8184.5 | ... CP111: =(CK110+CP110)/2 -> 7496 | CQ111: =(CN110+CQ110)/2 -> 7588.6595 | CR111: =(CQ110+CR110)/2 -> 7616.1543 | CS111: =(CR110+CS110)/2 -> 7661.1604 | CT111: =(CS110+CT110)/2 -> 7701.0907 | CU111: =(CT110+CU110)/2 -> 7736.4266 | CV111: =(CU110+CV110)/2 -> 7767.6012 | CW111: =(CV110+CW110)/2 -> 7795.0041
CQ112: =CQ111/CN111-1 -> 0.010272187 | CR112: =CR111/CQ111-1 -> 0.0036231447 | CS112: =CS111/CR111-1 -> 0.0059092843 | CT112: =CT111/CS111-1 -> 0.0052120433 | CU112: =CU111/CT111-1 -> 0.0045884291 | CV112: =CV111/CU111-1 -> 0.0040295871 | CW112: =CW111/CV111-1 -> 0.0035278518
AV113: Exclude WBB from Q1 17 onwards
A114: Total Subscribers ('000) | B114: =B2 -> 2007 | C114: =C2 -> Q1 | D114: =D2 -> Q2 | E114: =E2 -> Q3 | F114: =F2 -> Q4 | G114: =G2 -> 2008 | H114: =H2 -> Q1 | I114: =I2 -> Q2 | ... CW114: =CW2 -> 2032
A115: Subscribers - Jan 1st | B115: 5312 | C115: =B117 -> 9765 | D115: =C117 -> 9921 | E115: =D117 -> 10250 | F115: =E117 -> 10750 | G115: =B117 -> 9765 | H115: =G117 -> 11234.1 | I115: =H117 -> 11266 | J115: =I117 -> 11422.8 | K115: =J117 -> 11735 | L115: =G117 -> 11234.1 | M115: =L117 -> 12291 | N115: =M117 -> 12691 | O115: =N117 -> 12971 | P115: =O117 -> 13525 | Q115: =L117 -> 12291 | R115: =Q117 -> 13954 | S115: =R117 -> 12743 | T115: =S117 -> 12756 | U115: =T117 -> 12692 | V115: =Q117 -> 13954 | W115: =V117 -> 12735 | X115: =W117 -> 13265 | Y115: =X117 -> 13610 | Z115: =Y117 -> 13930 | AA115: =V117 -> 12735 | AB115: =AA117 -> 14091 | AC115: =AB117 -> 14136 | AD115: =AC117 -> 13873 | AE115: =AD117 -> 13213 | AF115: =AA117 -> 14091 | AG115: =AF117 -> 12893 | AH115: =AG117 -> 12602 | AI115: =AH117 -> 12401 | AJ115: =AI117 -> 12415 | AK115: =AF117 -> 12893 | AL115: =AK117 -> 12913 | AM115: =AL117 -> 13260 | AN115: =AM117 -> 13269 | AO115: =AN117 -> 13110 | AP115: =AK117 -> 12913 | AQ115: =AP117 -> 12694 | AR115: =AQ117 -> 12310 | AS115: =AR117 -> 12249 | AT115: =AO117 -> 12694 | AU115: =AP117 -> 12694 | AV115: =AU117 -> 11926 | AW115: =AV117 -> 11620 | AX115: =AW117 -> 11495 | AY115: =AX117 -> 11104 | AZ115: =AU117 -> 11926 | BA115: =AZ117 -> 10928 | BB115: =BA117 -> 10714 | BC115: =BB117 -> 10735 | BD115: =BC117 -> 10808 | BE115: =AZ117 -> 10928 | BF115: =BE117 -> 10761 | BG115: =BF117 -> 10765 | BH115: =BG117 -> 10901 | BI115: =BH117 -> 11042 | BJ115: =BE117 -> 10761 | BK115: =BJ117 -> 11130 | BL115: =BK117 -> 11221 | BM115: =BL117 -> 11631 | BN115: =BM117 -> 11002 | BO115: =BJ117 -> 11130 | BP115: =BO117 -> 11132 | BQ115: =BP117 -> 11371 | BR115: =BQ117 -> 11493 | BS115: =BR117 -> 11441 | BT115: =BO117 -> 11132 | BU115: =BT117 -> 11618 | BV115: =BU117 -> 11416 | BW115: =BV117 -> 11547 | BX115: =BW117 -> 11666 | BY115: =BT117 -> 11618 | BZ115: =BY117 -> 11738 | CA115: =BZ117 -> 11789 | CB115: =CA117 -> 11753 | CC115: =CB117 -> 12010 | CD115: =BY117 -> 11738 | CE115: =CD117 -> 12511 | CF115: =CE117 -> 12430 | CG115: =CF117 -> 12626 | CH115: =CG117 -> 12737 | CI115: =CD117 -> 12511 | CJ115: =CI117 -> 12826 | CK115: =CJ117 -> 13115 | CL115: =CK117 -> 13248 | CM115: =CL117 -> 13367 | CN115: =CI117 -> 12826 | CO115: =CN117 -> 13504 | CP115: =CO117 -> 13631 | CQ115: =CN117 -> 13504 | CR115: =CQ117 -> 13589.614 | CS115: =CR117 -> 13748.767 | CT115: =CS117 -> 13900.007 | CU115: =CT117 -> 14044.124 | CV115: =CU117 -> 14181.836 | CW115: =CV117 -> 14313.791
A116: Net adds | B116: =B117-B115 -> 4453 | C116: =C117-C115 -> 156 | D116: =D117-D115 -> 329 | E116: =E117-E115 -> 500 | F116: =F117-F115 -> 484.1 | G116: =G117-G115 -> 1469.1 | H116: =H117-H115 -> 31.9 | I116: =I117-I115 -> 156.8 | ... CW116: =CW117-CW115 -> 126.78491
A117: Subscribers - Dec 31st | B117: 9765 | C117: 9921 | D117: 10250 | E117: 10750 | F117: =G117 -> 11234.1 | G117: 11234.1 | H117: 11266 | I117: 11422.8 | J117: 11735 | K117: 12291 | L117: 12291 | M117: 12691 | N117: 12971 | O117: 13525 | P117: 13954 | Q117: 13954 | R117: 12743 | S117: 12756 | T117: 12692 | U117: 12735 | V117: 12735 | W117: 13265 | X117: 13610 | Y117: 13930 | Z117: 14091 | AA117: 14091 | AB117: 14136 | AC117: 13873 | AD117: 13213 | AE117: 12893 | AF117: 12893 | AG117: 12602 | AH117: 12401 | AI117: 12415 | AJ117: 12913 | AK117: 12913 | AL117: 13260 | AM117: 13269 | AN117: 13110 | AO117: 12694 | AP117: 12694 | AQ117: 12310 | AR117: 12249 | AS117: 12046 | AT117: 11926 | AU117: =AT117 -> 11926 | AV117: =AV104+AV110 -> 11620 | AW117: =AW104+AW110 -> 11495 | AX117: =AX104+AX110 -> 11104 | AY117: =AY104+AY110 -> 10928 | AZ117: =AY117 -> 10928 | BA117: =BA104+BA110 -> 10714 | BB117: =BB104+BB110 -> 10735 | BC117: =BC104+BC110 -> 10808 | BD117: =BD104+BD110 -> 10761 | BE117: =BD117 -> 10761 | BF117: =BF104+BF110 -> 10765 | BG117: =BG104+BG110 -> 10901 | BH117: =BH104+BH110 -> 11042 | BI117: =BI104+BI110 -> 11130 | BJ117: =BI117 -> 11130 | BK117: =BK104+BK110 -> 11221 | BL117: =BL104+BL110 -> 11631 | BM117: =BM104+BM110 -> 11002 | BN117: =BN104+BN110 -> 11132 | BO117: =BN117 -> 11132 | BP117: =BP104+BP110 -> 11371 | BQ117: =BQ104+BQ110 -> 11493 | BR117: =BR104+BR110 -> 11441 | BS117: =BS104+BS110 -> 11618 | BT117: =BS117 -> 11618 | BU117: =BU104+BU110 -> 11416 | BV117: =BV104+BV110 -> 11547 | BW117: =BW104+BW110 -> 11666 | BX117: =BX104+BX110 -> 11738 | BY117: =BX117 -> 11738 | BZ117: =BZ104+BZ110 -> 11789 | CA117: =CA104+CA110 -> 11753 | CB117: =CB104+CB110 -> 12010 | CC117: =CC104+CC110 -> 12511 | CD117: =CC117 -> 12511 | CE117: =CE104+CE110 -> 12430 | CF117: =CF104+CF110 -> 12626 | CG117: =CG104+CG110 -> 12737 | CH117: =CH104+CH110 -> 12826 | CI117: =CH117 -> 12826 | CJ117: =CJ104+CJ110 -> 13115 | CK117: =CK104+CK110 -> 13248 | CL117: =CL104+CL110 -> 13367 | CM117: =CM104+CM110 -> 13504 | CN117: =CM117 -> 13504 | CO117: =CO104+CO110 -> 13631 | CP117: =CP104+CP110 -> 13547 | CQ117: =CQ73 -> 13589.614 | CR117: =CR73 -> 13748.767 | CS117: =CS73 -> 13900.007 | CT117: =CT73 -> 14044.124 | CU117: =CU73 -> 14181.836 | CV117: =CV73 -> 14313.791 | CW117: =CW73 -> 14440.576 | CY117: Prepaid + Postpaid + WBB
A118: Average subscribers | B118: =(B115+B117)/2 -> 7538.5 | C118: =(C115+C117)/2 -> 9843 | D118: =(D115+D117)/2 -> 10085.5 | E118: =(E115+E117)/2 -> 10500 | F118: =(F115+F117)/2 -> 10992.05 | G118: =(G115+G117)/2 -> 10499.55 | H118: =(H115+H117)/2 -> 11250.05 | I118: =(I115+I117)/2 -> 11344.4 | ... AT118: =(AT115+AT117)/2 -> 12310 | AU118: =(AP117+AU117)/2 -> 12310 | AV118: =(AV115+AV117)/2 -> 11773 | AW118: =(AW115+AW117)/2 -> 11557.5 | AX118: =(AX115+AX117)/2 -> 11299.5 | AY118: =(AY115+AY117)/2 -> 11016 | AZ118: =(AU117+AZ117)/2 -> 11427 | BA118: =(BA115+BA117)/2 -> 10821 | BB118: =(BB115+BB117)/2 -> 10724.5 | BC118: =(BC115+BC117)/2 -> 10771.5 | BD118: =(BD115+BD117)/2 -> 10784.5 | BE118: =(AZ117+BE117)/2 -> 10844.5 | BF118: =(BF115+BF117)/2 -> 10763 | BG118: =(BG115+BG117)/2 -> 10833 | BH118: =(BH115+BH117)/2 -> 10971.5 | BI118: =(BI115+BI117)/2 -> 11086 | BJ118: =(BE117+BJ117)/2 -> 10945.5 | BK118: =(BK115+BK117)/2 -> 11175.5 | BL118: =(BL115+BL117)/2 -> 11426 | BM118: =(BM115+BM117)/2 -> 11316.5 | BN118: =(BN115+BN117)/2 -> 11067 | BO118: =(BJ117+BO117)/2 -> 11131 | BP118: =(BP115+BP117)/2 -> 11251.5 | BQ118: =(BQ115+BQ117)/2 -> 11432 | BR118: =(BR115+BR117)/2 -> 11467 | BS118: =(BS115+BS117)/2 -> 11529.5 | BT118: =(BO117+BT117)/2 -> 11375 | BU118: =(BU115+BU117)/2 -> 11517 | BV118: =(BV115+BV117)/2 -> 11481.5 | BW118: =(BW115+BW117)/2 -> 11606.5 | BX118: =(BX115+BX117)/2 -> 11702 | BY118: =(BT117+BY117)/2 -> 11678 | BZ118: =(BZ115+BZ117)/2 -> 11763.5 | CA118: =(CA115+CA117)/2 -> 11771 | CB118: =(CB115+CB117)/2 -> 11881.5 | CC118: =(CC115+CC117)/2 -> 12260.5 | CD118: =(BY117+CD117)/2 -> 12124.5 | CE118: =(CE115+CE117)/2 -> 12470.5 | CF118: =(CF115+CF117)/2 -> 12528 | CG118: =(CG115+CG117)/2 -> 12681.5 | CH118: =(CH115+CH117)/2 -> 12781.5 | CI118: =(CD117+CI117)/2 -> 12668.5 | CJ118: =(CJ115+CJ117)/2 -> 12970.5 | CK118: =(CK115+CK117)/2 -> 13181.5 | CL118: =(CL115+CL117)/2 -> 13307.5 | CM118: =(CM115+CM117)/2 -> 13435.5 | CN118: =(CI117+CN117)/2 -> 13165 | CO118: =(CO115+CO117)/2 -> 13567.5 | CP118: =(CP115+CP117)/2 -> 13589 | CQ118: =(CN117+CQ117)/2 -> 13546.807 | CR118: =(CQ117+CR117)/2 -> 13669.19 | CS118: =(CR117+CS117)/2 -> 13824.387 | CT118: =(CS117+CT117)/2 -> 13972.065 | CU118: =(CT117+CU117)/2 -> 14112.98 | CV118: =(CU117+CV117)/2 -> 14247.813 | CW118: =(CV117+CW117)/2 -> 14377.183
A119: YoY | G119: =G117/B117-1 -> 0.15044547 | H119: =H117/C117-1 -> 0.13557101 | I119: =I117/D117-1 -> 0.11441951 | J119: =J117/E117-1 -> 0.091627907 | K119: =K117/F117-1 -> 0.094079633 | L119: =L117/G117-1 -> 0.094079633 | M119: =M117/H117-1 -> 0.12648677 | N119: =N117/I117-1 -> 0.13553595 | ... AY119: =AY117/AT117-1 -> -0.08368271 | AZ119: =AZ117/AQ117-1 -> -0.11226645 | BE119: =BE117/AZ117-1 -> -0.015281845 | BJ119: =BJ117/BE117-1 -> 0.034290493 | BO119: =BO117/BJ117-1 -> 0.00017969452 | BT119: =BT117/BO117-1 -> 0.043657923 | BY119: =BY117/BT117-1 -> 0.0103288 | CD119: =CD117/BY117-1 -> 0.06585449 | CI119: =CI117/CD117-1 -> 0.025177843 | CN119: =CN117/CI117-1 -> 0.052861375 | CQ119: =CQ117/CN117-1 -> 0.0063398685 | CR119: =CR117/CQ117-1 -> 0.011711423 | CS119: =CS117/CR117-1 -> 0.011000211 | CT119: =CT117/CS117-1 -> 0.010368141 | CU119: =CU117/CT117-1 -> 0.0098056574 | CV119: =CV117/CU117-1 -> 0.0093045086 | CW119: =CW117/CV117-1 -> 0.0088575356
CD120: =CD118/BY118-1 -> 0.038234287 | CI120: =CI118/CD118-1 -> 0.04486783 | CN120: =CN118/CI118-1 -> 0.039191696 | CQ120: =CQ118/CN118-1 -> 0.029001655 | CR120: =CR118/CQ118-1 -> 0.0090341328 | CS120: =CS118/CR118-1 -> 0.011353747 | CT120: =CT118/CS118-1 -> 0.010682447 | CU120: =CU118/CT118-1 -> 0.010085449 | CV120: =CV118/CU118-1 -> 0.0095538605 | CW120: =CW118/CV118-1 -> 0.0090799872
...

Sheet Balance Sheet and Cflow
A1: =DCF!$C$34 -> 5.7602387
A2: Balance sheet, RM m | B2: 2007 | C2: =B2+1 -> 2008 | D2: =C2+1 -> 2009 | E2: =D2+1 -> 2010 | F2: =E2+1 -> 2011 | G2: =F2+1 -> 2012 | H2: =G2+1 -> 2013 | I2: =H2+1 -> 2014 | J2: =I2+1 -> 2015 | ... AA2: =Z2+1 -> 2032
S3: =S40 -> 0 | T3: =T40 -> 0 | U3: =U40 -> -0.18812593 | V3: =V40 -> -0.18812593 | W3: =W40 -> -0.18812593 | X3: =X40 -> -0.19339857 | Y3: =Y40 -> -0.22226877 | Z3: =Z40 -> -0.30540666 | AA3: =AA40 -> -0.48240211
A4: Cash and cash equivalents | D4: =D141 -> 1192 | E4: =E141 -> 898 | F4: =F141 -> 838 | G4: =G141 -> 688 | H4: =H141 -> 808 | I4: =I141 -> 1531 | J4: =J141 -> 1296 | K4: =K141 -> 682 | ... AA4: =AA141 -> 544.21148
A5: Inventory | D5: =D152 -> 134 | E5: =E152 -> 214 | F5: =F152 -> 110 | G5: =G152 -> 112.0875 | H5: =H152 -> 70 | I5: =I152 -> 12 | J5: =J152 -> 13 | K5: =K152 -> 6 | ... AA5: =AA152 -> 22.576459 | AC5: WC
A6: Receivables | D6: =D155 -> 806 | E6: =E155 -> 991 | F6: =F155 -> 888 | G6: =G155 -> 904.85182 | H6: =H155 -> 974 | I6: =I155 -> 1036 | J6: =J155 -> 1218 | K6: =K155 -> 1582 | ... AA6: =AA155 -> 2991.3909 | AC6: WC
A7: Short term investments | D7: =D176 -> 0 | E7: =E176 -> 0 | F7: =F176 -> 0 | G7: =G176 -> 0 | H7: =H176 -> 0 | I7: =I176 -> 0 | J7: =J176 -> 0 | K7: =K176 -> 0 | ... R7: =R176 -> 0
A8: Pre-payments and other receivables | D8: =D172 -> 0 | E8: =E172 -> 0 | F8: =F172 -> 0 | G8: =G172 -> 0 | H8: =H172 -> 0 | I8: =I172 -> 0 | J8: =J172 -> 291 | K8: =K172 -> 188 | ... R8: =R172 -> 0
A9: Other current assets | M9: 4 | N9: 1 | O9: 0 | P9: =O9 -> 0 | Q9: =2781-SUM(Q4:Q8) -> 9 | R9: =3041-SUM(R4:R8) -> 15 | S9: =2904-SUM(S4:S8) -> 8 | T9: =3181-SUM(T4:T8) -> 3 | U9: =T9 -> 3 | V9: =U9 -> 3 | W9: =V9 -> 3 | X9: =W9 -> 3 | Y9: =X9 -> 3 | Z9: =Y9 -> 3 | AA9: =Z9 -> 3 | AC9: SL
A10: Current assets | D10: =SUM(D4:D9) -> 2132 | E10: =SUM(E4:E9) -> 2103 | F10: =SUM(F4:F9) -> 1836 | G10: =SUM(G4:G9) -> 1704.9393 | H10: =SUM(H4:H9) -> 1852 | I10: =SUM(I4:I9) -> 2579 | J10: =SUM(J4:J9) -> 2818 | K10: =SUM(K4:K9) -> 2458 | ... AA10: =SUM(AA4:AA9) -> 3561.1789
A12: Net PP&E | D12: =D95 -> 4555 | E12: =E95 -> 5007 | F12: =F95 -> 4971 | G12: =G95 -> 4849 | H12: =H95 -> 4038 | I12: =I95 -> 4008 | J12: =J95 -> 4227 | K12: =K95 -> 4502 | ... AA12: =AA95 -> 3434.9556 | AC12: x
A13: Goodwill
A14: Intangibles | D14: =D107 -> 11019 | E14: =E107 -> 11019 | F14: =F107 -> 11060 | G14: =G107 -> 10810 | H14: =H107 -> 11167 | I14: =I107 -> 11176 | J14: =J107 -> 11267 | K14: =K107 -> 11297 | ... AA14: =AA107 -> 9926.2012 | AC14: x
A15: RoU assets | O15: 1767 | P15: 1854 | Q15: 1887 | R15: 1826 | S15: 1794 | T15: 1816 | U15: =T15 -> 1816 | V15: =U15 -> 1816 | W15: =V15 -> 1816 | X15: =W15 -> 1816 | Y15: =X15 -> 1816 | Z15: =Y15 -> 1816 | AA15: =Z15 -> 1816 | AC15: SL
A16: Other current assets | D16: =D179 -> 6 | E16: =E179 -> 0 | F16: =F179 -> 3 | G16: =G179 -> 3 | H16: =H179 -> 145 | I16: =I179 -> 245 | J16: =J179 -> 617 | K16: =K179 -> 1341 | ... AA16: =AA179 -> 1558 | AC16: SL
A17: Deferred Expenses | D17: =D182 -> 86 | E17: =E182 -> 96 | F17: =F182 -> 121 | G17: =G182 -> 121 | H17: =H182 -> 128 | I17: =I182 -> 102 | J17: =J182 -> 55 | K17: =K182 -> 45 | ... R17: =R182 -> 0
A18: Non-current assets | D18: =SUM(D12:D17) -> 15666 | E18: =SUM(E12:E17) -> 16122 | F18: =SUM(F12:F17) -> 16155 | G18: =SUM(G12:G17) -> 15783 | H18: =SUM(H12:H17) -> 15478 | I18: =SUM(I12:I17) -> 15531 | J18: =SUM(J12:J17) -> 16166 | K18: =SUM(K12:K17) -> 17185 | ... AA18: =SUM(AA12:AA17) -> 16735.157
A20: Total assets | D20: =D18+D10 -> 17798 | E20: =E18+E10 -> 18225 | F20: =F18+F10 -> 17991 | G20: =G18+G10 -> 17487.939 | H20: =H18+H10 -> 17330 | I20: =I18+I10 -> 18110 | J20: =J18+J10 -> 18984 | K20: =K18+K10 -> 19643 | ... AA20: =AA18+AA10 -> 20296.336
A22: Trade payables | D22: =D159 -> 3258 | E22: =E159 -> 3298 | F22: =F159 -> 2922 | G22: =G159 -> 2977.4516 | H22: =H159 -> 2751 | I22: =I159 -> 3303 | J22: =J159 -> 3467 | K22: =K159 -> 3633 | ... AA22: =AA159 -> 4151.3567 | AC22: WC
A23: Other payables | D23: =D185 -> 0 | E23: =E185 -> 12 | F23: =F185 -> 0 | G23: =G185 -> 0 | H23: =H185 -> 0 | I23: =I185 -> 0 | J23: =J185 -> 320 | K23: =K185 -> 263 | ... AA23: =AA185 -> 88 | AC23: SL
A24: Related Party balances | D24: =D165 -> 0 | E24: =E165 -> 0 | F24: =F165 -> 0 | G24: =G165 -> 0 | H24: =H165 -> 0 | I24: =I165 -> 0 | J24: =J165 -> 29 | K24: =K165 -> 0 | ... AA24: =AA165 -> 79.611724 | AC24: WC
A25: Short-term bank loans | D25: =D138 -> 53 | E25: =E138 -> 13 | F25: =F138 -> 1464 | G25: =G138 -> 1912.8658 | H25: =H138 -> 910 | I25: =I138 -> 880 | J25: =J138 -> 1077 | K25: =K138 -> 1101 | ... AA25: =AA138 -> 1886 | AC25: SL
A26: Provisions | K26: =J26 -> 0 | L26: =K26 -> 0 | M26: =L26 -> 0 | N26: =N162 -> 127 | O26: =O162 -> 130 | P26: =P162 -> 137 | Q26: =Q162 -> 144 | R26: =R162 -> 160 | S26: =S162 -> 178 | T26: =T162 -> 215 | U26: =U162 -> 221.27894 | ... AA26: =AA162 -> 255.47046 | AC26: WC
A27: Current liabilites | D27: =SUM(D22:D26) -> 3311 | E27: =SUM(E22:E26) -> 3323 | F27: =SUM(F22:F26) -> 4386 | G27: =SUM(G22:G26) -> 4890.3174 | H27: =SUM(H22:H26) -> 3661 | I27: =SUM(I22:I26) -> 4183 | J27: =SUM(J22:J26) -> 4893 | K27: =SUM(K22:K26) -> 4997 | ... AA27: =SUM(AA22:AA26) -> 6460.4389
A29: Long-term debt | D29: =D139 -> 5013 | E29: =E139 -> 5442 | F29: =F139 -> 4811 | G29: =G139 -> 4811 | H29: =H139 -> 6613 | I29: =I139 -> 8118 | J29: =J139 -> 8801 | K29: =K139 -> 8763 | ... AA29: =AA139 -> 3463.389
A30: Other Long-term creditors | D30: =D188 -> 0 | E30: =E188 -> 693 | F30: =F188 -> 0 | G30: =G188 -> 0 | H30: =H188 -> 0 | I30: =I188 -> 0 | J30: =J188 -> 0 | K30: =K188 -> 0 | L30: =L188 -> 0 | M30: =312+168 -> 480 | N30: =311+278+6 -> 595 | O30: =326+188+17+382 -> 913 | P30: =335+145+908 -> 1388 | Q30: =12231-Q29 -> 2649 | R30: =11615-R29 -> 2700 | S30: =10816-S29 -> 2720 | T30: =9795-T29 -> 2701 | U30: =T30 -> 2701 | V30: =U30 -> 2701 | W30: =V30 -> 2701 | X30: =W30 -> 2701 | Y30: =X30 -> 2701 | Z30: =Y30 -> 2701 | AA30: =Z30 -> 2701 | AC30: SL
A31: Deferred income | D31: 529 | E31: 100 | F31: 706 | G31: 706 | H31: 1040 | I31: 1070 | J31: 1070 | K31: =164+418+580 -> 1162 | L31: =170+227+437 -> 834 | M31: 196 | N31: 221 | O31: 0 | P31: 0 | Q31: 0
A32: Total Liabilities | D32: =SUM(D27:D31) -> 8853 | E32: =SUM(E27:E31) -> 9558 | F32: =SUM(F27:F31) -> 9903 | G32: =SUM(G27:G31) -> 10407.317 | H32: =SUM(H27:H31) -> 11314 | I32: =SUM(I27:I31) -> 13371 | J32: =SUM(J27:J31) -> 14764 | K32: =SUM(K27:K31) -> 14922 | ... AA32: =SUM(AA27:AA31) -> 12624.828
A33: Minority Interests | D33: =D205 -> 0 | E33: =E205 -> 0 | F33: =F205 -> 4 | G33: =G205 -> 4 | H33: =H205 -> 15 | I33: =I205 -> 22 | J33: =J205 -> 30 | K33: =K205 -> 0 | ... R33: =R205 -> 0
A34: Share capital and premium | D34: =D212 -> 7500 | E34: =E212 -> 7500 | F34: =F212 -> 7500 | G34: =G212 -> 7500 | H34: =H212 -> 7500 | I34: =I212 -> 7500 | J34: =J212 -> 7500 | K34: =K212 -> 7500 | L34: =L212 -> 7800 | M34: 2509 | N34: 2532 | O34: 2547 | P34: =P212 -> 2564 | Q34: =Q212 -> 2585 | R34: =R212 -> 2593 | S34: =S212 -> 2597 | T34: =T212 -> 2603 | U34: =U212 -> 2603 | V34: =V212 -> 2603 | W34: =W212 -> 2603 | ... AA34: =AA212 -> 2603 | AC34: SL
A35: Other Reserves | D35: =D217 -> 0
A36: Retained Earnings | D36: =D221 -> 1445 | E36: =E221 -> 1167 | F36: =F221 -> 584 | G36: =G221 -> -423 | H36: =H221 -> -1499 | I36: =I221 -> -2783 | J36: =J221 -> -3310 | K36: =K221 -> -2779 | L36: =L221 -> -759 | M36: 4640 | N36: 4538 | O36: 4503 | P36: =P230 -> 4161 | Q36: =Q230 -> 3786 | R36: =R230 -> 3151 | S36: =S230 -> 3309 | T36: =T230 -> 3544 | U36: =U230 -> 3723.4428 | V36: =V230 -> 3915.9 | W36: =W230 -> 4119.968 | ... AA36: =AA230 -> 5068.9902 | AC36: x
A37: Total Equity | D37: =SUM(D33:D36) -> 8945 | E37: =SUM(E33:E36) -> 8667 | F37: =SUM(F33:F36) -> 8088 | G37: =SUM(G33:G36) -> 7081 | H37: =SUM(H33:H36) -> 6016 | I37: =SUM(I33:I36) -> 4739 | J37: =SUM(J33:J36) -> 4220 | K37: =SUM(K33:K36) -> 4721 | ... AA37: =SUM(AA33:AA36) -> 7671.9902
A39: Total liabilities and book equity | D39: =D37+D32 -> 17798 | E39: =E37+E32 -> 18225 | F39: =F37+F32 -> 17991 | G39: =G37+G32 -> 17488.317 | H39: =H37+H32 -> 17330 | I39: =I37+I32 -> 18110 | J39: =J37+J32 -> 18984 | K39: =K37+K32 -> 19643 | ... AA39: =AA37+AA32 -> 20296.818
A40: Check | D40: =D20-D39 -> 0 | E40: =E20-E39 -> 0 | F40: =F20-F39 -> 0 | G40: =G20-G39 -> -0.37806818 | H40: =H20-H39 -> 0 | I40: =I20-I39 -> 0 | J40: =J20-J39 -> 0 | K40: =K20-K39 -> 0 | ... AA40: =AA20-AA39 -> -0.48240211
L41: =L40-K40 -> 0.75 | M41: =M40-L40 -> -0.511 | N41: =N40-M40 -> -0.239 | O41: =O40-N40 -> 0 | P41: =P40-O40 -> 0 | Q41: =Q40-P40 -> 0 | R41: =R40-Q40 -> 0 | S41: =S40-R40 -> 0 | ... AA41: =AA40-Z40 -> -0.17699545
A43: Net debt/(cash) | B43: =B29+B25-B4 -> 0 | C43: =C29+C25-C4 -> 0 | D43: =D29+D25-D4 -> 3874 | E43: =E29+E25-E4 -> 4557 | F43: =F29+F25-F4 -> 5437 | G43: =G29+G25-G4 -> 6035.8658 | H43: =H29+H25-H4 -> 6715 | I43: =I29+I25-I4 -> 7467 | ... AA43: =AA29+AA25-AA4 -> 4805.1775
A44: Change in net debt | C44: =C43-B43 -> 0 | D44: =D43-C43 -> 3874 | E44: =E43-D43 -> 683 | F44: =F43-E43 -> 880 | G44: =G43-F43 -> 598.8658 | H44: =H43-G43 -> 679.1342 | I44: =I43-H43 -> 752 | J44: =J43-I43 -> 1115 | ... AA44: =AA43-Z43 -> -160.85033
A46: EBIT | B46: ='Income Statement'!B471 -> 2696 | C46: ='Income Statement'!G471 -> 3210 | D46: ='Income Statement'!L471 -> 3055 | E46: ='Income Statement'!Q471 -> 3343 | F46: ='Income Statement'!V471 -> 3232 | G46: ='Income Statement'!AA471 -> 2997 | H46: ='Income Statement'!AF471 -> 3156 | I46: ='Income Statement'!AK471 -> 2685.3305 | J46: ='Income Statement'!AP471 -> 3156 | K46: ='Income Statement'!AU471 -> 3109 | L46: ='Income Statement'!AZ471 -> 2775 | M46: ='Income Statement'!BE471 -> 2685 | N46: ='Income Statement'!BJ471 -> 2512 | O46: ='Income Statement'!BO471 -> 2284 | P46: ='Income Statement'!BT471 -> 2082 | Q46: ='Income Statement'!BY471 -> 2209 | R46: ='Income Statement'!CD471 -> 1890 | S46: ='Income Statement'!CI471 -> 2324 | T46: ='Income Statement'!CJ471 -> 611 | U46: ='Income Statement'!CQ471 -> 2808.9733 | V46: ='Income Statement'!CR471 -> 2936.5606 | W46: ='Income Statement'!CS471 -> 3056.385 | X46: ='Income Statement'!CT471 -> 3189.1619 | Y46: ='Income Statement'!CU471 -> 3336.7783 | Z46: ='Income Statement'!CV471 -> 3476.2521 | AA46: ='Income Statement'!CW471 -> 3647.3441
A47: (-) Adjusted taxes | B47: =-0.25*B46 -> -674 | C47: =-0.25*C46 -> -802.5 | D47: =-0.25*D46 -> -763.75 | E47: =-0.25*E46 -> -835.75 | F47: =-0.25*F46 -> -808 | G47: =-0.25*G46 -> -749.25 | H47: =-0.25*H46 -> -789 | I47: =-0.25*I46 -> -671.33263 | ... AA47: =-0.25*AA46 -> -911.83602
A48: NOPAT | B48: =B46+B47 -> 2022 | C48: =C46+C47 -> 2407.5 | D48: =D46+D47 -> 2291.25 | E48: =E46+E47 -> 2507.25 | F48: =F46+F47 -> 2424 | G48: =G46+G47 -> 2247.75 | H48: =H46+H47 -> 2367 | I48: =I46+I47 -> 2013.9979 | ... AA48: =AA46+AA47 -> 2735.5081
A50: Invested Capital | D50: =D20-D27+D25 -> 14540 | E50: =E20-E27+E25 -> 14915 | F50: =F20-F27+F25 -> 15069 | G50: =G20-G27+G25 -> 14510.488 | H50: =H20-H27+H25 -> 14579 | I50: =I20-I27+I25 -> 14807 | J50: =J20-J27+J25 -> 15168 | K50: =K20-K27+K25 -> 15747 | ... AA50: =AA20-AA27+AA25 -> 15721.897
A52: ROIC | D52: =IFERROR(D48/D50,"nm") -> 0.15758253 | E52: =IFERROR(E48/E50,"nm") -> 0.16810258 | F52: =IFERROR(F48/F50,"nm") -> 0.16086004 | G52: =IFERROR(G48/G50,"nm") -> 0.1549052 | H52: =IFERROR(H48/H50,"nm") -> 0.16235681 | I52: =IFERROR(I48/I50,"nm") -> 0.13601661 | J52: =IFERROR(J48/J50,"nm") -> 0.15605222 | K52: =IFERROR(K48/K50,"nm") -> 0.14807582 | ... AA52: =IFERROR(AA48/AA50,"nm") -> 0.17399351
A54: Cash flow statement | B54: =B2 -> 2007 | C54: =B54+1 -> 2008 | D54: =C54+1 -> 2009 | E54: =D54+1 -> 2010 | F54: =E54+1 -> 2011 | G54: =F54+1 -> 2012 | H54: =G54+1 -> 2013 | I54: =H54+1 -> 2014 | J54: =I54+1 -> 2015 | ... AA54: =Z54+1 -> 2032
A55: OpFCF | B55: =B252 -> 2466.2 | C55: =C252 -> 3599.4 | D55: =D252 -> 3630 | E55: =E252 -> 2972 | F55: =F252 -> 3434 | G55: =G252 -> 3369 | H55: =H252 -> 3707 | I55: =I252 -> 2972.3305 | ... AA55: =AA252 -> 3815.646
A56: Less: Interest payments | B56: =B126 -> -8.6 | C56: =C126 -> 17.9 | D56: =D126 -> -48 | E56: =E126 -> -211 | F56: =F126 -> -228 | G56: =G126 -> -288 | H56: =H126 -> -329 | I56: =I126 -> -389 | ... AA56: =AA126 -> -243.91395
A57: Less: Tax | B57: ='Income Statement'!N481 -> -188 | C57: ='Income Statement'!O481 -> -214 | D57: ='Income Statement'!P481 -> -222 | E57: ='Income Statement'!Q481 -> -837 | F57: ='Income Statement'!V481 -> -473 | G57: ='Income Statement'!AA481 -> -716 | H57: ='Income Statement'!AF481 -> -724 | I57: ='Income Statement'!AK481 -> -688.76865 | J57: ='Income Statement'!AP481 -> -713 | K57: ='Income Statement'!AU481 -> -709 | L57: ='Income Statement'!AZ481 -> -676 | M57: ='Income Statement'!BE481 -> -585 | N57: ='Income Statement'!BJ481 -> -509 | O57: ='Income Statement'!BO481 -> -469 | P57: ='Income Statement'!BT481 -> -454 | Q57: ='Income Statement'!BY481 -> -651 | R57: ='Income Statement'!CD481 -> -452 | S57: ='Income Statement'!CI481 -> -481 | T57: ='Income Statement'!CN481 -> -506 | U57: ='Income Statement'!CQ481 -> -582.29787 | V57: ='Income Statement'!CR481 -> -607.75945 | W57: ='Income Statement'!CS481 -> -644.42531 | X57: ='Income Statement'!CT481 -> -684.17911 | Y57: ='Income Statement'!CU481 -> -727.43731 | Z57: ='Income Statement'!CV481 -> -768.43019 | AA57: ='Income Statement'!CW481 -> -816.86571
A58: Less: Working capital movements | C58: -496.5 | D58: -385 | E58: =E169 -> -225 | F58: =F169 -> -169 | G58: =G169 -> 36.512273 | H58: =H169 -> -253.51227 | I58: =I169 -> 548 | J58: =J169 -> 10 | K58: =K169 -> -220 | L58: =L169 -> -333 | ... AA58: =AA169 -> -62.189827
A59: Less: Restructuring payments | B59: 0 | C59: 0 | D59: 0 | E59: 0 | F59: 0 | G59: 0 | H59: 0 | I59: 0 | J59: 0 | K59: 0 | L59: 0 | M59: 0 | N59: 0 | O59: 0 | P59: 0
A60: Less: Minority dividends paid | B60: 0 | C60: 0 | D60: 0 | E60: 0 | F60: 0 | G60: 0 | H60: 0 | I60: 0 | J60: 0 | K60: 0 | L60: 0 | M60: 0 | N60: 0 | O60: 0 | P60: 0
A61: Less: Dividends paid | B61: =B256 -> 0 | C61: =C256 -> 0 | D61: -2555 | E61: -3000 | F61: -3000 | G61: -3000 | H61: -3000 | I61: -3000 | J61: -2325 | K61: -1500 | L61: -1532.096 | M61: -1563.023 | N61: -1564 | O61: -1330 | P61: -1330 | Q61: -1566 | R61: -1331 | S61: -1253 | T61: -1332 | U61: =-'Income Statement'!CQ501*'Income Statement'!CQ504 -> -1614.9853 | V61: =-'Income Statement'!CR501*'Income Statement'!CR504 -> -1732.1144 | W61: =-'Income Statement'!CS501*'Income Statement'!CS504 -> -1836.6121 | X61: =-'Income Statement'!CT501*'Income Statement'!CT504 -> -1949.9105 | Y61: =-'Income Statement'!CU501*'Income Statement'!CU504 -> -2073.1963 | Z61: =-'Income Statement'!CV501*'Income Statement'!CV504 -> -2190.026 | AA61: =-'Income Statement'!CW501*'Income Statement'!CW504 -> -2328.0673
A62: Less: Share buyback/ special dividend | B62: -8 | M62: 0 | N62: 0
A63: Less: SPECTRUM | K63: -816.75 | L63: 0 | M63: -765.02 | N63: 0 | O63: -1075.65 | P63: 0
A64: Plus: M&A/ other | E64: 618 | F64: -444 | H64: -80 | I64: -195 | J64: -797 | K64: 2 | L64: =-L44-SUM(L55:L63) -> 1896.096 | M64: =-M44-SUM(M55:M63) -> 59.561 | N64: =-N44-SUM(N55:N63) -> -1539.239 | O64: =-O44-SUM(O55:O63) -> 61.65 | P64: =-P44-SUM(P55:P63) -> -695 | Q64: =-Q44-SUM(Q55:Q63) -> 32 | R64: =-R44-SUM(R55:R63) -> -885 | S64: =-S44-SUM(S55:S63) -> -969 | T64: =-T44-SUM(T55:T63) -> -736 | U64: =-U94-U106+U229 -> -219.05859 | V64: =-V94-V106+V229 -> -217.3093 | W64: =-W94-W106+W229 -> -215.35667 | X64: =-X94-X106+X229 -> -213.20622 | Y64: =-Y94-Y106+Y229 -> -211.07725 | Z64: =-Z94-Z106+Z229 -> -207.91415 | AA64: =-AA94-AA106+AA229 -> -203.75888
A65: Change in net debt | B65: =SUM(B55:B64) -> 2261.6 | C65: =SUM(C55:C64) -> 2906.8 | D65: =SUM(D55:D64) -> 420 | E65: =SUM(E55:E64) -> -683 | F65: =SUM(F55:F64) -> -880 | G65: =SUM(G55:G64) -> -598.48773 | H65: =SUM(H55:H64) -> -679.51227 | I65: =SUM(I55:I64) -> -752.43813 | ... AA65: =SUM(AA55:AA64) -> 160.85033
A66: Net debt | D66: 3874 | E66: =D66-E65 -> 4557 | F66: =E66-F65 -> 5437 | G66: =F66-G65 -> 6035.4877 | H66: =G66-H65 -> 6715 | I66: =H66-I65 -> 7467.4381 | J66: =I66-J65 -> 8582.4381 | K66: =J66-K65 -> 9182.1881 | L66: =K66-L65 -> 7044.1881 | ... AA66: =Z66-AA65 -> 4805.1775
A67: Difference | D67: =D43-D66 -> 0 | E67: =E43-E66 -> 0 | F67: =F43-F66 -> 0 | G67: =G43-G66 -> 0.37806818 | H67: =H43-H66 -> 0 | I67: =I43-I66 -> -0.43812593 | J67: =J43-J66 -> -0.43812593 | K67: =K43-K66 -> -0.18812593 | ... AA67: =AA43-AA66 -> 0
A69: Net Debt/EBITDA | C69: =C66/'Income Statement'!G453 -> 0 | D69: =D66/'Income Statement'!L453 -> 0.91800948 | E69: =E66/'Income Statement'!Q453 -> 1.0319293 | F69: =F66/'Income Statement'!V453 -> 1.2292562 | G69: =G66/'Income Statement'!AA453 -> 1.3846037 | H69: =H66/'Income Statement'!AF453 -> 1.4849624 | I69: =I66/'Income Statement'!AK453 -> 1.8158653 | J69: =J66/'Income Statement'!AP453 -> 1.9390958 | K69: =K66/'Income Statement'!AU453 -> 2.0395798 | L69: =L66/'Income Statement'!AZ453 -> 1.6791867 | M69: =M66/'Income Statement'!BE453 -> 1.8422975 | N69: =N66/'Income Statement'!BJ453 -> 2.1307153 | O69: =O66/'Income Statement'!BO453 -> 2.367118 | P69: =P66/'Income Statement'!BT453 -> 2.2959722 | Q69: =Q66/'Income Statement'!BY453 -> 2.3510278 | R69: =R66/'Income Statement'!CD453 -> 2.3240374 | S69: =S66/'Income Statement'!CI453 -> 2.1409966 | T69: =T66/'Income Statement'!CJ453 -> 8.0779034 | U69: =U66/'Income Statement'!CQ453 -> 1.7680433 | V69: =V66/'Income Statement'!CR453 -> 1.5843316 | W69: =W66/'Income Statement'!CS453 -> 1.4114386 | X69: =X66/'Income Statement'!CT453 -> 1.2467529 | Y69: =Y66/'Income Statement'!CU453 -> 1.0967595 | Z69: =Z66/'Income Statement'!CV453 -> 0.95645414 | AA69: =AA66/'Income Statement'!CW453 -> 0.90118406
A71: Capex (MYR, mn) | B71: =B54 -> 2007 | C71: =B71+1 -> 2008 | D71: =C71+1 -> 2009 | E71: =D71+1 -> 2010 | F71: =E71+1 -> 2011 | G71: =F71+1 -> 2012 | H71: =G71+1 -> 2013 | I71: =H71+1 -> 2014 | J71: =I71+1 -> 2015 | ... AA71: =Z71+1 -> 2032
A72: OpCo Capex
A73: Est UnderlyingCapex | B73: 1123.8 | C73: 802.8 | D73: 590 | E73: 1444 | F73: 989 | G73: 990 | H73: 815 | I73: 1140 | J73: 1304 | K73: ='Income Statement'!AU508 -> 1189 | L73: ='Income Statement'!AZ508 -> 1028 | M73: ='Income Statement'!BE508 -> 1038 | N73: ='Income Statement'!BJ508 -> 1213 | O73: ='Income Statement'!BO508 -> 1245 | P73: ='Income Statement'!BT508 -> 1187 | Q73: ='Income Statement'!BY508 -> 1114 | R73: ='Income Statement'!CD508 -> 813 | S73: ='Income Statement'!CI508 -> 674 | T73: ='Income Statement'!CN508 -> 986 | U73: ='Income Statement'!CQ432*'Balance Sheet and Cflow'!U74 -> 1094.5589 | V73: ='Income Statement'!CR432*'Balance Sheet and Cflow'!V74 -> 1009.5345 | W73: ='Income Statement'!CS432*'Balance Sheet and Cflow'!W74 -> 1034.2471 | X73: ='Income Statement'!CT432*'Balance Sheet and Cflow'!X74 -> 1060.3356 | Y73: ='Income Statement'!CU432*'Balance Sheet and Cflow'!Y74 -> 1085.6165 | Z73: ='Income Statement'!CV432*'Balance Sheet and Cflow'!Z74 -> 1111.2607 | AA73: ='Income Statement'!CW432*'Balance Sheet and Cflow'!AA74 -> 1516.4251
A74: Underlying Capex as a % of sales | B74: =B73/'Income Statement'!B432 -> 0.14613784 | C74: =C73/'Income Statement'!G432 -> 0.095007042 | D74: =D73/'Income Statement'!L432 -> 0.068509057 | E74: =E73/'Income Statement'!Q432 -> 0.1628143 | F74: =F73/'Income Statement'!V432 -> 0.11260389 | G74: =G73/'Income Statement'!AA432 -> 0.11148649 | H74: =H73/'Income Statement'!AF432 -> 0.090270981 | I74: =I73/'Income Statement'!AK432 -> 0.13564969 | J74: =J73/'Income Statement'!AP432 -> 0.15161028 | K74: =K73/'Income Statement'!AU432 -> 0.13806317 | L74: =L73/'Income Statement'!AZ432 -> 0.1091411 | M74: =M73/'Income Statement'!BE432 -> 0.11292428 | N74: =N73/'Income Statement'!BJ432 -> 0.13024804 | O74: =O73/'Income Statement'!BO432 -> 0.13885791 | P74: =P73/'Income Statement'!BT432 -> 0.1284493 | Q74: =Q73/'Income Statement'!BY432 -> 0.11380121 | R74: =R73/'Income Statement'!CD432 -> 0.079862475 | S74: =S73/'Income Statement'!CI432 -> 0.063971147 | T74: =T73/'Income Statement'!CN432 -> 0.092712741 | U74: 0.1 | V74: 0.09 | W74: 0.09 | X74: 0.09 | Y74: 0.09 | Z74: 0.09 | AA74: 0.12
A75: Total Capex | B75: =B73+B72 -> 1123.8 | C75: =C73+C72 -> 802.8 | D75: =D73+D72 -> 590 | E75: =E73+E72 -> 1444 | F75: =F73+F72 -> 989 | G75: =G73+G72 -> 990 | H75: =H73+H72 -> 815 | I75: =I73+I72 -> 1140 | ... AA75: =AA73+AA72 -> 1516.4251
A76: Capex as a % of sales | D76: =D75/'Income Statement'!L432 -> 0.068509057 | E76: =E75/'Income Statement'!Q432 -> 0.1628143 | F76: =F75/'Income Statement'!V432 -> 0.11260389 | G76: =G75/'Income Statement'!AA432 -> 0.11148649 | H76: =H75/'Income Statement'!AF432 -> 0.090270981 | I76: =I75/'Income Statement'!AK432 -> 0.13564969 | J76: =J75/'Income Statement'!AP432 -> 0.15161028 | K76: =K75/'Income Statement'!AU432 -> 0.13806317 | L76: =L75/'Income Statement'!AZ432 -> 0.1091411 | M76: =M75/'Income Statement'!BE432 -> 0.11292428 | N76: =N75/'Income Statement'!BF432 -> 0.54345878 | O76: =O75/'Income Statement'!BO432 -> 0.13885791 | P76: =P75/'Income Statement'!BT432 -> 0.1284493 | Q76: =Q75/'Income Statement'!BY432 -> 0.11380121 | R76: =R75/'Income Statement'!CD432 -> 0.079862475 | S76: =S75/'Income Statement'!CI432 -> 0.063971147 | T76: =T75/'Income Statement'!CJ432 -> 0.37806748 | U76: =U75/'Income Statement'!CQ432 -> 0.1 | V76: =V75/'Income Statement'!CR432 -> 0.09 | W76: =W75/'Income Statement'!CS432 -> 0.09 | X76: =X75/'Income Statement'!CT432 -> 0.09 | Y76: =Y75/'Income Statement'!CU432 -> 0.09 | Z76: =Z75/'Income Statement'!CV432 -> 0.09 | AA76: =AA75/'Income Statement'!CW432 -> 0.12
A78: Finance expenses | B78: ='Income Statement'!B476 -> -8.6 | C78: ='Income Statement'!G476 -> 17.9 | D78: ='Income Statement'!L476 -> -48 | E78: ='Income Statement'!Q476 -> -211 | F78: ='Income Statement'!V476 -> -228 | G78: ='Income Statement'!AA476 -> -288 | H78: ='Income Statement'!AF476 -> -329 | I78: ='Income Statement'!AK476 -> -389 | J78: ='Income Statement'!AP476 -> -378.82079 | K78: ='Income Statement'!AU476 -> -669 | L78: ='Income Statement'!AZ476 -> -384 | M78: ='Income Statement'!BE476 -> -358 | N78: ='Income Statement'!BJ476 -> -452 | O78: ='Income Statement'!BO476 -> -405 | P78: ='Income Statement'!BT476 -> -412 | Q78: ='Income Statement'!BY476 -> -407 | R78: ='Income Statement'!CD476 -> -446 | S78: ='Income Statement'!CI476 -> -447 | T78: ='Income Statement'!CJ476 -> -111 | U78: ='Income Statement'!CQ476 -> -432.24729 | V78: ='Income Statement'!CR476 -> -404.22958 | W78: ='Income Statement'!CS476 -> -371.27954 | X78: ='Income Statement'!CT476 -> -338.41562 | Y78: ='Income Statement'!CU476 -> -305.78953 | Z78: ='Income Statement'!CV476 -> -274.45967 | AA78: ='Income Statement'!CW476 -> -243.73695
A79: Pretax | B79: ='Income Statement'!B479 -> 2687.4 | C79: ='Income Statement'!G479 -> 3227.9 | D79: ='Income Statement'!L479 -> 3007 | E79: ='Income Statement'!Q479 -> 3132 | F79: ='Income Statement'!V479 -> 3004 | G79: ='Income Statement'!AA479 -> 2709 | H79: ='Income Statement'!AF479 -> 2827 | I79: ='Income Statement'!AK479 -> 2296.3305 | J79: ='Income Statement'!AP479 -> 2777.1792 | K79: ='Income Statement'!AU479 -> 2440 | L79: ='Income Statement'!AZ479 -> 2737 | M79: ='Income Statement'!BE479 -> 2350 | N79: ='Income Statement'!BJ479 -> 2036 | O79: ='Income Statement'!BO479 -> 1879 | P79: ='Income Statement'!BT479 -> 1670 | Q79: ='Income Statement'!BY479 -> 1802 | R79: ='Income Statement'!CD479 -> 1444 | S79: ='Income Statement'!CI479 -> 1877 | T79: ='Income Statement'!CJ479 -> 500 | U79: ='Income Statement'!CQ479 -> 2376.726 | V79: ='Income Statement'!CR479 -> 2532.3311 | W79: ='Income Statement'!CS479 -> 2685.1055 | X79: ='Income Statement'!CT479 -> 2850.7463 | Y79: ='Income Statement'!CU479 -> 3030.9888 | Z79: ='Income Statement'!CV479 -> 3201.7924 | AA79: ='Income Statement'!CW479 -> 3403.6071
A80: Taxation | B80: ='Income Statement'!B481 -> -707.5 | C80: ='Income Statement'!G481 -> -827.3 | D80: ='Income Statement'!L481 -> -775 | E80: ='Income Statement'!Q481 -> -837 | F80: ='Income Statement'!V481 -> -473 | G80: ='Income Statement'!AA481 -> -716 | H80: ='Income Statement'!AF481 -> -724 | I80: ='Income Statement'!AK481 -> -688.76865 | J80: ='Income Statement'!AP481 -> -713 | K80: ='Income Statement'!AU481 -> -709 | L80: ='Income Statement'!AZ481 -> -676 | M80: ='Income Statement'!BE481 -> -585 | N80: ='Income Statement'!BJ481 -> -509 | O80: ='Income Statement'!BO481 -> -469 | P80: ='Income Statement'!BT481 -> -454 | Q80: ='Income Statement'!BY481 -> -651 | R80: ='Income Statement'!CD481 -> -452 | S80: ='Income Statement'!CI481 -> -481 | T80: ='Income Statement'!CJ481 -> -129 | U80: ='Income Statement'!CQ481 -> -582.29787 | V80: ='Income Statement'!CR481 -> -607.75945 | W80: ='Income Statement'!CS481 -> -644.42531 | X80: ='Income Statement'!CT481 -> -684.17911 | Y80: ='Income Statement'!CU481 -> -727.43731 | Z80: ='Income Statement'!CV481 -> -768.43019 | AA80: ='Income Statement'!CW481 -> -816.86571
A81: Net income | B81: ='Income Statement'!B479-'Income Statement'!B481 -> 3394.9 | C81: ='Income Statement'!G479-'Income Statement'!G481 -> 4055.2 | D81: ='Income Statement'!L479-'Income Statement'!L481 -> 3782 | E81: ='Income Statement'!Q479-'Income Statement'!Q481 -> 3969 | F81: ='Income Statement'!V479-'Income Statement'!V481 -> 3477 | G81: ='Income Statement'!AA479-'Income Statement'!AA481 -> 3425 | H81: ='Income Statement'!AF479-'Income Statement'!AF481 -> 3551 | I81: ='Income Statement'!AK479-'Income Statement'!AK481 -> 2985.0992 | J81: ='Income Statement'!AP479-'Income Statement'!AP481 -> 3490.1792 | K81: ='Income Statement'!AU479-'Income Statement'!AU481 -> 3149 | L81: ='Income Statement'!AZ479-'Income Statement'!AZ481 -> 3413 | M81: ='Income Statement'!BE479-'Income Statement'!BE481 -> 2935 | N81: ='Income Statement'!BJ479-'Income Statement'!BJ481 -> 2545 | O81: ='Income Statement'!BO479-'Income Statement'!BO481 -> 2348 | P81: ='Income Statement'!BT479-'Income Statement'!BT481 -> 2124 | Q81: ='Income Statement'!BY479-'Income Statement'!BY481 -> 2453 | R81: ='Income Statement'!CD479-'Income Statement'!CD481 -> 1896 | S81: ='Income Statement'!CI479-'Income Statement'!CI481 -> 2358 | T81: ='Income Statement'!CJ479-'Income Statement'!CJ481 -> 629 | U81: ='Income Statement'!CQ479-'Income Statement'!CQ481 -> 2959.0238 | V81: ='Income Statement'!CR479-'Income Statement'!CR481 -> 3140.0905 | W81: ='Income Statement'!CS479-'Income Statement'!CS481 -> 3329.5308 | X81: ='Income Statement'!CT479-'Income Statement'!CT481 -> 3534.9254 | Y81: ='Income Statement'!CU479-'Income Statement'!CU481 -> 3758.4261 | Z81: ='Income Statement'!CV479-'Income Statement'!CV481 -> 3970.2226 | AA81: ='Income Statement'!CW479-'Income Statement'!CW481 -> 4220.4728
A83: ROCE | B83: =B$2 -> 2007 | C83: =B83+1 -> 2008 | D83: =C83+1 -> 2009 | E83: =D83+1 -> 2010 | F83: =E83+1 -> 2011 | G83: =F83+1 -> 2012 | H83: =G83+1 -> 2013 | I83: =H83+1 -> 2014 | J83: =I83+1 -> 2015 | ... AA83: =Z83+1 -> 2032
A84: Capital Employed | B84: =B20-B27 -> 0 | C84: =C20-C27 -> 0 | D84: =D20-D27 -> 14487 | E84: =E20-E27 -> 14902 | F84: =F20-F27 -> 13605 | G84: =G20-G27 -> 12597.622 | H84: =H20-H27 -> 13669 | I84: =I20-I27 -> 13927 | ... AA84: =AA20-AA27 -> 13835.897
A85: EBIAT | B85: =(1-B200)*'Income Statement'!B521 -> 6320.5784 | C85: =(1-C200)*'Income Statement'!G521 -> 2997.1867 | D85: =(1-D200)*'Income Statement'!L521 -> 2829.4563 | E85: =(1-E200)*'Income Statement'!Q521 -> 2449.6121 | F85: =(1-F200)*'Income Statement'!V521 -> 2723.0999 | G85: =(1-G200)*'Income Statement'!AA521 -> 2204.695 | H85: =(1-H200)*'Income Statement'!AF521 -> 2305.1878 | I85: =(1-I200)*'Income Statement'!AK521 -> 1879.884 | J85: =(1-J200)*'Income Statement'!AP521 -> 5454.0762 | K85: =(1-K200)*'Income Statement'!AU521 -> 4378.5787 | L85: =(1-L200)*'Income Statement'!AZ521 -> 5378.0278 | M85: =(1-M200)*'Income Statement'!BE521 -> 4601.7681 | N85: =(1-N200)*'Income Statement'!BJ521 -> 5304 | O85: =(1-O200)*'Income Statement'!BO521 -> 5115.471 | P85: =(1-P200)*'Income Statement'!BT521 -> 5204.7713 | Q85: =(1-Q200)*'Income Statement'!BY521 -> 2709.5128 | R85: =(1-R200)*'Income Statement'!CD521 -> 2980.1219 | S85: =(1-S200)*'Income Statement'!CI521 -> 3301.4619 | T85: =(1-T200)*'Income Statement'!CJ521 -> 0 | U85: =(1-U200)*'Income Statement'!CQ521 -> 3645.1802 | V85: =(1-V200)*'Income Statement'!CR521 -> 3775.4102 | W85: =(1-W200)*'Income Statement'!CS521 -> 3880.202 | X85: =(1-X200)*'Income Statement'!CT521 -> 3982.5448 | Y85: =(1-Y200)*'Income Statement'!CU521 -> 4122.3715 | Z85: =(1-Z200)*'Income Statement'!CV521 -> 4261.8144 | AA85: =(1-AA200)*'Income Statement'!CW521 -> 4400.5494
A86: ROCE | B86: =B85/B84 -> #DIV/0! | C86: =C85/C84 -> #DIV/0! | D86: =D85/D84 -> 0.19531002 | E86: =E85/E84 -> 0.16438143 | F86: =F85/F84 -> 0.20015435 | G86: =G85/G84 -> 0.17500882 | H86: =H85/H84 -> 0.16864348 | I86: =I85/I84 -> 0.13498126 | ... AA86: =AA85/AA84 -> 0.31805307
A88: Depreciation | B88: =B$2 -> 2007 | C88: =B88+1 -> 2008 | D88: =C88+1 -> 2009 | E88: =D88+1 -> 2010 | F88: =E88+1 -> 2011 | G88: =F88+1 -> 2012 | H88: =G88+1 -> 2013 | I88: =H88+1 -> 2014 | J88: =I88+1 -> 2015 | ... AA88: =Z88+1 -> 2032
A90: Net PPE
A91: BOP | P91: =O95 -> 4931 | Q91: =P95 -> 5193 | R91: =Q95 -> 5639 | S91: =R95 -> 5384 | T91: =S95 -> 5091 | U91: =T95 -> 5022 | V91: =U95 -> 4710.3989 | W91: =V95 -> 4318.5897 | ... AA91: =Z95 -> 3145.1319
A92: (+) Capex | P92: =P73 -> 1187 | Q92: =Q73 -> 1114 | R92: =R73 -> 813 | S92: =S73 -> 674 | T92: =T73 -> 986 | U92: =U73 -> 1094.5589 | V92: =V73 -> 1009.5345 | W92: =W73 -> 1034.2471 | ... AA92: =AA73 -> 1516.4251
A93: (-) Depreciation | B93: =-B345 -> -894 | C93: =-C345 -> -1192.2 | D93: =-D345 -> -1165 | E93: =-E345 -> -1073 | F93: =-F345 -> -1191 | G93: =-G345 -> -1362 | H93: =-H345 -> -1366 | I93: =-I345 -> -1427 | ... T93: =-T345 -> -1494 | U93: =U97*U91 -> -1406.16 | V93: =V97*V91 -> -1401.3437 | W93: =W97*W91 -> -1403.5417 | X93: =X97*X91 -> -1411.873 | Y93: =Y97*Y91 -> -1349.1592 | Z93: =Z97*Z91 -> -1300.3439 | AA93: =AA97*AA91 -> -1226.6014
A94: Plug | P94: =P95-P93-P92-P91 -> 595 | Q94: =Q95-Q93-Q92-Q91 -> 740 | R94: =R95-R93-R92-R91 -> 457 | S94: =S95-S93-S92-S91 -> 496 | T94: =T95-T93-T92-T91 -> 439
A95: EOP | D95: 4555 | E95: 5007 | F95: 4971 | G95: 4849 | H95: 4038 | I95: 4008 | J95: 4227 | K95: 4502 | L95: 4841 | M95: 5190 | N95: 4922 | O95: 4931 | P95: 5193 | Q95: 5639 | R95: 5384 | S95: 5091 | T95: 5022 | U95: =U91+U92+U93+U94 -> 4710.3989 | V95: =V91+V92+V93+V94 -> 4318.5897 | W95: =W91+W92+W93+W94 -> 3949.2951 | X95: =X91+X92+X93+X94 -> 3597.7578 | Y95: =Y91+Y92+Y93+Y94 -> 3334.2151 | Z95: =Z91+Z92+Z93+Z94 -> 3145.1319 | AA95: =AA91+AA92+AA93+AA94 -> 3434.9556
A96: % change | R96: =R95/Q95-1 -> -0.045220784 | S96: =S95/R95-1 -> -0.054420505 | T96: =T95/S95-1 -> -0.013553329 | U96: =U95/T95-1 -> -0.062047221 | V96: =V95/U95-1 -> -0.083179607 | W96: =W95/V95-1 -> -0.085512774 | X96: =X95/W95-1 -> -0.089012687 | Y96: =Y95/X95-1 -> -0.073251912 | ... AA96: =AA95/Z95-1 -> 0.092149924
A97: Dep as % of BOP PPE | P97: =P93/P91 -> -0.3082539 | Q97: =Q93/Q91 -> -0.27113422 | R97: =R93/R91 -> -0.27043802 | S97: =S93/S91 -> -0.27173105 | T97: =T93/T91 -> -0.29345905 | U97: -0.28 | V97: -0.2975 | W97: -0.325 | X97: -0.3575 | Y97: -0.375 | Z97: -0.39 | AA97: -0.39
A99: Capex/ depreciation | B99: =B73/B93 -> -1.257047 | C99: =C73/C93 -> -0.67337695 | D99: =D73/D93 -> -0.50643777 | E99: =E73/E93 -> -1.3457596 | F99: =F73/F93 -> -0.83039463 | G99: =G73/G93 -> -0.72687225 | H99: =H73/H93 -> -0.5966325 | I99: =I73/I93 -> -0.79887877 | ... AA99: =AA73/AA93 -> -1.2362819
A100: Capex/sales | B100: =B73/'Income Statement'!B432 -> 0.14613784 | C100: =C73/'Income Statement'!G432 -> 0.095007042 | D100: =D73/'Income Statement'!L432 -> 0.068509057 | E100: =E73/'Income Statement'!Q432 -> 0.1628143 | F100: =F73/'Income Statement'!V432 -> 0.11260389 | G100: =G73/'Income Statement'!AA432 -> 0.11148649 | H100: =H73/'Income Statement'!AF432 -> 0.090270981 | I100: =I73/'Income Statement'!AK432 -> 0.13564969 | J100: =J73/'Income Statement'!AP432 -> 0.15161028 | K100: =K73/'Income Statement'!AU432 -> 0.13806317 | L100: =L73/'Income Statement'!AZ432 -> 0.1091411 | M100: =M73/'Income Statement'!BE432 -> 0.11292428 | N100: =N73/'Income Statement'!BJ432 -> 0.13024804 | O100: =O73/'Income Statement'!BO432 -> 0.13885791 | P100: =P73/'Income Statement'!BT432 -> 0.1284493 | Q100: =Q73/'Income Statement'!BY432 -> 0.11380121 | R100: =R73/'Income Statement'!CD432 -> 0.079862475 | S100: =S73/'Income Statement'!CI432 -> 0.063971147 | T100: =T73/'Income Statement'!CJ432 -> 0.37806748 | U100: =U73/'Income Statement'!CQ432 -> 0.1 | V100: =V73/'Income Statement'!CR432 -> 0.09 | W100: =W73/'Income Statement'!CS432 -> 0.09 | X100: =X73/'Income Statement'!CT432 -> 0.09 | Y100: =Y73/'Income Statement'!CU432 -> 0.09 | Z100: =Z73/'Income Statement'!CV432 -> 0.09 | AA100: =AA73/'Income Statement'!CW432 -> 0.12
A101: Amortisation | B101: =B$2 -> 2007 | C101: =B101+1 -> 2008 | D101: =C101+1 -> 2009 | E101: =D101+1 -> 2010 | F101: =E101+1 -> 2011 | G101: =F101+1 -> 2012 | H101: =G101+1 -> 2013 | I101: =H101+1 -> 2014 | J101: =I101+1 -> 2015 | ... AA101: =Z101+1 -> 2032
A103: Intangible assets
A104: BOP | P104: =O107 -> 11461 | Q104: =P107 -> 11474 | R104: =Q107 -> 11507 | S104: =R107 -> 11193 | T104: =S107 -> 11042 | U104: =T107 -> 10945 | V104: =U107 -> 10857.599 | W104: =V107 -> 10760.038 | ... AA104: =Z107 -> 10180.568
A105: (-) Amortisation | B105: =-B346 -> 0 | C105: =-C346 -> 0 | D105: =-D346 -> 0 | E105: =-E346 -> 0 | F105: =-F346 -> 0 | G105: =-G346 -> 0 | H105: =-H346 -> 0 | I105: =-I346 -> 0 | ... T105: =-T346 -> -318 | U105: =U109*U104 -> -306.46 | V105: =V109*V104 -> -314.87036 | W105: =W109*W104 -> -322.80113 | X105: =X109*X104 -> -319.57779 | Y105: =Y109*Y104 -> -369.11775 | Z105: =Z109*Z104 -> -415.52724 | AA105: =AA109*AA104 -> -458.12556
A106: (+) Acquisitions | P106: =P107-P105-P104 -> 194 | Q106: =Q107-Q105-Q104 -> 346 | R106: =R107-R105-R104 -> 64 | S106: =S107-S105-S104 -> 166 | T106: =T107-T105-T104 -> 221 | U106: =U110*U104 -> 219.05859 | V106: =V110*V104 -> 217.3093 | W106: =W110*W104 -> 215.35667 | X106: =X110*X104 -> 213.20622 | Y106: =Y110*Y104 -> 211.07725 | Z106: =Z110*Z104 -> 207.91415 | AA106: =AA110*AA104 -> 203.75888
A107: EOP | D107: 11019 | E107: 11019 | F107: 11060 | G107: 10810 | H107: 11167 | I107: 11176 | J107: 11267 | K107: 11297 | L107: 11353.75 | M107: 10926 | N107: 11310 | O107: 11461 | P107: 11474 | Q107: 11507 | R107: 11193 | S107: 11042 | T107: 10945 | U107: =U104+U105+U106 -> 10857.599 | V107: =V104+V105+V106 -> 10760.038 | W107: =W104+W105+W106 -> 10652.593 | X107: =X104+X105+X106 -> 10546.222 | Y107: =Y104+Y105+Y106 -> 10388.181 | Z107: =Z104+Z105+Z106 -> 10180.568 | AA107: =AA104+AA105+AA106 -> 9926.2012
A109: Amortisation as % of BOP Intangible assets | P109: =P105/P104 -> -0.015792688 | Q109: =Q105/Q104 -> -0.027279066 | R109: =R105/R104 -> -0.03284957 | S109: =S105/S104 -> -0.028321272 | T109: =T105/T104 -> -0.028799131 | U109: -0.028 | V109: -0.029 | W109: -0.03 | X109: -0.03 | Y109: -0.035 | Z109: -0.04 | AA109: -0.045
A110: Acquisitions/(impairment) as % of BOP intangible assets | P110: =P106/P104 -> 0.01692697 | Q110: =Q106/Q104 -> 0.030155133 | R110: =R106/R104 -> 0.0055618319 | S110: =S106/S104 -> 0.014830698 | T110: =T106/T104 -> 0.02001449 | U110: =T110 -> 0.02001449 | V110: =U110 -> 0.02001449 | W110: =V110 -> 0.02001449 | X110: =W110 -> 0.02001449 | Y110: =X110 -> 0.02001449 | Z110: =Y110 -> 0.02001449 | AA110: =Z110 -> 0.02001449
A112: Interest/ debt | B112: =B$2 -> 2007 | C112: =B112+1 -> 2008 | D112: =C112+1 -> 2009 | E112: =D112+1 -> 2010 | F112: =E112+1 -> 2011 | G112: =F112+1 -> 2012 | H112: =G112+1 -> 2013 | I112: =H112+1 -> 2014 | J112: =I112+1 -> 2015 | ... AA112: =Z112+1 -> 2032
A113: Interest payments | B113: 9 | C113: 20 | D113: =D115-D114 -> 77 | E113: =E115+E114 -> 240 | F113: =F115-F114 -> 268 | G113: =G115-G114 -> 322.4189 | H113: =H115-H114 -> 369.4 | I113: =I115-I114 -> 465.55 | J113: =J115-J114 -> 468 | K113: =K115-K114 -> 724 | L113: =L115-L114 -> 445 | M113: =M115-M114 -> 389.054 | ... AA113: =AA115-AA114 -> 287.74522
A114: Exceptional interest charges | B114: =B127 -> 0 | C114: =C127 -> 0 | D114: =D127 -> 0 | E114: =E127 -> 0 | F114: =F127 -> 0 | G114: =G127 -> 0 | H114: =H127 -> 0 | I114: =I127 -> 0 | ... AA114: =AA127 -> 0
A115: Clean interest payments | B115: =B122 -> 45.6 | C115: =C122 -> 38.9 | D115: =D122 -> 77 | E115: =E122 -> 240 | F115: =F122 -> 268 | G115: =G122 -> 322.4189 | H115: =H122 -> 369.4 | I115: =I122 -> 465.55 | ... AA115: =AA122 -> 287.74522
A116: % change | C116: =C115/B115-1 -> -0.14692982 | D116: =D115/C115-1 -> 0.97943445 | E116: =E115/D115-1 -> 2.1168831 | F116: =F115/E115-1 -> 0.11666667 | G116: =G115/F115-1 -> 0.20305561 | H116: =H115/G115-1 -> 0.14571446 | I116: =I115/H115-1 -> 0.26028695 | J116: =J115/I115-1 -> 0.0052625926 | ... AA116: =AA115/Z115-1 -> -0.093323476
A118: Investment Income | B118: 37 | C118: 56.8 | D118: 29 | E118: 29 | F118: 40 | G118: 34.418903 | H118: 40.4 | I118: 76.55 | J118: 56 | K118: 55 | L118: 61 | M118: 44.775 | N118: 70 | O118: 84 | P118: 60 | Q118: 30 | R118: 27 | S118: 34 | T118: 38 | U118: =U119*AVERAGE(T134) -> 37.752711 | V118: =V119*AVERAGE(U134) -> 38.855256 | W118: =W119*AVERAGE(V134) -> 39.818906 | X118: =X119*AVERAGE(W134) -> 40.793639 | Y118: =Y119*AVERAGE(X134) -> 41.822646 | Z118: =Z119*AVERAGE(Y134) -> 42.819796 | AA118: =AA119*AVERAGE(Z134) -> 43.831273
A119: Average interest rate on cash | B119: =B118/AVERAGE(B141:B141) -> #DIV/0! | C119: =C118/AVERAGE(B141:C141) -> #DIV/0! | D119: =D118/AVERAGE(C141:D141) -> 0.024328859 | E119: =E118/AVERAGE(D141:E141) -> 0.027751196 | F119: =F118/AVERAGE(E141:F141) -> 0.046082949 | G119: =G118/AVERAGE(F141:G141) -> 0.045109965 | H119: =H118/AVERAGE(G141:H141) -> 0.054010695 | I119: =I118/AVERAGE(H141:I141) -> 0.065455323 | J119: =J118/AVERAGE(I141:J141) -> 0.03961797 | ... T119: =T118/AVERAGE(S141:T141) -> 0.082429501 | U119: =T119+U120 -> 0.082429501 | V119: =U119+V120 -> 0.082429501 | W119: =V119+W120 -> 0.082429501 | X119: =W119+X120 -> 0.082429501 | Y119: =X119+Y120 -> 0.082429501 | Z119: =Y119+Z120 -> 0.082429501 | AA119: =Z119+AA120 -> 0.082429501
A120: Change | C120: =C119-B119 -> #DIV/0! | D120: =D119-C119 -> #DIV/0! | E120: =E119-D119 -> 0.0034223371 | F120: =F119-E119 -> 0.018331753 | G120: =G119-F119 -> -0.00097298416 | H120: =H119-G119 -> 0.00890073 | I120: =I119-H119 -> 0.011444628 | J120: =J119-I119 -> -0.025837353 | ... T120: =T119-S119 -> 0.016601815 | U120: 0 | V120: 0 | W120: 0 | X120: 0 | Y120: 0 | Z120: 0 | AA120: 0
A122: Interest expense | B122: 45.6 | C122: 38.9 | D122: 77 | E122: 240 | F122: 268 | G122: 322.4189 | H122: 369.4 | I122: 465.55 | J122: 468 | K122: 724 | L122: 445 | M122: 389.054 | N122: 469 | O122: 489 | P122: 473 | Q122: 437 | R122: 473 | S122: 481 | T122: 470 | U122: =AVERAGE(T133)*U123 -> 470 | V122: =AVERAGE(U133)*V123 -> 443.08483 | W122: =AVERAGE(V133)*W123 -> 411.09844 | X122: =AVERAGE(W133)*X123 -> 379.21453 | Y122: =AVERAGE(X133)*Y123 -> 347.64105 | Z122: =AVERAGE(Y133)*Z123 -> 317.3626 | AA122: =AVERAGE(Z133)*AA123 -> 287.74522
...

Sheet Analysis
B2: Inputs
B3: Recent quarter month end | C3: 45838 | Z3: Do not delete
B4: =DCF!$C$34 -> 5.7602387 | AB4: YTD analysis | AT4: Current | BD4: Prior | BK4: % Variance | BS4: Consensus | BZ4: Vs Consensus
C5: =IF(MONTH(C$6)=3,"Q1"&" "&RIGHT(YEAR(C$6),2),IF(MONTH(C$6)=6,"Q2"&" "&RIGHT(YEAR(C$6),2),IF(MONTH(C$6)=9,"Q3"&" "&RIGHT(YEAR(C$6),2),IF(MONTH(C$6)=12,"Q4"&" "&RIGHT(YEAR(C$6),2),"nm")))) -> Q1 20 | D5: =IF(MONTH(D$6)=3,"Q1"&" "&RIGHT(YEAR(D$6),2),IF(MONTH(D$6)=6,"Q2"&" "&RIGHT(YEAR(D$6),2),IF(MONTH(D$6)=9,"Q3"&" "&RIGHT(YEAR(D$6),2),IF(MONTH(D$6)=12,"Q4"&" "&RIGHT(YEAR(D$6),2),"nm")))) -> Q2 20 | E5: =IF(MONTH(E$6)=3,"Q1"&" "&RIGHT(YEAR(E$6),2),IF(MONTH(E$6)=6,"Q2"&" "&RIGHT(YEAR(E$6),2),IF(MONTH(E$6)=9,"Q3"&" "&RIGHT(YEAR(E$6),2),IF(MONTH(E$6)=12,"Q4"&" "&RIGHT(YEAR(E$6),2),"nm")))) -> Q3 20 | F5: =IF(MONTH(F$6)=3,"Q1"&" "&RIGHT(YEAR(F$6),2),IF(MONTH(F$6)=6,"Q2"&" "&RIGHT(YEAR(F$6),2),IF(MONTH(F$6)=9,"Q3"&" "&RIGHT(YEAR(F$6),2),IF(MONTH(F$6)=12,"Q4"&" "&RIGHT(YEAR(F$6),2),"nm")))) -> Q4 20 | G5: =IF(MONTH(G$6)=3,"Q1"&" "&RIGHT(YEAR(G$6),2),IF(MONTH(G$6)=6,"Q2"&" "&RIGHT(YEAR(G$6),2),IF(MONTH(G$6)=9,"Q3"&" "&RIGHT(YEAR(G$6),2),IF(MONTH(G$6)=12,"Q4"&" "&RIGHT(YEAR(G$6),2),"nm")))) -> Q1 21 | H5: =IF(MONTH(H$6)=3,"Q1"&" "&RIGHT(YEAR(H$6),2),IF(MONTH(H$6)=6,"Q2"&" "&RIGHT(YEAR(H$6),2),IF(MONTH(H$6)=9,"Q3"&" "&RIGHT(YEAR(H$6),2),IF(MONTH(H$6)=12,"Q4"&" "&RIGHT(YEAR(H$6),2),"nm")))) -> Q2 21 | I5: =IF(MONTH(I$6)=3,"Q1"&" "&RIGHT(YEAR(I$6),2),IF(MONTH(I$6)=6,"Q2"&" "&RIGHT(YEAR(I$6),2),IF(MONTH(I$6)=9,"Q3"&" "&RIGHT(YEAR(I$6),2),IF(MONTH(I$6)=12,"Q4"&" "&RIGHT(YEAR(I$6),2),"nm")))) -> Q3 21 | J5: =IF(MONTH(J$6)=3,"Q1"&" "&RIGHT(YEAR(J$6),2),IF(MONTH(J$6)=6,"Q2"&" "&RIGHT(YEAR(J$6),2),IF(MONTH(J$6)=9,"Q3"&" "&RIGHT(YEAR(J$6),2),IF(MONTH(J$6)=12,"Q4"&" "&RIGHT(YEAR(J$6),2),"nm")))) -> Q4 21 | ... X5: =IF(MONTH(X$6)=3,"Q1"&" "&RIGHT(YEAR(X$6),2),IF(MONTH(X$6)=6,"Q2"&" "&RIGHT(YEAR(X$6),2),IF(MONTH(X$6)=9,"Q3"&" "&RIGHT(YEAR(X$6),2),IF(MONTH(X$6)=12,"Q4"&" "&RIGHT(YEAR(X$6),2),"nm")))) -> Q2 25 | AB5: YTD-1 | AC5: YTD | AD5: % YoY | AF5: Remainder-1 | AG5: Remainder | AH5: Implied | AJ5: NSR | AO5: 2020 | AP5: =AO5+1 -> 2021 | AQ5: =AP5+1 -> 2022 | AR5: =AQ5+1 -> 2023 | AS5: =AR5+1 -> 2024 | AT5: =AS5+1 -> 2025 | AU5: =AT5+1 -> 2026 | AV5: =AU5+1 -> 2027 | AW5: =AV5+1 -> 2028 | ... AY5: =AX5+1 -> 2030 | BA5: CAGR | BB5: CAGR | BD5: =AT5 -> 2025 | BE5: =BD5+1 -> 2026 | BF5: =BE5+1 -> 2027 | BG5: =BF5+1 -> 2028 | BH5: =BG5+1 -> 2029 | BI5: =BH5+1 -> 2030 | BK5: =BD5 -> 2025 | BL5: =BE5 -> 2026 | BM5: =BF5 -> 2027 | BN5: =BG5 -> 2028 | BO5: =BH5 -> 2029 | BP5: =BI5 -> 2030 | BR5: =AS5 -> 2024 | BS5: =AT5 -> 2025 | BT5: =AU5 -> 2026 | BU5: =AV5 -> 2027 | BV5: =AW5 -> 2028 | BW5: =AX5 -> 2029 | BX5: =AY5 -> 2030 | BZ5: =BD5 -> 2025 | CA5: =BE5 -> 2026 | CB5: =BF5 -> 2027 | CC5: =BG5 -> 2028 | CD5: =BH5 -> 2029 | CE5: =BI5 -> 2030
C6: 43921 | D6: =EOMONTH(C6,3) -> 44012 | E6: =EOMONTH(D6,3) -> 44104 | F6: =EOMONTH(E6,3) -> 44196 | G6: =EOMONTH(F6,3) -> 44286 | H6: =EOMONTH(G6,3) -> 44377 | I6: =EOMONTH(H6,3) -> 44469 | J6: =EOMONTH(I6,3) -> 44561 | K6: =EOMONTH(J6,3) -> 44651 | ... X6: =EOMONTH(W6,3) -> 45838 | AB6: =EOMONTH(AC6,-12) -> 45473 | AC6: =$C$3 -> 45838 | AH6: % YoY | AI6: =AJ6-1 -> 2024 | AJ6: =YEAR($C$3) -> 2025 | BA6: 24-27 | BB6: 24-30
B8: Postpaid | C8: ='Income Statement'!BK408 -> 0 | D8: ='Income Statement'!BL408 -> 0 | E8: ='Income Statement'!BM408 -> 0 | F8: ='Income Statement'!BN408 -> 0 | G8: ='Income Statement'!BP408 -> 748 | H8: ='Income Statement'!BQ408 -> 766 | I8: ='Income Statement'!BR408 -> 783 | J8: ='Income Statement'!BS408 -> 766 | K8: ='Income Statement'!BU408 -> 785 | L8: ='Income Statement'!BV408 -> 810 | M8: ='Income Statement'!BW408 -> 830 | N8: ='Income Statement'!BX408 -> 850 | O8: ='Income Statement'!BZ408 -> 864 | P8: ='Income Statement'!CA408 -> 871 | Q8: ='Income Statement'!CB408 -> 882 | R8: ='Income Statement'!CC408 -> 903 | S8: ='Income Statement'!CE408 -> 911 | T8: ='Income Statement'!CF408 -> 916 | U8: ='Income Statement'!CG408 -> 925 | V8: ='Income Statement'!CH408 -> 948 | W8: ='Income Statement'!CJ408 -> 924 | X8: ='Income Statement'!CK408 -> 933 | AB8: =SUMIFS($C8:Z8,$C$6:Z$6,"<="&AB$6,$C$6:Z$6,">"&DATE(YEAR($AB$6)-1,12,31)) -> 1827 | AC8: =SUMIFS($C8:Z8,$C$6:Z$6,"<="&AC$6,$C$6:Z$6,">"&DATE(YEAR($AC$6)-1,12,31)) -> 1857 | AD8: =AC8/AB8-1 -> 0.016420361 | AF8: =AI8-AB8 -> 1873 | AG8: =AJ8-AC8 -> 1928 | AH8: =AG8/AF8-1 -> 0.029364656 | AI8: =SUMIFS($AO8:$AZ8,$AO$5:$AZ$5,AI$6) -> 3700 | AJ8: =SUMIFS($AO8:$AZ8,$AO$5:$AZ$5,AJ$6) -> 3785 | AP8: ='Income Statement'!BT408 -> 3063 | AQ8: ='Income Statement'!BY408 -> 3275 | AR8: ='Income Statement'!CD408 -> 3520 | AS8: ='Income Statement'!CI408 -> 3700 | AT8: ='Income Statement'!CN408 -> 3785 | AU8: ='Income Statement'!CQ408 -> 3901.2032 | AV8: ='Income Statement'!CR408 -> 3963.3334 | AW8: ='Income Statement'!CS408 -> 4055.66 | AX8: ='Income Statement'!CT408 -> 4147.1955 | AY8: ='Income Statement'!CU408 -> 4238.1031 | BA8: =(AV8/AS8)^(1/3)-1 -> 0.023182163 | BB8: =(AY8/AS8)^(1/6)-1 -> 0.022888507 | BD8: 3787.9111 | BE8: 3842.5044 | BF8: 3915.6604 | BG8: 4007.0655 | BH8: 4097.7714 | BI8: 4187.9338 | BK8: =IFERROR(AT8/BD8-1,"") -> -0.0007685207 | BL8: =IFERROR(AU8/BE8-1,"") -> 0.015276184 | BM8: =IFERROR(AV8/BF8-1,"") -> 0.012174961 | BN8: =IFERROR(AW8/BG8-1,"") -> 0.012127194 | BO8: =IFERROR(AX8/BH8-1,"") -> 0.0120612 | BP8: =IFERROR(AY8/BI8-1,"") -> 0.011979486
B9: % YoY | K9: =K8/G8-1 -> 0.049465241 | L9: =L8/H8-1 -> 0.057441253 | M9: =M8/I8-1 -> 0.060025543 | N9: =N8/J8-1 -> 0.10966057 | O9: =O8/K8-1 -> 0.10063694 | P9: =P8/L8-1 -> 0.075308642 | Q9: =Q8/M8-1 -> 0.062650602 | R9: =R8/N8-1 -> 0.062352941 | ... X9: =X8/T8-1 -> 0.018558952 | AQ9: =IFERROR(AQ8/AP8-1,"") -> 0.06921319 | AR9: =IFERROR(AR8/AQ8-1,"") -> 0.07480916 | AS9: =IFERROR(AS8/AR8-1,"") -> 0.051136364 | AT9: =IFERROR(AT8/AS8-1,"") -> 0.022972973 | AU9: =IFERROR(AU8/AT8-1,"") -> 0.030700986 | AV9: =IFERROR(AV8/AU8-1,"") -> 0.015925897 | AW9: =IFERROR(AW8/AV8-1,"") -> 0.023295193 | AX9: =IFERROR(AX8/AW8-1,"") -> 0.022569811 | AY9: =IFERROR(AY8/AX8-1,"") -> 0.021920262 | BD9: 0.023759754 | BE9: 0.014412518 | BF9: 0.019038613 | BG9: 0.023343487 | BH9: 0.02263649 | BI9: 0.022002778
B10: Prepaid | C10: ='Income Statement'!BK409 -> 0 | D10: ='Income Statement'!BL409 -> 0 | E10: ='Income Statement'!BM409 -> 0 | F10: ='Income Statement'!BN409 -> 0 | G10: ='Income Statement'!BP409 -> 690 | H10: ='Income Statement'!BQ409 -> 685 | I10: ='Income Statement'!BR409 -> 685 | J10: ='Income Statement'!BS409 -> 655 | K10: ='Income Statement'!BU409 -> 657 | L10: ='Income Statement'!BV409 -> 679 | M10: ='Income Statement'!BW409 -> 676 | N10: ='Income Statement'!BX409 -> 681 | O10: ='Income Statement'!BZ409 -> 661 | P10: ='Income Statement'!CA409 -> 651 | Q10: ='Income Statement'!CB409 -> 652 | R10: ='Income Statement'!CC409 -> 655 | S10: ='Income Statement'!CE409 -> 649 | T10: ='Income Statement'!CF409 -> 648 | U10: ='Income Statement'!CG409 -> 641 | V10: ='Income Statement'!CH409 -> 627 | W10: ='Income Statement'!CJ409 -> 595 | X10: ='Income Statement'!CK409 -> 610 | AB10: =SUMIFS($C10:Z10,$C$6:Z$6,"<="&AB$6,$C$6:Z$6,">"&DATE(YEAR($AB$6)-1,12,31)) -> 1297 | AC10: =SUMIFS($C10:Z10,$C$6:Z$6,"<="&AC$6,$C$6:Z$6,">"&DATE(YEAR($AC$6)-1,12,31)) -> 1205 | AD10: =AC10/AB10-1 -> -0.070932922 | AF10: =AI10-AB10 -> 1268 | AG10: =AJ10-AC10 -> 1240 | AH10: =AG10/AF10-1 -> -0.022082019 | AI10: =SUMIFS($AO10:$AZ10,$AO$5:$AZ$5,AI$6) -> 2565 | AJ10: =SUMIFS($AO10:$AZ10,$AO$5:$AZ$5,AJ$6) -> 2445 | AP10: ='Income Statement'!BT409 -> 2715 | AQ10: ='Income Statement'!BY409 -> 2693 | AR10: ='Income Statement'!CD409 -> 2619 | AS10: ='Income Statement'!CI409 -> 2565 | AT10: ='Income Statement'!CN409 -> 2445 | AU10: ='Income Statement'!CQ409 -> 2470.1155 | AV10: ='Income Statement'!CR409 -> 2479.0651 | AW10: ='Income Statement'!CS409 -> 2493.7146 | AX10: ='Income Statement'!CT409 -> 2506.7119 | AY10: ='Income Statement'!CU409 -> 2518.2138 | BA10: =(AV10/AS10)^(1/3)-1 -> -0.011294721 | BB10: =(AY10/AS10)^(1/6)-1 -> -0.0030634044 | BD10: 2599.1999 | BE10: 2669.8914 | BF10: 2700.9924 | BG10: 2730.4057 | BH10: 2758.2891 | BI10: 2784.7851 | BK10: =IFERROR(AT10/BD10-1,"") -> -0.059325905 | BL10: =IFERROR(AU10/BE10-1,"") -> -0.074825494 | BM10: =IFERROR(AV10/BF10-1,"") -> -0.082165107 | BN10: =IFERROR(AW10/BG10-1,"") -> -0.086687167 | BO10: =IFERROR(AX10/BH10-1,"") -> -0.09120769 | BP10: =IFERROR(AY10/BI10-1,"") -> -0.095724202
B11: % YoY | K11: =K10/G10-1 -> -0.047826087 | L11: =L10/H10-1 -> -0.0087591241 | M11: =M10/I10-1 -> -0.013138686 | N11: =N10/J10-1 -> 0.039694656 | O11: =O10/K10-1 -> 0.0060882801 | P11: =P10/L10-1 -> -0.041237113 | Q11: =Q10/M10-1 -> -0.035502959 | R11: =R10/N10-1 -> -0.038179148 | ... X11: =X10/T10-1 -> -0.058641975 | AQ11: =IFERROR(AQ10/AP10-1,"") -> -0.0081031308 | AR11: =IFERROR(AR10/AQ10-1,"") -> -0.027478648 | AS11: =IFERROR(AS10/AR10-1,"") -> -0.020618557 | AT11: =IFERROR(AT10/AS10-1,"") -> -0.046783626 | AU11: =IFERROR(AU10/AT10-1,"") -> 0.010272187 | AV11: =IFERROR(AV10/AU10-1,"") -> 0.0036231447 | AW11: =IFERROR(AW10/AV10-1,"") -> 0.0059092843 | AX11: =IFERROR(AX10/AW10-1,"") -> 0.0052120433 | AY11: =IFERROR(AY10/AX10-1,"") -> 0.0045884291 | BD11: 0.013333289 | BE11: 0.02719743 | BF11: 0.011648777 | BG11: 0.010889814 | BH11: 0.010212177 | BI11: 0.0096059647
B12: Mobile service revenue | G12: =G8+G10 -> 1438 | H12: =H8+H10 -> 1451 | I12: =I8+I10 -> 1468 | J12: =J8+J10 -> 1421 | K12: =K8+K10 -> 1442 | L12: =L8+L10 -> 1489 | M12: =M8+M10 -> 1506 | N12: =N8+N10 -> 1531 | ... X12: =X8+X10 -> 1543 | AB12: =SUMIFS($C12:Z12,$C$6:Z$6,"<="&AB$6,$C$6:Z$6,">"&DATE(YEAR($AB$6)-1,12,31)) -> 3124 | AC12: =SUMIFS($C12:Z12,$C$6:Z$6,"<="&AC$6,$C$6:Z$6,">"&DATE(YEAR($AC$6)-1,12,31)) -> 3062 | AD12: =AC12/AB12-1 -> -0.019846351 | AF12: =AI12-AB12 -> 3141 | AG12: =AJ12-AC12 -> 3168 | AH12: =AG12/AF12-1 -> 0.0085959885 | AI12: =SUMIFS($AO12:$AZ12,$AO$5:$AZ$5,AI$6) -> 6265 | AJ12: =SUMIFS($AO12:$AZ12,$AO$5:$AZ$5,AJ$6) -> 6230 | AP12: =AP8+AP10 -> 5778 | AQ12: =AQ8+AQ10 -> 5968 | AR12: =AR8+AR10 -> 6139 | AS12: =AS8+AS10 -> 6265 | AT12: =AT8+AT10 -> 6230 | AU12: =AU8+AU10 -> 6371.3187 | AV12: =AV8+AV10 -> 6442.3985 | AW12: =AW8+AW10 -> 6549.3746 | ... AY12: =AY8+AY10 -> 6756.3169 | BA12: =(AV12/AS12)^(1/3)-1 -> 0.0093508877 | BB12: =(AY12/AS12)^(1/6)-1 -> 0.012662721 | BD12: =BD8+BD10 -> 6387.111 | BE12: =BE8+BE10 -> 6512.3959 | BF12: =BF8+BF10 -> 6616.6528 | BG12: =BG8+BG10 -> 6737.4713 | BH12: =BH8+BH10 -> 6856.0606 | BI12: =BI8+BI10 -> 6972.7189 | BK12: =IFERROR(AT12/BD12-1,"") -> -0.024598128 | BL12: =IFERROR(AU12/BE12-1,"") -> -0.021662863 | BM12: =IFERROR(AV12/BF12-1,"") -> -0.026335721 | BN12: =IFERROR(AW12/BG12-1,"") -> -0.027917993 | BO12: =IFERROR(AX12/BH12-1,"") -> -0.029485319 | BP12: =IFERROR(AY12/BI12-1,"") -> -0.031035531
B13: % YoY | K13: =K12/G12-1 -> 0.0027816412 | L13: =L12/H12-1 -> 0.026188835 | M13: =M12/I12-1 -> 0.025885559 | N13: =N12/J12-1 -> 0.077410274 | O13: =O12/K12-1 -> 0.057558946 | P13: =P12/L12-1 -> 0.022162525 | Q13: =Q12/M12-1 -> 0.018592297 | R13: =R12/N12-1 -> 0.017635532 | ... X13: =X12/T12-1 -> -0.01342711 | AQ13: =IFERROR(AQ12/AP12-1,"") -> 0.032883351 | AR13: =IFERROR(AR12/AQ12-1,"") -> 0.028652815 | AS13: =IFERROR(AS12/AR12-1,"") -> 0.020524515 | AT13: =IFERROR(AT12/AS12-1,"") -> -0.0055865922 | AU13: =IFERROR(AU12/AT12-1,"") -> 0.022683584 | AV13: =IFERROR(AV12/AU12-1,"") -> 0.011156206 | AW13: =IFERROR(AW12/AV12-1,"") -> 0.016605014 | AX13: =IFERROR(AX12/AW12-1,"") -> 0.015960734 | AY13: =IFERROR(AY12/AX12-1,"") -> 0.015390878
B14: Home Connectivity | C14: ='Income Statement'!BK411 -> 0 | D14: ='Income Statement'!BL411 -> 0 | E14: ='Income Statement'!BM411 -> 0 | F14: ='Income Statement'!BN411 -> 0 | G14: ='Income Statement'!BP411 -> 165 | H14: ='Income Statement'!BQ411 -> 175 | I14: ='Income Statement'!BR411 -> 185 | J14: ='Income Statement'!BS411 -> 196 | K14: ='Income Statement'!BU411 -> 200 | L14: ='Income Statement'!BV411 -> 209 | M14: ='Income Statement'!BW411 -> 215 | N14: ='Income Statement'!BX411 -> 219 | O14: ='Income Statement'!BZ411 -> 222 | P14: ='Income Statement'!CA411 -> 229 | Q14: ='Income Statement'!CB411 -> 231 | R14: ='Income Statement'!CC411 -> 243 | S14: ='Income Statement'!CE411 -> 244 | T14: ='Income Statement'!CF411 -> 251 | U14: ='Income Statement'!CG411 -> 251 | V14: ='Income Statement'!CH411 -> 247 | W14: ='Income Statement'!CJ411 -> 254 | X14: ='Income Statement'!CK411 -> 254 | AB14: =SUMIFS($C14:Z14,$C$6:Z$6,"<="&AB$6,$C$6:Z$6,">"&DATE(YEAR($AB$6)-1,12,31)) -> 495 | AC14: =SUMIFS($C14:Z14,$C$6:Z$6,"<="&AC$6,$C$6:Z$6,">"&DATE(YEAR($AC$6)-1,12,31)) -> 508 | AD14: =AC14/AB14-1 -> 0.026262626 | AF14: =AI14-AB14 -> 498 | AG14: =AJ14-AC14 -> 509 | AH14: =AG14/AF14-1 -> 0.022088353 | AI14: =SUMIFS($AO14:$AZ14,$AO$5:$AZ$5,AI$6) -> 993 | AJ14: =SUMIFS($AO14:$AZ14,$AO$5:$AZ$5,AJ$6) -> 1017 | AK14: =AJ14/AI14-1 -> 0.024169184 | AP14: ='Income Statement'!BT411 -> 721 | AQ14: ='Income Statement'!BY411 -> 843 | AR14: ='Income Statement'!CD411 -> 925 | AS14: ='Income Statement'!CI411 -> 993 | AT14: ='Income Statement'!CN411 -> 1017 | AU14: ='Income Statement'!CQ411 -> 1013.9377 | AV14: ='Income Statement'!CR411 -> 1064.5927 | AW14: ='Income Statement'!CS411 -> 1089.4541 | AX14: ='Income Statement'!CT411 -> 1126.7461 | AY14: ='Income Statement'!CU411 -> 1151.6075 | BD14: 991.22556 | BE14: 1074.0493 | BF14: 1146.8663 | BG14: 1215.4402 | BH14: 1280.1185 | BI14: 1341.2218 | BK14: =IFERROR(AT14/BD14-1,"") -> 0.0260026 | BL14: =IFERROR(AU14/BE14-1,"") -> -0.055967224 | BM14: =IFERROR(AV14/BF14-1,"") -> -0.071737756 | BN14: =IFERROR(AW14/BG14-1,"") -> -0.10365473 | BO14: =IFERROR(AX14/BH14-1,"") -> -0.11981109 | BP14: =IFERROR(AY14/BI14-1,"") -> -0.14137433
B15: % YoY | K15: =K14/G14-1 -> 0.21212121 | L15: =L14/H14-1 -> 0.19428571 | M15: =M14/I14-1 -> 0.16216216 | N15: =N14/J14-1 -> 0.11734694 | O15: =O14/K14-1 -> 0.11 | P15: =P14/L14-1 -> 0.09569378 | Q15: =Q14/M14-1 -> 0.074418605 | R15: =R14/N14-1 -> 0.10958904 | ... X15: =X14/T14-1 -> 0.011952191 | AQ15: =IFERROR(AQ14/AP14-1,"") -> 0.16920943 | AR15: =IFERROR(AR14/AQ14-1,"") -> 0.097271649 | AS15: =IFERROR(AS14/AR14-1,"") -> 0.073513514 | AT15: =IFERROR(AT14/AS14-1,"") -> 0.024169184 | AU15: =IFERROR(AU14/AT14-1,"") -> -0.0030110955 | AV15: =IFERROR(AV14/AU14-1,"") -> 0.049958694 | AW15: =IFERROR(AW14/AV14-1,"") -> 0.023352923 | AX15: =IFERROR(AX14/AW14-1,"") -> 0.034230014 | AY15: =IFERROR(AY14/AX14-1,"") -> 0.022064733 | BD15: -0.0017869499 | BE15: 0.083556879 | BF15: 0.067796764 | BG15: 0.059792372 | BH15: 0.053213889 | BI15: 0.047732519
B16: Consumer Revenue | C16: ='Income Statement'!BK414 -> 0 | D16: ='Income Statement'!BL414 -> 0 | E16: ='Income Statement'!BM414 -> 0 | F16: ='Income Statement'!BN414 -> 0 | G16: ='Income Statement'!BP414 -> 1603 | H16: ='Income Statement'!BQ414 -> 1626 | I16: ='Income Statement'!BR414 -> 1653 | J16: ='Income Statement'!BS414 -> 1617 | K16: ='Income Statement'!BU414 -> 1642 | L16: ='Income Statement'!BV414 -> 1698 | M16: ='Income Statement'!BW414 -> 1721 | N16: ='Income Statement'!BX414 -> 1750 | O16: ='Income Statement'!BZ414 -> 1747 | P16: ='Income Statement'!CA414 -> 1751 | Q16: ='Income Statement'!CB414 -> 1765 | R16: ='Income Statement'!CC414 -> 1801 | S16: ='Income Statement'!CE414 -> 1804 | T16: ='Income Statement'!CF414 -> 1815 | U16: ='Income Statement'!CG414 -> 1817 | V16: ='Income Statement'!CH414 -> 1822 | W16: ='Income Statement'!CJ414 -> 1773 | X16: ='Income Statement'!CK414 -> 1797 | AB16: =SUMIFS($C16:Z16,$C$6:Z$6,"<="&AB$6,$C$6:Z$6,">"&DATE(YEAR($AB$6)-1,12,31)) -> 3619 | AC16: =SUMIFS($C16:Z16,$C$6:Z$6,"<="&AC$6,$C$6:Z$6,">"&DATE(YEAR($AC$6)-1,12,31)) -> 3570 | AD16: =AC16/AB16-1 -> -0.013539652 | AF16: =AI16-AB16 -> 3639 | AG16: =AJ16-AC16 -> 3677 | AH16: =AG16/AF16-1 -> 0.010442429 | AI16: =SUMIFS($AO16:$AZ16,$AO$5:$AZ$5,AI$6) -> 7258 | AJ16: =SUMIFS($AO16:$AZ16,$AO$5:$AZ$5,AJ$6) -> 7247 | AK16: =AJ16/AI16-1 -> -0.001515569 | AP16: ='Income Statement'!BT414 -> 6499 | AQ16: ='Income Statement'!BY414 -> 6811 | AR16: ='Income Statement'!CD414 -> 7064 | AS16: ='Income Statement'!CI414 -> 7258 | AT16: ='Income Statement'!CN414 -> 7247 | AU16: ='Income Statement'!CQ414 -> 7385.2564 | AV16: ='Income Statement'!CR414 -> 7506.9912 | AW16: ='Income Statement'!CS414 -> 7638.8287 | AX16: ='Income Statement'!CT414 -> 7780.6535 | AY16: ='Income Statement'!CU414 -> 7907.9243 | BA16: =(AV16/AS16)^(1/3)-1 -> 0.011306924 | BB16: =(AY16/AS16)^(1/6)-1 -> 0.014396146 | BD16: 7378.3365 | BE16: 7586.4451 | BF16: 7763.5191 | BG16: 7952.9115 | BH16: 8136.179 | BI16: 8313.9407 | BK16: =IFERROR(AT16/BD16-1,"") -> -0.01780029 | BL16: =IFERROR(AU16/BE16-1,"") -> -0.026519496 | BM16: =IFERROR(AV16/BF16-1,"") -> -0.033042739 | BN16: =IFERROR(AW16/BG16-1,"") -> -0.039492807 | BO16: =IFERROR(AX16/BH16-1,"") -> -0.043696867 | BP16: =IFERROR(AY16/BI16-1,"") -> -0.04883561
B17: % YoY | K17: =K16/G16-1 -> 0.024329382 | L17: =L16/H16-1 -> 0.044280443 | M17: =M16/I16-1 -> 0.041137326 | N17: =N16/J16-1 -> 0.082251082 | O17: =O16/K16-1 -> 0.063946407 | P17: =P16/L16-1 -> 0.031213192 | Q17: =Q16/M16-1 -> 0.025566531 | R17: =R16/N16-1 -> 0.029142857 | ... X17: =X16/T16-1 -> -0.0099173554 | AQ17: =IFERROR(AQ16/AP16-1,"") -> 0.048007386 | AR17: =IFERROR(AR16/AQ16-1,"") -> 0.037145794 | AS17: =IFERROR(AS16/AR16-1,"") -> 0.027463194 | AT17: =IFERROR(AT16/AS16-1,"") -> -0.001515569 | AU17: =IFERROR(AU16/AT16-1,"") -> 0.019077748 | AV17: =IFERROR(AV16/AU16-1,"") -> 0.016483483 | AW17: =IFERROR(AW16/AV16-1,"") -> 0.017561959 | AX17: =IFERROR(AX16/AW16-1,"") -> 0.018566309 | AY17: =IFERROR(AY16/AX16-1,"") -> 0.016357345 | BD17: 0.016579848 | BE17: 0.028205356 | BF17: 0.023340838 | BG17: 0.024395165 | BH17: 0.023044087 | BI17: 0.021848298
B19: Enterprise Revenue | C19: ='Income Statement'!BK426 -> 0 | D19: ='Income Statement'!BL426 -> 0 | E19: ='Income Statement'!BM426 -> 0 | F19: ='Income Statement'!BN426 -> 0 | G19: ='Income Statement'!BP426 -> 368 | H19: ='Income Statement'!BQ426 -> 371 | I19: ='Income Statement'!BR426 -> 380 | J19: ='Income Statement'!BS426 -> 399 | K19: ='Income Statement'!BU426 -> 388 | L19: ='Income Statement'!BV426 -> 386 | M19: ='Income Statement'!BW426 -> 387 | N19: ='Income Statement'!BX426 -> 364 | O19: ='Income Statement'!BZ426 -> 365 | P19: ='Income Statement'!CA426 -> 362 | Q19: ='Income Statement'!CB426 -> 380 | R19: ='Income Statement'!CC426 -> 401 | S19: ='Income Statement'!CE426 -> 387 | T19: ='Income Statement'!CF426 -> 401 | U19: ='Income Statement'!CG426 -> 396 | V19: ='Income Statement'!CH426 -> 426 | W19: ='Income Statement'!CJ426 -> 398 | X19: ='Income Statement'!CK426 -> 407 | AB19: =SUMIFS($C19:Z19,$C$6:Z$6,"<="&AB$6,$C$6:Z$6,">"&DATE(YEAR($AB$6)-1,12,31)) -> 788 | AC19: =SUMIFS($C19:Z19,$C$6:Z$6,"<="&AC$6,$C$6:Z$6,">"&DATE(YEAR($AC$6)-1,12,31)) -> 805 | AD19: =AC19/AB19-1 -> 0.021573604 | AF19: =AI19-AB19 -> 822 | AG19: =AJ19-AC19 -> 860 | AH19: =AG19/AF19-1 -> 0.04622871 | AI19: =SUMIFS($AO19:$AZ19,$AO$5:$AZ$5,AI$6) -> 1610 | AJ19: =SUMIFS($AO19:$AZ19,$AO$5:$AZ$5,AJ$6) -> 1665 | AK19: =AJ19/AI19-1 -> 0.034161491 | AP19: ='Income Statement'!BT426 -> 1518 | AQ19: ='Income Statement'!BY426 -> 1525 | AR19: ='Income Statement'!CD426 -> 1508 | AS19: ='Income Statement'!CI426 -> 1610 | AT19: ='Income Statement'!CN426 -> 1665 | AU19: ='Income Statement'!CQ426 -> 1669.1625 | AV19: ='Income Statement'!CR426 -> 1752.6206 | AW19: ='Income Statement'!CS426 -> 1840.2517 | AX19: ='Income Statement'!CT426 -> 1932.2642 | AY19: ='Income Statement'!CU426 -> 2028.8775 | BA19: =(AV19/AS19)^(1/3)-1 -> 0.028696702 | BB19: =(AY19/AS19)^(1/6)-1 -> 0.039293768 | BD19: 1690.5 | BE19: 1775.025 | BF19: 1863.7763 | BG19: 1956.9651 | BH19: 2054.8133 | BI19: 2157.554 | BK19: =IFERROR(AT19/BD19-1,"") -> -0.015084295 | BL19: =IFERROR(AU19/BE19-1,"") -> -0.059640005 | BM19: =IFERROR(AV19/BF19-1,"") -> -0.059640005 | BN19: =IFERROR(AW19/BG19-1,"") -> -0.059640005 | BO19: =IFERROR(AX19/BH19-1,"") -> -0.059640005 | BP19: =IFERROR(AY19/BI19-1,"") -> -0.059640005
B20: % YoY | K20: =K19/G19-1 -> 0.054347826 | L20: =L19/H19-1 -> 0.040431267 | M20: =M19/I19-1 -> 0.018421053 | N20: =N19/J19-1 -> -0.087719298 | O20: =O19/K19-1 -> -0.059278351 | P20: =P19/L19-1 -> -0.062176166 | Q20: =Q19/M19-1 -> -0.018087855 | R20: =R19/N19-1 -> 0.10164835 | ... X20: =X19/T19-1 -> 0.014962594 | AQ20: =IFERROR(AQ19/AP19-1,"") -> 0.0046113307 | AR20: =IFERROR(AR19/AQ19-1,"") -> -0.011147541 | AS20: =IFERROR(AS19/AR19-1,"") -> 0.067639257 | AT20: =IFERROR(AT19/AS19-1,"") -> 0.034161491 | AU20: =IFERROR(AU19/AT19-1,"") -> 0.0025 | AV20: =IFERROR(AV19/AU19-1,"") -> 0.05 | AW20: =IFERROR(AW19/AV19-1,"") -> 0.05 | AX20: =IFERROR(AX19/AW19-1,"") -> 0.05 | AY20: =IFERROR(AY19/AX19-1,"") -> 0.05 | BD20: 0.05 | BE20: 0.05 | BF20: 0.05 | BG20: 0.05 | BH20: 0.05 | BI20: 0.05
B22: Service revenue | C22: ='Income Statement'!BK429 -> 1940 | D22: ='Income Statement'!BL429 -> 1900 | E22: ='Income Statement'!BM429 -> 1940 | F22: ='Income Statement'!BN429 -> 1945 | G22: ='Income Statement'!BP429 -> 1971 | H22: ='Income Statement'!BQ429 -> 1997 | I22: ='Income Statement'!BR429 -> 2033 | J22: ='Income Statement'!BS429 -> 2016 | K22: ='Income Statement'!BU429 -> 2030 | L22: ='Income Statement'!BV429 -> 2084 | M22: ='Income Statement'!BW429 -> 2108 | N22: ='Income Statement'!BX429 -> 2114 | O22: ='Income Statement'!BZ429 -> 2112 | P22: ='Income Statement'!CA429 -> 2113 | Q22: ='Income Statement'!CB429 -> 2145 | R22: ='Income Statement'!CC429 -> 2202 | S22: ='Income Statement'!CE429 -> 2191 | T22: ='Income Statement'!CF429 -> 2216 | U22: ='Income Statement'!CG429 -> 2213 | V22: ='Income Statement'!CH429 -> 2248 | W22: ='Income Statement'!CJ429 -> 2171 | X22: ='Income Statement'!CK429 -> 2204 | AB22: =SUMIFS($C22:Z22,$C$6:Z$6,"<="&AB$6,$C$6:Z$6,">"&DATE(YEAR($AB$6)-1,12,31)) -> 4407 | AC22: =SUMIFS($C22:Z22,$C$6:Z$6,"<="&AC$6,$C$6:Z$6,">"&DATE(YEAR($AC$6)-1,12,31)) -> 4375 | AD22: =AC22/AB22-1 -> -0.0072611754 | AF22: =AI22-AB22 -> 4461 | AG22: =AJ22-AC22 -> 4537 | AH22: =AG22/AF22-1 -> 0.017036539 | AI22: =SUMIFS($AO22:$AZ22,$AO$5:$AZ$5,AI$6) -> 8868 | AJ22: =SUMIFS($AO22:$AZ22,$AO$5:$AZ$5,AJ$6) -> 8912 | AK22: =AJ22/AI22-1 -> 0.0049616599 | AP22: ='Income Statement'!BT429 -> 8017 | AQ22: ='Income Statement'!BY429 -> 8336 | AR22: ='Income Statement'!CD429 -> 8572 | AS22: ='Income Statement'!CI429 -> 8868 | AT22: ='Income Statement'!CN429 -> 8912 | AU22: ='Income Statement'!CQ429 -> 9054.4189 | AV22: ='Income Statement'!CR429 -> 9259.6118 | AW22: ='Income Statement'!CS429 -> 9479.0803 | AX22: ='Income Statement'!CT429 -> 9712.9178 | AY22: ='Income Statement'!CU429 -> 9936.8018 | BA22: =(AV22/AS22)^(1/3)-1 -> 0.01450852 | BB22: =(AY22/AS22)^(1/6)-1 -> 0.019146985 | BD22: 9068.8365 | BE22: 9361.4701 | BF22: 9627.2954 | BG22: 9909.8765 | BH22: 10190.992 | BI22: 10471.495 | BK22: =IFERROR(AT22/BD22-1,"") -> -0.017294008 | BL22: =IFERROR(AU22/BE22-1,"") -> -0.032799463 | BM22: =IFERROR(AV22/BF22-1,"") -> -0.038191781 | BN22: =IFERROR(AW22/BG22-1,"") -> -0.0434714 | BO22: =IFERROR(AX22/BH22-1,"") -> -0.046911487 | BP22: =IFERROR(AY22/BI22-1,"") -> -0.051061755 | BR22: =AS22 -> 8868 | BS22: ='Income Statement'!CN17 -> 8912 | BT22: ='Income Statement'!CQ17 -> 9151.2201 | BU22: ='Income Statement'!CR17 -> 9376.3744 | BV22: ='Income Statement'!CS17 -> 9603.7866 | BW22: ='Income Statement'!CT17 -> 9707.7286 | BX22: ='Income Statement'!CU17 -> 9915.0175 | BZ22: =IFERROR(AT22/BS22-1,"") -> 0 | CA22: =IFERROR(AU22/BT22-1,"") -> -0.010577955 | CB22: =IFERROR(AV22/BU22-1,"") -> -0.012452846 | CC22: =IFERROR(AW22/BV22-1,"") -> -0.012985117 | CD22: =IFERROR(AX22/BW22-1,"") -> 0.00053453434 | CE22: =IFERROR(AY22/BX22-1,"") -> 0.0021970973
B23: % YoY | K23: =K22/G22-1 -> 0.029934044 | L23: =L22/H22-1 -> 0.043565348 | M23: =M22/I22-1 -> 0.036891294 | N23: =N22/J22-1 -> 0.048611111 | O23: =O22/K22-1 -> 0.040394089 | P23: =P22/L22-1 -> 0.013915547 | Q23: =Q22/M22-1 -> 0.017552182 | R23: =R22/N22-1 -> 0.041627247 | ... X23: =X22/T22-1 -> -0.0054151625 | AQ23: =IFERROR(AQ22/AP22-1,"") -> 0.039790445 | AR23: =IFERROR(AR22/AQ22-1,"") -> 0.02831094 | AS23: =IFERROR(AS22/AR22-1,"") -> 0.034531031 | AT23: =IFERROR(AT22/AS22-1,"") -> 0.0049616599 | AU23: =IFERROR(AU22/AT22-1,"") -> 0.015980582 | AV23: =IFERROR(AV22/AU22-1,"") -> 0.02266218 | AW23: =IFERROR(AW22/AV22-1,"") -> 0.023701696 | AX23: =IFERROR(AX22/AW22-1,"") -> 0.02466879 | AY23: =IFERROR(AY22/AX22-1,"") -> 0.023050133 | BD23: 0.022647331 | BE23: 0.032268043 | BF23: 0.028395672 | BG23: 0.02935208 | BH23: 0.028367239 | BI23: 0.027524535 | BS23: =IFERROR(BS22/BR22-1,"") -> 0.0049616599 | BT23: =IFERROR(BT22/BS22-1,"") -> 0.026842475 | BU23: =IFERROR(BU22/BT22-1,"") -> 0.024603739 | BV23: =IFERROR(BV22/BU22-1,"") -> 0.02425375 | BW23: =IFERROR(BW22/BV22-1,"") -> 0.010823026 | BX23: =IFERROR(BX22/BW22-1,"") -> 0.021352976
B24: QoQ | D24: =IFERROR(D22/C22-1,"") -> -0.020618557 | E24: =IFERROR(E22/D22-1,"") -> 0.021052632 | F24: =IFERROR(F22/E22-1,"") -> 0.0025773196 | G24: =IFERROR(G22/F22-1,"") -> 0.013367609 | H24: =IFERROR(H22/G22-1,"") -> 0.013191273 | I24: =IFERROR(I22/H22-1,"") -> 0.018027041 | J24: =IFERROR(J22/I22-1,"") -> -0.0083620266 | K24: =IFERROR(K22/J22-1,"") -> 0.0069444444 | ... X24: =IFERROR(X22/W22-1,"") -> 0.015200368
B25: Seasonality | S25: =AVERAGE(O24,K24,G24,C24) -> 0.0064553266 | T25: =AVERAGE(P24,L24,H24,D24) -> 0.0049117967 | U25: =AVERAGE(Q24,M24,I24,E24) -> 0.016435083 | V25: =AVERAGE(R24,N24,J24,F24) -> 0.0059087549 | W25: =AVERAGE(S24,O24,K24,G24) -> 0.0035926303 | X25: =AVERAGE(T24,P24,L24,H24) -> 0.012919015
B27: Guidance
B28: Service revenue | AT28: ='Income Statement'!CN16 -> LSD | BD28: LSD
B30: Non-service revenue | AP30: ='Income Statement'!BT431 -> 1223 | AQ30: ='Income Statement'!BY431 -> 1453 | AR30: ='Income Statement'!CD431 -> 1608 | AS30: ='Income Statement'!CI431 -> 1668 | AT30: ='Income Statement'!CN431 -> 1723 | AU30: ='Income Statement'!CQ431 -> 1891.1696 | AV30: ='Income Statement'!CR431 -> 1957.4385 | AW30: ='Income Statement'!CS431 -> 2012.5539 | AX30: ='Income Statement'!CT431 -> 2068.5894 | AY30: ='Income Statement'!CU431 -> 2125.6041 | BA30: =(AV30/AS30)^(1/3)-1 -> 0.054785205 | BB30: =(AY30/AS30)^(1/6)-1 -> 0.041232514 | BD30: 1693.0723 | BE30: 1713.4754 | BF30: 1727.4514 | BG30: 1740.9808 | BH30: 1754.1106 | BI30: 1766.8835
B31: Total revenue | C31: ='Income Statement'!BK432 -> 2341 | D31: ='Income Statement'!BL432 -> 2151 | E31: ='Income Statement'!BM432 -> 2213 | F31: ='Income Statement'!BN432 -> 2261 | G31: ='Income Statement'!BP432 -> 2240 | H31: ='Income Statement'!BQ432 -> 2274 | I31: ='Income Statement'!BR432 -> 2271 | J31: ='Income Statement'!BS432 -> 2456 | K31: ='Income Statement'!BU432 -> 2406 | L31: ='Income Statement'!BV432 -> 2424 | M31: ='Income Statement'!BW432 -> 2405 | N31: ='Income Statement'!BX432 -> 2554 | O31: ='Income Statement'!BZ432 -> 2526 | P31: ='Income Statement'!CA432 -> 2470 | Q31: ='Income Statement'!CB432 -> 2442 | R31: ='Income Statement'!CC432 -> 2742 | S31: ='Income Statement'!CE432 -> 2603 | T31: ='Income Statement'!CF432 -> 2586 | U31: ='Income Statement'!CG432 -> 2576 | V31: ='Income Statement'!CH432 -> 2771 | W31: ='Income Statement'!CJ432 -> 2608 | X31: ='Income Statement'!CK432 -> 2562 | AB31: =SUMIFS($C31:Z31,$C$6:Z$6,"<="&AB$6,$C$6:Z$6,">"&DATE(YEAR($AB$6)-1,12,31)) -> 5189 | AC31: =SUMIFS($C31:Z31,$C$6:Z$6,"<="&AC$6,$C$6:Z$6,">"&DATE(YEAR($AC$6)-1,12,31)) -> 5170 | AD31: =AC31/AB31-1 -> -0.0036615918 | AF31: =AI31-AB31 -> 5347 | AG31: =AJ31-AC31 -> 5465 | AH31: =AG31/AF31-1 -> 0.02206845 | AI31: =SUMIFS($AO31:$AZ31,$AO$5:$AZ$5,AI$6) -> 10536 | AJ31: =SUMIFS($AO31:$AZ31,$AO$5:$AZ$5,AJ$6) -> 10635 | AK31: =AJ31/AI31-1 -> 0.0093963554 | AP31: ='Income Statement'!BT432 -> 9241 | AQ31: ='Income Statement'!BY432 -> 9789 | AR31: ='Income Statement'!CD432 -> 10180 | AS31: ='Income Statement'!CI432 -> 10536 | AT31: ='Income Statement'!CN432 -> 10635 | AU31: ='Income Statement'!CQ432 -> 10945.589 | AV31: ='Income Statement'!CR432 -> 11217.05 | AW31: ='Income Statement'!CS432 -> 11491.634 | AX31: ='Income Statement'!CT432 -> 11781.507 | AY31: ='Income Statement'!CU432 -> 12062.406 | BA31: =(AV31/AS31)^(1/3)-1 -> 0.021098495 | BB31: =(AY31/AS31)^(1/6)-1 -> 0.02280544 | BD31: 10761.909 | BE31: 11074.946 | BF31: 11354.747 | BG31: 11650.857 | BH31: 11945.103 | BI31: 12238.378 | BK31: =IFERROR(AT31/BD31-1,"") -> -0.011792412 | BL31: =IFERROR(AU31/BE31-1,"") -> -0.011680142 | BM31: =IFERROR(AV31/BF31-1,"") -> -0.012126772 | BN31: =IFERROR(AW31/BG31-1,"") -> -0.013666216 | BO31: =IFERROR(AX31/BH31-1,"") -> -0.01369564 | BP31: =IFERROR(AY31/BI31-1,"") -> -0.01437873 | BR31: =AS31 -> 10536 | BS31: ='Income Statement'!CN33 -> 10635 | BT31: ='Income Statement'!CQ33 -> 10911.649 | BU31: ='Income Statement'!CR33 -> 11162.806 | BV31: ='Income Statement'!CS33 -> 11418.101 | BW31: ='Income Statement'!CT33 -> 11633.103 | BX31: ='Income Statement'!CU33 -> 11887.752 | BZ31: =IFERROR(AT31/BS31-1,"") -> 0 | CA31: =IFERROR(AU31/BT31-1,"") -> 0.0031103868 | CB31: =IFERROR(AV31/BU31-1,"") -> 0.004859349 | CC31: =IFERROR(AW31/BV31-1,"") -> 0.0064400795 | CD31: =IFERROR(AX31/BW31-1,"") -> 0.012757075 | CE31: =IFERROR(AY31/BX31-1,"") -> 0.014691945
B32: % change | G32: =G31/C31-1 -> -0.043143956 | H32: =H31/D31-1 -> 0.057182706 | I32: =I31/E31-1 -> 0.026208766 | J32: =J31/F31-1 -> 0.086245024 | K32: =K31/G31-1 -> 0.074107143 | L32: =L31/H31-1 -> 0.065963061 | M32: =M31/I31-1 -> 0.059004844 | N32: =N31/J31-1 -> 0.03990228 | ... X32: =X31/T31-1 -> -0.0092807425 | AP32: =IFERROR(AP31/AO31-1,"") | AQ32: =IFERROR(AQ31/AP31-1,"") -> 0.059300941 | AR32: =IFERROR(AR31/AQ31-1,"") -> 0.039942793 | AS32: =IFERROR(AS31/AR31-1,"") -> 0.03497053 | AT32: =IFERROR(AT31/AS31-1,"") -> 0.0093963554 | AU32: =IFERROR(AU31/AT31-1,"") -> 0.02920438 | AV32: =IFERROR(AV31/AU31-1,"") -> 0.024801022 | AW32: =IFERROR(AW31/AV31-1,"") -> 0.024479147 | ... AY32: =IFERROR(AY31/AX31-1,"") -> 0.023842342 | BD32: 0.021441616 | BE32: 0.029087465 | BF32: 0.025264347 | BG32: 0.026078127 | BH32: 0.02525528 | BI32: 0.024551921 | BS32: =IFERROR(BS31/BR31-1,"") -> 0.0093963554 | BT32: =IFERROR(BT31/BS31-1,"") -> 0.026013082 | BU32: =IFERROR(BU31/BT31-1,"") -> 0.023017351 | BV32: =IFERROR(BV31/BU31-1,"") -> 0.022870084 | BW32: =IFERROR(BW31/BV31-1,"") -> 0.018829934 | BX32: =IFERROR(BX31/BW31-1,"") -> 0.021890023
B34: Opex:
B35: Network costs | C35: ='Income Statement'!BK326 -> 110 | D35: ='Income Statement'!BL326 -> 128 | E35: ='Income Statement'!BM326 -> 107 | F35: ='Income Statement'!BN326 -> 128 | G35: ='Income Statement'!BP326 -> 118 | H35: ='Income Statement'!BQ326 -> 117 | I35: ='Income Statement'!BR326 -> 125 | J35: ='Income Statement'!BS326 -> 119 | K35: ='Income Statement'!BU326 -> 132 | L35: ='Income Statement'!BV326 -> 134 | M35: ='Income Statement'!BW326 -> 129 | N35: ='Income Statement'!BX326 -> 123 | O35: ='Income Statement'!BZ326 -> 138 | P35: ='Income Statement'!CA326 -> 144 | Q35: ='Income Statement'!CB326 -> 139 | R35: ='Income Statement'!CC326 -> 136 | S35: ='Income Statement'!CE326 -> 138 | T35: ='Income Statement'!CF326 -> 139 | U35: ='Income Statement'!CG326 -> 149 | V35: ='Income Statement'!CH326 -> 164 | W35: ='Income Statement'!CJ326 -> 146 | X35: ='Income Statement'!CK326 -> 150 | AB35: =SUMIFS($C35:Z35,$C$6:Z$6,"<="&AB$6,$C$6:Z$6,">"&DATE(YEAR($AB$6)-1,12,31)) -> 277 | AC35: =SUMIFS($C35:Z35,$C$6:Z$6,"<="&AC$6,$C$6:Z$6,">"&DATE(YEAR($AC$6)-1,12,31)) -> 296 | AD35: =AC35/AB35-1 -> 0.068592058 | AF35: =AI35-AB35 -> 313 | AG35: =AJ35-AC35 -> 304 | AH35: =AG35/AF35-1 -> -0.028753994 | AI35: =SUMIFS($AO35:$AZ35,$AO$5:$AZ$5,AI$6) -> 590 | AJ35: =SUMIFS($AO35:$AZ35,$AO$5:$AZ$5,AJ$6) -> 600 | AK35: =AJ35/AI35-1 -> 0.016949153 | AP35: ='Income Statement'!BT326 -> 479 | AQ35: ='Income Statement'!BY326 -> 518 | AR35: ='Income Statement'!CD326 -> 557 | AS35: ='Income Statement'!CI326 -> 590 | AT35: ='Income Statement'!CN326 -> 600 | AU35: ='Income Statement'!CQ326 -> 573.41869 | AV35: ='Income Statement'!CR326 -> 579.81586 | AW35: ='Income Statement'!CS326 -> 589.44371 | AX35: ='Income Statement'!CT326 -> 598.85167 | AY35: ='Income Statement'!CU326 -> 608.06852
B36: Traffic Expenses | C36: ='Income Statement'!BK329 -> 0 | D36: ='Income Statement'!BL329 -> 0 | E36: ='Income Statement'!BM329 -> 0 | F36: ='Income Statement'!BN329 -> 0 | G36: ='Income Statement'!BP329 -> 0 | H36: ='Income Statement'!BQ329 -> 0 | I36: ='Income Statement'!BR329 -> 0 | J36: ='Income Statement'!BS329 -> 0 | K36: ='Income Statement'!BU329 -> 972 | L36: ='Income Statement'!BV329 -> 919 | M36: ='Income Statement'!BW329 -> 893 | N36: ='Income Statement'!BX329 -> 1047 | O36: ='Income Statement'!BZ329 -> 1023 | P36: ='Income Statement'!CA329 -> 938 | Q36: ='Income Statement'!CB329 -> 895 | R36: ='Income Statement'!CC329 -> 1175 | S36: ='Income Statement'!CE329 -> 1037 | T36: ='Income Statement'!CF329 -> 996 | U36: ='Income Statement'!CG329 -> 971 | V36: ='Income Statement'!CH329 -> 1181 | W36: ='Income Statement'!CJ329 -> 1012 | X36: ='Income Statement'!CK329 -> 914 | AB36: =SUMIFS($C36:Z36,$C$6:Z$6,"<="&AB$6,$C$6:Z$6,">"&DATE(YEAR($AB$6)-1,12,31)) -> 2033 | AC36: =SUMIFS($C36:Z36,$C$6:Z$6,"<="&AC$6,$C$6:Z$6,">"&DATE(YEAR($AC$6)-1,12,31)) -> 1926 | AD36: =AC36/AB36-1 -> -0.052631579 | AF36: =AI36-AB36 -> 2152 | AG36: =AJ36-AC36 -> 2204 | AH36: =AG36/AF36-1 -> 0.024163569 | AI36: =SUMIFS($AO36:$AZ36,$AO$5:$AZ$5,AI$6) -> 4185 | AJ36: =SUMIFS($AO36:$AZ36,$AO$5:$AZ$5,AJ$6) -> 4130 | AK36: =AJ36/AI36-1 -> -0.013142174 | AP36: ='Income Statement'!BT329 -> 0 | AQ36: ='Income Statement'!BY329 -> 3831 | AR36: ='Income Statement'!CD329 -> 4031 | AS36: ='Income Statement'!CI329 -> 4185 | AT36: ='Income Statement'!CN329 -> 4130 | AU36: ='Income Statement'!CQ329 -> 4250.6141 | AV36: ='Income Statement'!CR329 -> 4356.0337 | AW36: ='Income Statement'!CS329 -> 4462.6656 | AX36: ='Income Statement'!CT329 -> 4575.235 | AY36: ='Income Statement'!CU329 -> 4684.3193
B37: Spectrum licence fees | C37: ='Income Statement'!BK336 -> 0 | D37: ='Income Statement'!BL336 -> 0 | E37: ='Income Statement'!BM336 -> 0 | F37: ='Income Statement'!BN336 -> 0 | G37: ='Income Statement'!BP336 -> 0 | H37: ='Income Statement'!BQ336 -> 0 | I37: ='Income Statement'!BR336 -> 0 | J37: ='Income Statement'!BS336 -> 0 | K37: ='Income Statement'!BU336 -> 66 | L37: ='Income Statement'!BV336 -> 67 | M37: ='Income Statement'!BW336 -> 63 | N37: ='Income Statement'!BX336 -> 63 | O37: ='Income Statement'!BZ336 -> 61 | P37: ='Income Statement'!CA336 -> 62 | Q37: ='Income Statement'!CB336 -> 62 | R37: ='Income Statement'!CC336 -> 62 | S37: ='Income Statement'!CE336 -> 62 | T37: ='Income Statement'!CF336 -> 62 | U37: ='Income Statement'!CG336 -> 62 | V37: ='Income Statement'!CH336 -> 62 | W37: ='Income Statement'!CJ336 -> 62 | X37: ='Income Statement'!CK336 -> 63 | AB37: =SUMIFS($C37:Z37,$C$6:Z$6,"<="&AB$6,$C$6:Z$6,">"&DATE(YEAR($AB$6)-1,12,31)) -> 124 | AC37: =SUMIFS($C37:Z37,$C$6:Z$6,"<="&AC$6,$C$6:Z$6,">"&DATE(YEAR($AC$6)-1,12,31)) -> 125 | AD37: =AC37/AB37-1 -> 0.0080645161 | AF37: =AI37-AB37 -> 124 | AG37: =AJ37-AC37 -> 123 | AH37: =AG37/AF37-1 -> -0.0080645161 | AI37: =SUMIFS($AO37:$AZ37,$AO$5:$AZ$5,AI$6) -> 248 | AJ37: =SUMIFS($AO37:$AZ37,$AO$5:$AZ$5,AJ$6) -> 248 | AK37: =AJ37/AI37-1 -> 0 | AP37: ='Income Statement'!BT336 -> 0 | AQ37: ='Income Statement'!BY336 -> 259 | AR37: ='Income Statement'!CD336 -> 247 | AS37: ='Income Statement'!CI336 -> 248 | AT37: ='Income Statement'!CN336 -> 248 | AU37: ='Income Statement'!CQ336 -> 273.63971 | AV37: ='Income Statement'!CR336 -> 280.42626 | AW37: ='Income Statement'!CS336 -> 287.29085 | AX37: ='Income Statement'!CT336 -> 294.53768 | AY37: ='Income Statement'!CU336 -> 301.56015
B38: Labour Cost | C38: ='Income Statement'!BK340 -> 158 | D38: ='Income Statement'!BL340 -> 178 | E38: ='Income Statement'!BM340 -> 171 | F38: ='Income Statement'!BN340 -> 163 | G38: ='Income Statement'!BP340 -> 183 | H38: ='Income Statement'!BQ340 -> 178 | I38: ='Income Statement'!BR340 -> 183 | J38: ='Income Statement'!BS340 -> 191 | K38: ='Income Statement'!BU340 -> 210 | L38: ='Income Statement'!BV340 -> 194 | M38: ='Income Statement'!BW340 -> 193 | N38: ='Income Statement'!BX340 -> 216 | O38: ='Income Statement'!BZ340 -> 200 | P38: ='Income Statement'!CA340 -> 202 | Q38: ='Income Statement'!CB340 -> 277 | R38: ='Income Statement'!CC340 -> 201 | S38: ='Income Statement'!CE340 -> 202 | T38: ='Income Statement'!CF340 -> 208 | U38: ='Income Statement'!CG340 -> 204 | V38: ='Income Statement'!CH340 -> 225 | W38: ='Income Statement'!CJ340 -> 199 | X38: ='Income Statement'!CK340 -> 209 | AB38: =SUMIFS($C38:Z38,$C$6:Z$6,"<="&AB$6,$C$6:Z$6,">"&DATE(YEAR($AB$6)-1,12,31)) -> 410 | AC38: =SUMIFS($C38:Z38,$C$6:Z$6,"<="&AC$6,$C$6:Z$6,">"&DATE(YEAR($AC$6)-1,12,31)) -> 408 | AD38: =AC38/AB38-1 -> -0.0048780488 | AF38: =AI38-AB38 -> 429 | AG38: =AJ38-AC38 -> 364 | AH38: =AG38/AF38-1 -> -0.15151515 | AI38: =SUMIFS($AO38:$AZ38,$AO$5:$AZ$5,AI$6) -> 839 | AJ38: =SUMIFS($AO38:$AZ38,$AO$5:$AZ$5,AJ$6) -> 772 | AK38: =AJ38/AI38-1 -> -0.079856973 | AP38: ='Income Statement'!BT340 -> 735 | AQ38: ='Income Statement'!BY340 -> 813 | AR38: ='Income Statement'!CD340 -> 880 | AS38: ='Income Statement'!CI340 -> 839 | AT38: ='Income Statement'!CN340 -> 772 | AU38: ='Income Statement'!CQ340 -> 738.82723 | AV38: ='Income Statement'!CR340 -> 745.93385 | AW38: ='Income Statement'!CS340 -> 752.70204 | AX38: ='Income Statement'!CT340 -> 759.90721 | AY38: ='Income Statement'!CU340 -> 765.96277
B39: Marketing and promotion | C39: ='Income Statement'!BK345 -> 40 | D39: ='Income Statement'!BL345 -> 30 | E39: ='Income Statement'!BM345 -> 46 | F39: ='Income Statement'!BN345 -> 26 | G39: ='Income Statement'!BP345 -> 41 | H39: ='Income Statement'!BQ345 -> 42 | I39: ='Income Statement'!BR345 -> 49 | J39: ='Income Statement'!BS345 -> 48 | K39: ='Income Statement'!BU345 -> 39 | L39: ='Income Statement'!BV345 -> 50 | M39: ='Income Statement'!BW345 -> 48 | N39: ='Income Statement'!BX345 -> 52 | O39: ='Income Statement'!BZ345 -> 38 | P39: ='Income Statement'!CA345 -> 43 | Q39: ='Income Statement'!CB345 -> 44 | R39: ='Income Statement'!CC345 -> 38 | S39: ='Income Statement'!CE345 -> 39 | T39: ='Income Statement'!CF345 -> 47 | U39: ='Income Statement'!CG345 -> 43 | V39: ='Income Statement'!CH345 -> 48 | W39: ='Income Statement'!CJ345 -> 42 | X39: ='Income Statement'!CK345 -> 41 | AB39: =SUMIFS($C39:Z39,$C$6:Z$6,"<="&AB$6,$C$6:Z$6,">"&DATE(YEAR($AB$6)-1,12,31)) -> 86 | AC39: =SUMIFS($C39:Z39,$C$6:Z$6,"<="&AC$6,$C$6:Z$6,">"&DATE(YEAR($AC$6)-1,12,31)) -> 83 | AD39: =AC39/AB39-1 -> -0.034883721 | AF39: =AI39-AB39 -> 91 | AG39: =AJ39-AC39 -> 93 | AH39: =AG39/AF39-1 -> 0.021978022 | AI39: =SUMIFS($AO39:$AZ39,$AO$5:$AZ$5,AI$6) -> 177 | AJ39: =SUMIFS($AO39:$AZ39,$AO$5:$AZ$5,AJ$6) -> 176 | AK39: =AJ39/AI39-1 -> -0.0056497175 | AP39: ='Income Statement'!BT345 -> 180 | AQ39: ='Income Statement'!BY345 -> 189 | AR39: ='Income Statement'!CD345 -> 163 | AS39: ='Income Statement'!CI345 -> 177 | AT39: ='Income Statement'!CN345 -> 176 | AU39: ='Income Statement'!CQ345 -> 181.13997 | AV39: ='Income Statement'!CR345 -> 185.63243 | AW39: ='Income Statement'!CS345 -> 190.17655 | AX39: ='Income Statement'!CT345 -> 194.9737 | AY39: ='Income Statement'!CU345 -> 199.62233
B40: Government grants and other income, net | C40: ='Income Statement'!BK349 -> 0 | D40: ='Income Statement'!BL349 -> 0 | E40: ='Income Statement'!BM349 -> 0 | F40: ='Income Statement'!BN349 -> 0 | G40: ='Income Statement'!BP349 -> 0 | H40: ='Income Statement'!BQ349 -> 0 | I40: ='Income Statement'!BR349 -> 0 | J40: ='Income Statement'!BS349 -> 0 | K40: ='Income Statement'!BU349 -> -61 | L40: ='Income Statement'!BV349 -> -74 | M40: ='Income Statement'!BW349 -> -52 | N40: ='Income Statement'!BX349 -> -64 | O40: ='Income Statement'!BZ349 -> -46 | P40: ='Income Statement'!CA349 -> -52 | Q40: ='Income Statement'!CB349 -> -38 | R40: ='Income Statement'!CC349 -> -79 | S40: ='Income Statement'!CE349 -> -61 | T40: ='Income Statement'!CF349 -> -59 | U40: ='Income Statement'!CG349 -> -56 | V40: ='Income Statement'!CH349 -> -45 | W40: ='Income Statement'!CJ349 -> -44 | X40: ='Income Statement'!CK349 -> -57 | AB40: =SUMIFS($C40:Z40,$C$6:Z$6,"<="&AB$6,$C$6:Z$6,">"&DATE(YEAR($AB$6)-1,12,31)) -> -120 | AC40: =SUMIFS($C40:Z40,$C$6:Z$6,"<="&AC$6,$C$6:Z$6,">"&DATE(YEAR($AC$6)-1,12,31)) -> -101 | AD40: =AC40/AB40-1 -> -0.15833333 | AF40: =AI40-AB40 -> -101 | AG40: =AJ40-AC40 -> -96 | AH40: =AG40/AF40-1 -> -0.04950495 | AI40: =SUMIFS($AO40:$AZ40,$AO$5:$AZ$5,AI$6) -> -221 | AJ40: =SUMIFS($AO40:$AZ40,$AO$5:$AZ$5,AJ$6) -> -197 | AK40: =AJ40/AI40-1 -> -0.10859729 | AP40: ='Income Statement'!BT349 -> 0 | AQ40: ='Income Statement'!BY349 -> -251 | AR40: ='Income Statement'!CD349 -> -215 | AS40: ='Income Statement'!CI349 -> -221 | AT40: ='Income Statement'!CN349 -> -197 | AU40: ='Income Statement'!CQ349 -> -218.91177 | AV40: ='Income Statement'!CR349 -> -224.34101 | AW40: ='Income Statement'!CS349 -> -229.83268 | AX40: ='Income Statement'!CT349 -> -235.63014 | AY40: ='Income Statement'!CU349 -> -241.24812
B41: Operating and Maintenance | C41: ='Income Statement'!BK353 -> 107 | D41: ='Income Statement'!BL353 -> 95 | E41: ='Income Statement'!BM353 -> 111 | F41: ='Income Statement'!BN353 -> 140 | G41: ='Income Statement'!BP353 -> 99 | H41: ='Income Statement'!BQ353 -> 86 | I41: ='Income Statement'!BR353 -> 102 | J41: ='Income Statement'!BS353 -> 114 | K41: ='Income Statement'!BU353 -> 87 | L41: ='Income Statement'!BV353 -> 96 | M41: ='Income Statement'!BW353 -> 102 | N41: ='Income Statement'!BX353 -> 109 | O41: ='Income Statement'!BZ353 -> 106 | P41: ='Income Statement'!CA353 -> 94 | Q41: ='Income Statement'!CB353 -> 102 | R41: ='Income Statement'!CC353 -> 126 | S41: ='Income Statement'!CE353 -> 102 | T41: ='Income Statement'!CF353 -> 109 | U41: ='Income Statement'!CG353 -> 128 | V41: ='Income Statement'!CH353 -> 123 | W41: ='Income Statement'!CJ353 -> 102 | X41: ='Income Statement'!CK353 -> 111 | AB41: =SUMIFS($C41:Z41,$C$6:Z$6,"<="&AB$6,$C$6:Z$6,">"&DATE(YEAR($AB$6)-1,12,31)) -> 211 | AC41: =SUMIFS($C41:Z41,$C$6:Z$6,"<="&AC$6,$C$6:Z$6,">"&DATE(YEAR($AC$6)-1,12,31)) -> 213 | AD41: =AC41/AB41-1 -> 0.009478673 | AF41: =AI41-AB41 -> 251 | AG41: =AJ41-AC41 -> 236 | AH41: =AG41/AF41-1 -> -0.059760956 | AI41: =SUMIFS($AO41:$AZ41,$AO$5:$AZ$5,AI$6) -> 462 | AJ41: =SUMIFS($AO41:$AZ41,$AO$5:$AZ$5,AJ$6) -> 449 | AK41: =AJ41/AI41-1 -> -0.028138528 | AP41: ='Income Statement'!BT353 -> 401 | AQ41: ='Income Statement'!BY353 -> 394 | AR41: ='Income Statement'!CD353 -> 428 | AS41: ='Income Statement'!CI353 -> 462 | AT41: ='Income Statement'!CN353 -> 449 | AU41: ='Income Statement'!CQ353 -> 462.11277 | AV41: ='Income Statement'!CR353 -> 473.57364 | AW41: ='Income Statement'!CS353 -> 485.16631 | AX41: ='Income Statement'!CT353 -> 497.40449 | AY41: ='Income Statement'!CU353 -> 509.26377
B42: Bad Debt | C42: ='Income Statement'!BK357 -> 0 | D42: ='Income Statement'!BL357 -> 0 | E42: ='Income Statement'!BM357 -> 0 | F42: ='Income Statement'!BN357 -> 0 | G42: ='Income Statement'!BP357 -> 0 | H42: ='Income Statement'!BQ357 -> 0 | I42: ='Income Statement'!BR357 -> 0 | J42: ='Income Statement'!BS357 -> 0 | K42: ='Income Statement'!BU357 -> 34 | L42: ='Income Statement'!BV357 -> 26 | M42: ='Income Statement'!BW357 -> 25 | N42: ='Income Statement'!BX357 -> 22 | O42: ='Income Statement'!BZ357 -> 34 | P42: ='Income Statement'!CA357 -> 37 | Q42: ='Income Statement'!CB357 -> 32 | R42: ='Income Statement'!CC357 -> 26 | S42: ='Income Statement'!CE357 -> 40 | T42: ='Income Statement'!CF357 -> 38 | U42: ='Income Statement'!CG357 -> 27 | V42: ='Income Statement'!CH357 -> 29 | W42: ='Income Statement'!CJ357 -> 34 | X42: ='Income Statement'!CK357 -> 37 | AB42: =SUMIFS($C42:Z42,$C$6:Z$6,"<="&AB$6,$C$6:Z$6,">"&DATE(YEAR($AB$6)-1,12,31)) -> 78 | AC42: =SUMIFS($C42:Z42,$C$6:Z$6,"<="&AC$6,$C$6:Z$6,">"&DATE(YEAR($AC$6)-1,12,31)) -> 71 | AD42: =AC42/AB42-1 -> -0.08974359 | AF42: =AI42-AB42 -> 56 | AG42: =AJ42-AC42 -> 58 | AH42: =AG42/AF42-1 -> 0.035714286 | AI42: =SUMIFS($AO42:$AZ42,$AO$5:$AZ$5,AI$6) -> 134 | AJ42: =SUMIFS($AO42:$AZ42,$AO$5:$AZ$5,AJ$6) -> 129 | AK42: =AJ42/AI42-1 -> -0.037313433 | AP42: ='Income Statement'!BT357 -> 0 | AQ42: ='Income Statement'!BY357 -> 107 | AR42: ='Income Statement'!CD357 -> 129 | AS42: ='Income Statement'!CI357 -> 134 | AT42: ='Income Statement'!CN357 -> 129 | AU42: ='Income Statement'!CQ357 -> 164.18383 | AV42: ='Income Statement'!CR357 -> 168.25576 | AW42: ='Income Statement'!CS357 -> 172.37451 | AX42: ='Income Statement'!CT357 -> 176.72261 | AY42: ='Income Statement'!CU357 -> 180.93609
B43: Other Costs | C43: ='Income Statement'!BK361 -> 0 | D43: ='Income Statement'!BL361 -> 0 | E43: ='Income Statement'!BM361 -> 0 | F43: ='Income Statement'!BN361 -> 0 | G43: ='Income Statement'!BP361 -> 0 | H43: ='Income Statement'!BQ361 -> 0 | I43: ='Income Statement'!BR361 -> 0 | J43: ='Income Statement'!BS361 -> 0 | K43: ='Income Statement'!BU361 -> 0 | L43: ='Income Statement'!BV361 -> 0 | M43: ='Income Statement'!BW361 -> 0 | N43: ='Income Statement'!BX361 -> 0 | O43: ='Income Statement'!BZ361 -> 0 | P43: ='Income Statement'!CA361 -> 0 | Q43: ='Income Statement'!CB361 -> 0 | R43: ='Income Statement'!CC361 -> 0 | S43: ='Income Statement'!CE361 -> 0 | T43: ='Income Statement'!CF361 -> 0 | U43: ='Income Statement'!CG361 -> 0 | V43: ='Income Statement'!CH361 -> 0 | W43: ='Income Statement'!CJ361 -> 0 | X43: ='Income Statement'!CK361 -> 0 | AP43: ='Income Statement'!BT361 -> 0 | AQ43: ='Income Statement'!BY361 -> 0 | AR43: ='Income Statement'!CD361 -> 0 | AS43: ='Income Statement'!CI361 -> 0 | AT43: ='Income Statement'!CN361 -> -1 | AU43: ='Income Statement'!CQ361 -> -1.0292044 | AV43: ='Income Statement'!CR361 -> -1.0547297 | AW43: ='Income Statement'!CS361 -> -1.0805486 | AX43: ='Income Statement'!CT361 -> -1.1078051 | AY43: ='Income Statement'!CU361 -> -1.1342178
B44: Opex ex. D&A | K44: =SUM(K35:K43) -> 1479 | L44: =SUM(L35:L43) -> 1412 | M44: =SUM(M35:M43) -> 1401 | N44: =SUM(N35:N43) -> 1568 | O44: =SUM(O35:O43) -> 1554 | P44: =SUM(P35:P43) -> 1468 | Q44: =SUM(Q35:Q43) -> 1513 | R44: =SUM(R35:R43) -> 1685 | ... X44: =SUM(X35:X43) -> 1468 | AB44: =SUMIFS($C44:Z44,$C$6:Z$6,"<="&AB$6,$C$6:Z$6,">"&DATE(YEAR($AB$6)-1,12,31)) -> 3099 | AC44: =SUMIFS($C44:Z44,$C$6:Z$6,"<="&AC$6,$C$6:Z$6,">"&DATE(YEAR($AC$6)-1,12,31)) -> 3021 | AD44: =AC44/AB44-1 -> -0.025169409 | AF44: =AI44-AB44 -> 3315 | AG44: =AJ44-AC44 -> 3285 | AH44: =AG44/AF44-1 -> -0.0090497738 | AI44: =SUMIFS($AO44:$AZ44,$AO$5:$AZ$5,AI$6) -> 6414 | AJ44: =SUMIFS($AO44:$AZ44,$AO$5:$AZ$5,AJ$6) -> 6306 | AK44: =AJ44/AI44-1 -> -0.016838167 | AP44: ='Income Statement'!BT374 -> 2274 | AQ44: ='Income Statement'!BY374 -> 5860 | AR44: ='Income Statement'!CD374 -> 6220 | AS44: ='Income Statement'!CI374 -> 6414 | AT44: ='Income Statement'!CN374 -> 6306 | AU44: ='Income Statement'!CQ374 -> 6423.9953 | AV44: ='Income Statement'!CR374 -> 6564.2757 | AW44: ='Income Statement'!CS374 -> 6708.9064 | AX44: ='Income Statement'!CT374 -> 6860.8944 | AY44: ='Income Statement'!CU374 -> 7007.3506 | BA44: =(AV44/AS44)^(1/3)-1 -> 0.0077495652 | BB44: =(AY44/AS44)^(1/6)-1 -> 0.014855358
B45: % change | O45: =O44/K44-1 -> 0.050709939 | P45: =P44/L44-1 -> 0.039660057 | Q45: =Q44/M44-1 -> 0.079942898 | R45: =R44/N44-1 -> 0.074617347 | S45: =S44/O44-1 -> 0.0032175032 | T45: =T44/P44-1 -> 0.049046322 | U45: =U44/Q44-1 -> 0.009914078 | V45: =V44/R44-1 -> 0.060534125 | ... X45: =X44/T44-1 -> -0.046753247 | AT45: =IFERROR(AT44/AS44-1,"") -> -0.016838167 | AU45: =IFERROR(AU44/AT44-1,"") -> 0.018711593 | AV45: =IFERROR(AV44/AU44-1,"") -> 0.021836941 | AW45: =IFERROR(AW44/AV44-1,"") -> 0.022033 | AX45: =IFERROR(AX44/AW44-1,"") -> 0.022654665 | AY45: =IFERROR(AY44/AX44-1,"") -> 0.021346519
B46: Opex as % of sales | C46: =C44/C$31 -> 0 | D46: =D44/D$31 -> 0 | E46: =E44/E$31 -> 0 | F46: =F44/F$31 -> 0 | G46: =G44/G$31 -> 0 | H46: =H44/H$31 -> 0 | I46: =I44/I$31 -> 0 | J46: =J44/J$31 -> 0 | ... X46: =X44/X$31 -> 0.57298985 | AB46: =AB44/AB$31 -> 0.5972249 | AC46: =AC44/AC$31 -> 0.58433269 | AT46: =AT44/AT$31 -> 0.59294781 | AU46: =AU44/AU$31 -> 0.58690268 | AV46: =AV44/AV$31 -> 0.58520516 | AW46: =AW44/AW$31 -> 0.58380786 | AX46: =AX44/AX$31 -> 0.58234438 | AY46: =AY44/AY$31 -> 0.58092479
B48: EBITDA
B49: Total consolidated EBITDA | C49: ='Income Statement'!BK451 -> 944 | D49: ='Income Statement'!BL451 -> 938 | E49: ='Income Statement'!BM451 -> 953 | F49: ='Income Statement'!BN451 -> 924 | G49: ='Income Statement'!BP451 -> 961 | H49: ='Income Statement'!BQ451 -> 996 | I49: ='Income Statement'!BR451 -> 969 | J49: ='Income Statement'!BS451 -> 932 | K49: ='Income Statement'!BU451 -> 927 | L49: ='Income Statement'!BV451 -> 1012 | M49: ='Income Statement'!BW451 -> 1004 | N49: ='Income Statement'!BX451 -> 986 | O49: ='Income Statement'!BZ451 -> 972 | P49: ='Income Statement'!CA451 -> 1002 | Q49: ='Income Statement'!CB451 -> 929 | R49: ='Income Statement'!CC451 -> 1057 | S49: ='Income Statement'!CE451 -> 1044 | T49: ='Income Statement'!CF451 -> 1046 | U49: ='Income Statement'!CG451 -> 1048 | V49: ='Income Statement'!CH451 -> 984 | W49: ='Income Statement'!CJ451 -> 1055 | X49: ='Income Statement'!CK451 -> 1094 | AB49: =SUMIFS($C49:Z49,$C$6:Z$6,"<="&AB$6,$C$6:Z$6,">"&DATE(YEAR($AB$6)-1,12,31)) -> 2090 | AC49: =SUMIFS($C49:Z49,$C$6:Z$6,"<="&AC$6,$C$6:Z$6,">"&DATE(YEAR($AC$6)-1,12,31)) -> 2149 | AD49: =AC49/AB49-1 -> 0.028229665 | AF49: =AI49-AB49 -> 2032 | AG49: =AJ49-AC49 -> 2180 | AH49: =AG49/AF49-1 -> 0.072834646 | AI49: =SUMIFS($AO49:$AZ49,$AO$5:$AZ$5,AI$6) -> 4122 | AJ49: =SUMIFS($AO49:$AZ49,$AO$5:$AZ$5,AJ$6) -> 4329 | AK49: =AJ49/AI49-1 -> 0.050218341 | AP49: ='Income Statement'!BT451 -> 3858 | AQ49: ='Income Statement'!BY451 -> 3929 | AR49: ='Income Statement'!CD451 -> 3960 | AS49: ='Income Statement'!CI451 -> 4122 | AT49: ='Income Statement'!CN451 -> 4329 | AU49: ='Income Statement'!CQ451 -> 4521.5933 | AV49: ='Income Statement'!CR451 -> 4652.7746 | AW49: ='Income Statement'!CS451 -> 4782.7278 | AX49: ='Income Statement'!CT451 -> 4920.6127 | AY49: ='Income Statement'!CU451 -> 5055.0552 | BA49: =(AV49/AS49)^(1/3)-1 -> 0.041201241 | BB49: =(AY49/AS49)^(1/6)-1 -> 0.034593279 | BD49: 4204.2261 | BE49: 4343.6248 | BF49: 4470.3722 | BG49: 4603.3428 | BH49: 4736.2704 | BI49: 4869.5258 | BK49: =IFERROR(AT49/BD49-1,"") -> 0.029678215 | BL49: =IFERROR(AU49/BE49-1,"") -> 0.040972339 | BM49: =IFERROR(AV49/BF49-1,"") -> 0.040802527 | BN49: =IFERROR(AW49/BG49-1,"") -> 0.038968412 | BO49: =IFERROR(AX49/BH49-1,"") -> 0.038921403 | BP49: =IFERROR(AY49/BI49-1,"") -> 0.038100093 | BR49: =AS49 -> 4122 | BS49: ='Income Statement'!CN42 -> 4329 | BT49: ='Income Statement'!CQ42 -> 4437.0576 | BU49: ='Income Statement'!CR42 -> 4493.3138 | BV49: ='Income Statement'!CS42 -> 4570.148 | BW49: ='Income Statement'!CT42 -> 4636.4906 | BX49: ='Income Statement'!CU42 -> 4723.2378 | BZ49: =IFERROR(AT49/BS49-1,"") -> 0 | CA49: =IFERROR(AU49/BT49-1,"") -> 0.019052197 | CB49: =IFERROR(AV49/BU49-1,"") -> 0.035488462 | CC49: =IFERROR(AW49/BV49-1,"") -> 0.046514847 | CD49: =IFERROR(AX49/BW49-1,"") -> 0.061279557 | CE49: =IFERROR(AY49/BX49-1,"") -> 0.070252107
B50: % change | G50: =G49/C49-1 -> 0.018008475 | H50: =H49/D49-1 -> 0.061833689 | I50: =I49/E49-1 -> 0.016789087 | J50: =J49/F49-1 -> 0.0086580087 | K50: =K49/G49-1 -> -0.035379813 | L50: =L49/H49-1 -> 0.016064257 | M50: =M49/I49-1 -> 0.036119711 | N50: =N49/J49-1 -> 0.057939914 | ... X50: =X49/T49-1 -> 0.045889101 | AP50: =IFERROR(AP49/AO49-1,"") | AQ50: =IFERROR(AQ49/AP49-1,"") -> 0.018403318 | AR50: =IFERROR(AR49/AQ49-1,"") -> 0.0078900484 | AS50: =IFERROR(AS49/AR49-1,"") -> 0.040909091 | AT50: =IFERROR(AT49/AS49-1,"") -> 0.050218341 | AU50: =IFERROR(AU49/AT49-1,"") -> 0.04448909 | AV50: =IFERROR(AV49/AU49-1,"") -> 0.029012201 | AW50: =IFERROR(AW49/AV49-1,"") -> 0.027930245 | ... AY50: =IFERROR(AY49/AX49-1,"") -> 0.027322311 | BD50: 0.019948102 | BE50: 0.03315681 | BF50: 0.02918009 | BG50: 0.029744874 | BH50: 0.028876321 | BI50: 0.028135095 | BS50: =IFERROR(BS49/BR49-1,"") -> 0.050218341 | BT50: =IFERROR(BT49/BS49-1,"") -> 0.024961325 | BU50: =IFERROR(BU49/BT49-1,"") -> 0.012678733 | BV50: =IFERROR(BV49/BU49-1,"") -> 0.017099673 | BW50: =IFERROR(BW49/BV49-1,"") -> 0.014516507 | BX50: =IFERROR(BX49/BW49-1,"") -> 0.018709667
B51: EBITDA margin | C51: =C49/C$31 -> 0.40324648 | D51: =D49/D$31 -> 0.43607624 | E51: =E49/E$31 -> 0.43063714 | F51: =F49/F$31 -> 0.40866873 | G51: =G49/G$31 -> 0.42901786 | H51: =H49/H$31 -> 0.43799472 | I51: =I49/I$31 -> 0.42668428 | J51: =J49/J$31 -> 0.37947883 | ... X51: =X49/X$31 -> 0.42701015 | AB51: =AB49/AB$31 -> 0.4027751 | AC51: =AC49/AC$31 -> 0.41566731 | AF51: =AF49/AF$31 -> 0.38002618 | AG51: =AG49/AG$31 -> 0.3989021 | AP51: =AP49/AP$31 -> 0.41748728 | AQ51: =AQ49/AQ$31 -> 0.40136888 | AR51: =AR49/AR$31 -> 0.38899804 | AS51: =AS49/AS$31 -> 0.39123007 | AT51: =AT49/AT$31 -> 0.40705219 | AU51: =AU49/AU$31 -> 0.41309732 | AV51: =AV49/AV$31 -> 0.41479484 | AW51: =AW49/AW$31 -> 0.41619214 | ... AY51: =AY49/AY$31 -> 0.41907521 | BD51: 0.39065803 | BE51: 0.39220281 | BF51: 0.39370074 | BG51: 0.39510765 | BH51: 0.39650311 | BI51: 0.3978898 | BS51: =BS49/BS$31 -> 0.40705219 | BT51: =BT49/BT$31 -> 0.40663492 | BU51: =BU49/BU$31 -> 0.40252547 | BV51: =BV49/BV$31 -> 0.40025466 | BW51: =BW49/BW$31 -> 0.3985601 | BX51: =BX49/BX$31 -> 0.39731969
B52: Incremental EBITDA margin | K52: =(K49-G49)/(K$31-G$31) -> -0.20481928 | L52: =(L49-H49)/(L$31-H$31) -> 0.10666667 | M52: =(M49-I49)/(M$31-I$31) -> 0.26119403 | N52: =(N49-J49)/(N$31-J$31) -> 0.55102041 | O52: =(O49-K49)/(O$31-K$31) -> 0.375 | P52: =(P49-L49)/(P$31-L$31) -> -0.2173913 | Q52: =(Q49-M49)/(Q$31-M$31) -> -2.027027 | R52: =(R49-N49)/(R$31-N$31) -> 0.37765957 | ... X52: =(X49-T49)/(X$31-T$31) -> -2
B54: Guidance
B55: EBITDA | AT55: ='Income Statement'!CN41 -> Upgraded to LSD from "marginal to LSD" | BD55: Flat to LSD
B57: EBIT
B58: EBIT | C58: ='Income Statement'!BK471 -> 597 | D58: ='Income Statement'!BL471 -> 572 | E58: ='Income Statement'!BM471 -> 612 | F58: ='Income Statement'!BN471 -> 558 | G58: ='Income Statement'!BP471 -> 538 | H58: ='Income Statement'!BQ471 -> 548 | I58: ='Income Statement'!BR471 -> 525 | J58: ='Income Statement'!BS471 -> 471 | K58: ='Income Statement'!BU471 -> 520 | L58: ='Income Statement'!BV471 -> 597 | M58: ='Income Statement'!BW471 -> 574 | N58: ='Income Statement'!BX471 -> 518 | O58: ='Income Statement'!BZ471 -> 541 | P58: ='Income Statement'!CA471 -> 568 | Q58: ='Income Statement'!CB471 -> 492 | R58: ='Income Statement'!CC471 -> 289 | S58: ='Income Statement'!CE471 -> 595 | T58: ='Income Statement'!CF471 -> 595 | U58: ='Income Statement'!CG471 -> 597 | V58: ='Income Statement'!CH471 -> 537 | W58: ='Income Statement'!CJ471 -> 611 | X58: ='Income Statement'!CK471 -> 647 | AB58: =SUMIFS($C58:Z58,$C$6:Z$6,"<="&AB$6,$C$6:Z$6,">"&DATE(YEAR($AB$6)-1,12,31)) -> 1190 | AC58: =SUMIFS($C58:Z58,$C$6:Z$6,"<="&AC$6,$C$6:Z$6,">"&DATE(YEAR($AC$6)-1,12,31)) -> 1258 | AD58: =AC58/AB58-1 -> 0.057142857 | AF58: =AI58-AB58 -> 1134 | AG58: =AJ58-AC58 -> 1263 | AH58: =AG58/AF58-1 -> 0.11375661 | AI58: =SUMIFS($AO58:$AZ58,$AO$5:$AZ$5,AI$6) -> 2324 | AJ58: =SUMIFS($AO58:$AZ58,$AO$5:$AZ$5,AJ$6) -> 2521 | AK58: =AJ58/AI58-1 -> 0.084767642 | AP58: ='Income Statement'!BT471 -> 2082 | AQ58: ='Income Statement'!BY471 -> 2209 | AR58: ='Income Statement'!CD471 -> 1890 | AS58: ='Income Statement'!CI471 -> 2324 | AT58: ='Income Statement'!CN471 -> 2521 | AU58: ='Income Statement'!CQ471 -> 2808.9733 | AV58: ='Income Statement'!CR471 -> 2936.5606 | AW58: ='Income Statement'!CS471 -> 3056.385 | AX58: ='Income Statement'!CT471 -> 3189.1619 | AY58: ='Income Statement'!CU471 -> 3336.7783 | BA58: =(AV58/AS58)^(1/3)-1 -> 0.081104353 | BB58: =(AY58/AS58)^(1/6)-1 -> 0.062140262 | BD58: 2508.1198 | BE58: 2705.9675 | BF58: 2867.0141 | BG58: 3017.6752 | BH58: 3155.6956 | BI58: 3284.9108 | BK58: =IFERROR(AT58/BD58-1,"") -> 0.0051354057 | BL58: =IFERROR(AU58/BE58-1,"") -> 0.038066165 | BM58: =IFERROR(AV58/BF58-1,"") -> 0.024257489 | BN58: =IFERROR(AW58/BG58-1,"") -> 0.012827693 | BO58: =IFERROR(AX58/BH58-1,"") -> 0.010605049 | BP58: =IFERROR(AY58/BI58-1,"") -> 0.015789623
B59: % change | G59: =G58/C58-1 -> -0.098827471 | H59: =H58/D58-1 -> -0.041958042 | I59: =I58/E58-1 -> -0.14215686 | J59: =J58/F58-1 -> -0.15591398 | K59: =K58/G58-1 -> -0.033457249 | L59: =L58/H58-1 -> 0.089416058 | M59: =M58/I58-1 -> 0.093333333 | N59: =N58/J58-1 -> 0.099787686 | ... X59: =X58/T58-1 -> 0.087394958 | AP59: =IFERROR(AP58/AO58-1,"") | AQ59: =IFERROR(AQ58/AP58-1,"") -> 0.060999039 | AR59: =IFERROR(AR58/AQ58-1,"") -> -0.14440923 | AS59: =IFERROR(AS58/AR58-1,"") -> 0.22962963 | AT59: =IFERROR(AT58/AS58-1,"") -> 0.084767642 | AU59: =IFERROR(AU58/AT58-1,"") -> 0.11422978 | AV59: =IFERROR(AV58/AU58-1,"") -> 0.045421349 | AW59: =IFERROR(AW58/AV58-1,"") -> 0.040804323 | ... AY59: =IFERROR(AY58/AX58-1,"") -> 0.046286894 | BD59: 0.079225382 | BE59: 0.078882867 | BF59: 0.059515348 | BG59: 0.052549836 | BH59: 0.045737337 | BI59: 0.040946663
B60: EBIT margin | C60: =C58/C$31 -> 0.25501922 | D60: =D58/D$31 -> 0.26592283 | E60: =E58/E$31 -> 0.27654767 | F60: =F58/F$31 -> 0.24679345 | G60: =G58/G$31 -> 0.24017857 | H60: =H58/H$31 -> 0.24098505 | I60: =I58/I$31 -> 0.23117569 | J60: =J58/J$31 -> 0.19177524 | ... X60: =X58/X$31 -> 0.25253708 | AB60: =AB58/AB$31 -> 0.22933128 | AC60: =AC58/AC$31 -> 0.24332689 | AF60: =AF58/AF$31 -> 0.21208154 | AG60: =AG58/AG$31 -> 0.23110704 | AP60: =AP58/AP$31 -> 0.22530029 | AQ60: =AQ58/AQ$31 -> 0.22566146 | AR60: =AR58/AR$31 -> 0.18565815 | AS60: =AS58/AS$31 -> 0.22057707 | AT60: =AT58/AT$31 -> 0.23704748 | AU60: =AU58/AU$31 -> 0.25663063 | AV60: =AV58/AV$31 -> 0.26179437 | AW60: =AW58/AW$31 -> 0.26596609 | ... AY60: =AY58/AY$31 -> 0.27662627 | BD60: 0.23305529 | BE60: 0.24433235 | BF60: 0.25249476 | BG60: 0.25900885 | BH60: 0.26418321 | BI60: 0.26841063
B62: Net interest | C62: ='Income Statement'!BK476 -> -102 | D62: ='Income Statement'!BL476 -> -103 | E62: ='Income Statement'!BM476 -> -99 | F62: ='Income Statement'!BN476 -> -101 | G62: ='Income Statement'!BP476 -> -109 | H62: ='Income Statement'!BQ476 -> -110 | I62: ='Income Statement'!BR476 -> -99 | J62: ='Income Statement'!BS476 -> -94 | K62: ='Income Statement'!BU476 -> -91 | L62: ='Income Statement'!BV476 -> -99 | M62: ='Income Statement'!BW476 -> -106 | N62: ='Income Statement'!BX476 -> -111 | O62: ='Income Statement'!BZ476 -> -112 | P62: ='Income Statement'!CA476 -> -115 | Q62: ='Income Statement'!CB476 -> -108 | R62: ='Income Statement'!CC476 -> -111 | S62: ='Income Statement'!CE476 -> -116 | T62: ='Income Statement'!CF476 -> -112 | U62: ='Income Statement'!CG476 -> -110 | V62: ='Income Statement'!CH476 -> -109 | W62: ='Income Statement'!CJ476 -> -111 | X62: ='Income Statement'!CK476 -> -110 | AB62: =SUMIFS($C62:Z62,$C$6:Z$6,"<="&AB$6,$C$6:Z$6,">"&DATE(YEAR($AB$6)-1,12,31)) -> -228 | AC62: =SUMIFS($C62:Z62,$C$6:Z$6,"<="&AC$6,$C$6:Z$6,">"&DATE(YEAR($AC$6)-1,12,31)) -> -221 | AD62: =AC62/AB62-1 -> -0.030701754 | AF62: =AI62-AB62 -> -219 | AG62: =AJ62-AC62 -> -211 | AH62: =AG62/AF62-1 -> -0.03652968 | AI62: =SUMIFS($AO62:$AZ62,$AO$5:$AZ$5,AI$6) -> -447 | AJ62: =SUMIFS($AO62:$AZ62,$AO$5:$AZ$5,AJ$6) -> -432 | AK62: =AJ62/AI62-1 -> -0.033557047 | AP62: ='Income Statement'!BT476 -> -412 | AQ62: ='Income Statement'!BY476 -> -407 | AR62: ='Income Statement'!CD476 -> -446 | AS62: ='Income Statement'!CI476 -> -447 | AT62: ='Income Statement'!CN476 -> -432 | AU62: ='Income Statement'!CQ476 -> -432.24729 | AV62: ='Income Statement'!CR476 -> -404.22958 | AW62: ='Income Statement'!CS476 -> -371.27954 | AX62: ='Income Statement'!CT476 -> -338.41562 | AY62: ='Income Statement'!CU476 -> -305.78953 | BA62: =(AV62/AS62)^(1/3)-1 -> -0.032969465 | BB62: =(AY62/AS62)^(1/6)-1 -> -0.061316506 | BD62: -450.45595 | BE62: -427.05929 | BF62: -407.26238 | BG62: -390.31527 | BH62: -375.11379 | BI62: -361.21324 | BK62: =IFERROR(AT62/BD62-1,"") -> -0.040971716 | BL62: =IFERROR(AU62/BE62-1,"") -> 0.012148204 | BM62: =IFERROR(AV62/BF62-1,"") -> -0.0074467969 | BN62: =IFERROR(AW62/BG62-1,"") -> -0.048770147 | BO62: =IFERROR(AX62/BH62-1,"") -> -0.097832099 | BP62: =IFERROR(AY62/BI62-1,"") -> -0.15343765
B64: Earnings before tax | C64: ='Income Statement'!BK479 -> 477 | D64: ='Income Statement'!BL479 -> 450 | E64: ='Income Statement'!BM479 -> 489 | F64: ='Income Statement'!BN479 -> 431 | G64: ='Income Statement'!BP479 -> 453 | H64: ='Income Statement'!BQ479 -> 484 | I64: ='Income Statement'!BR479 -> 441 | J64: ='Income Statement'!BS479 -> 384 | K64: ='Income Statement'!BU479 -> 429 | L64: ='Income Statement'!BV479 -> 498 | M64: ='Income Statement'!BW479 -> 468 | N64: ='Income Statement'!BX479 -> 407 | O64: ='Income Statement'!BZ479 -> 429 | P64: ='Income Statement'!CA479 -> 453 | Q64: ='Income Statement'!CB479 -> 384 | R64: ='Income Statement'!CC479 -> 178 | S64: ='Income Statement'!CE479 -> 479 | T64: ='Income Statement'!CF479 -> 483 | U64: ='Income Statement'!CG479 -> 487 | V64: ='Income Statement'!CH479 -> 428 | W64: ='Income Statement'!CJ479 -> 500 | X64: ='Income Statement'!CK479 -> 537 | AB64: =SUMIFS($C64:Z64,$C$6:Z$6,"<="&AB$6,$C$6:Z$6,">"&DATE(YEAR($AB$6)-1,12,31)) -> 962 | AC64: =SUMIFS($C64:Z64,$C$6:Z$6,"<="&AC$6,$C$6:Z$6,">"&DATE(YEAR($AC$6)-1,12,31)) -> 1037 | AD64: =AC64/AB64-1 -> 0.077962578 | AF64: =AI64-AB64 -> 915 | AG64: =AJ64-AC64 -> 1052 | AH64: =AG64/AF64-1 -> 0.14972678 | AI64: =SUMIFS($AO64:$AZ64,$AO$5:$AZ$5,AI$6) -> 1877 | AJ64: =SUMIFS($AO64:$AZ64,$AO$5:$AZ$5,AJ$6) -> 2089 | AK64: =AJ64/AI64-1 -> 0.11294619 | AP64: ='Income Statement'!BT479 -> 1670 | AQ64: ='Income Statement'!BY479 -> 1802 | AR64: ='Income Statement'!CD479 -> 1444 | AS64: ='Income Statement'!CI479 -> 1877 | AT64: ='Income Statement'!CN479 -> 2089 | AU64: ='Income Statement'!CQ479 -> 2376.726 | AV64: ='Income Statement'!CR479 -> 2532.3311 | AW64: ='Income Statement'!CS479 -> 2685.1055 | AX64: ='Income Statement'!CT479 -> 2850.7463 | AY64: ='Income Statement'!CU479 -> 3030.9888 | BA64: =(AV64/AS64)^(1/3)-1 -> 0.10497403 | BB64: =(AY64/AS64)^(1/6)-1 -> 0.083145192 | BD64: 2057.6638 | BE64: 2278.9082 | BF64: 2459.7517 | BG64: 2627.3599 | BH64: 2780.5818 | BI64: 2923.6976 | BK64: =IFERROR(AT64/BD64-1,"") -> 0.015229002 | BL64: =IFERROR(AU64/BE64-1,"") -> 0.042923099 | BM64: =IFERROR(AV64/BF64-1,"") -> 0.029506785 | BN64: =IFERROR(AW64/BG64-1,"") -> 0.021978544 | BO64: =IFERROR(AX64/BH64-1,"") -> 0.025233739 | BP64: =IFERROR(AY64/BI64-1,"") -> 0.036697096
